Workbook
Name \a: '[1]Com-98'!$A$47
Name ________________RED3: "Check Box 8"
Name ________________WT1: #REF!
Name ________________WT1: #REF!
Name ________________WT1: #REF!
Name ________________WT1: #REF!
Name ________________WT5: #REF!
Name ________________WT5: #REF!
Name ________________WT5: #REF!
Name ________________WT5: #REF!
Name ________________WT6: #REF!
Name ________________WT6: #REF!
Name ________________WT6: #REF!
Name ________________WT6: #REF!
Name ________________WT7: #REF!
Name ________________WT7: #REF!
Name ________________WT7: #REF!
Name ________________WT7: #REF!
Name _______________RED3: "Check Box 8"
Name _______________WT1: #REF!
Name _______________WT1: #REF!
Name _______________WT1: #REF!
Name _______________WT1: #REF!
Name _______________WT5: #REF!
Name _______________WT5: #REF!
Name _______________WT5: #REF!
Name _______________WT5: #REF!
Name _______________WT6: #REF!
Name _______________WT6: #REF!
Name _______________WT6: #REF!
Name _______________WT6: #REF!
Name _______________WT7: #REF!
Name _______________WT7: #REF!
Name _______________WT7: #REF!
Name _______________WT7: #REF!
Name ______________RED3: "Check Box 8"
Name ______________WT1: #REF!
Name ______________WT1: #REF!
Name ______________WT1: #REF!
Name ______________WT1: #REF!
Name ______________WT5: #REF!
Name ______________WT5: #REF!
Name ______________WT5: #REF!
Name ______________WT5: #REF!
Name ______________WT6: #REF!
Name ______________WT6: #REF!
Name ______________WT6: #REF!
Name ______________WT6: #REF!
Name ______________WT7: #REF!
Name ______________WT7: #REF!
Name ______________WT7: #REF!
Name ______________WT7: #REF!
Name _____________RED3: "Check Box 8"
Name _____________WT1: #REF!
Name _____________WT1: #REF!
Name _____________WT1: #REF!
Name _____________WT1: #REF!
Name _____________WT5: #REF!
Name _____________WT5: #REF!
Name _____________WT5: #REF!

Sheet MENU
B1: MENU
A2: C.1.1 | B2: Gross Domestic Product at Current Basic Prices - Annual
A4: C1.2 | B4: Gross Domestic Product at 2010 Constant Basic Prices - Annual
A6: C.1.3 | B6: Implicit Price Deflator - Annual
A8: C.1.4 | B8: Gross Domestic Product at Current Basic Price - Quarterly
A10: C.1.5 | B10: Gross Domestic Product at 2010 Constant Basic Price - Quarterly
A12: C.1.6 | B12: Implicit Price Deflator - Quarterly
A14: C.1.7 | B14: Gross Domestic Product by Expenditure and Income at Current Purchasers' Prices - Annual
A16: C.1.8 | B16: Gross Domestic Product by Expenditure and Income at 2010 Constant Purchasers' Prices - Annual
A18: C.1.9 | B18: Gross Domestic Product by Expenditure and Income at Current Purchasers' Prices - Quarterly
A20: C.1.10 | B20: Gross Domestic Product by Expenditure and Income at 2010 Constant Purchasers' Prices - Quarterly
A22: C.1.11 | B22: Rebased Series - Gross Domestic Product at Current Basic Prices - Annual
A24: C.1.12 | B24: Gross Domestic Product at 2019 Constant Basic Prices - Annual
... A60: C.5.1 | B60: Monthly Rainfall Statistics in Some Nigerian Towns

Sheet C1.1
A1: Return to Menu
A2: Table C.1.1: Old Series - Gross Domestic Product at Current Basic Prices - Annual (₦' Billion)
A3: Activity Sector | B3: 1981 | C3: 1982 | D3: 1983 | E3: 1984 | F3: 1985 | G3: 1986 | H3: 1987 | I3: 1988 | J3: 1989 | K3: 1990 | L3: 1991 | M3: 1992 | N3: 1993 | O3: 1994 | P3: 1995 | Q3: 1996 | R3: 1997 | S3: 1998 | T3: 1999 | U3: 2000 | V3: 2001 | W3: 2002 | X3: 2003 | Y3: 2004 | Z3: 2005 | AA3: 2006 | AB3: 2007 | AC3: 2008 | AD3: 2009 | AE3: 2010 | AF3: 2011 | AG3: 2012 | AH3: 2013 | AI3: 2014 | AJ3: 2015 | AK3: 2016 | AL3: 2017 | AM3: 2018 | AN3: 2019 | AO3: 2020 1 | AP3: 2021 1 | AQ3: 2022 1 | AR3: 2023 1 | AS3: 2024 1
A4: A. AGRICULTURE | B4: 17.052176 | C4: 20.125924 | D4: 23.797816 | E4: 30.365185 | F4: 34.237087 | G4: 35.702635 | H4: 50.286938 | I4: 73.764506 | J4: 88.264126 | K4: 106.62669 | L4: 123.23565 | M4: 184.11565 | N4: 295.32459 | O4: 445.27289 | P4: 790.14162 | Q4: 1070.5147 | R4: 1211.462 | S4: 1341.0409 | T4: 1426.9738 | U4: 1508.4088 | V4: 2015.4215 | W4: 4251.5206 | X4: 4585.9257 | Y4: 4935.2638 | Z4: 6032.3324 | AA4: 7513.2978 | AB4: 8551.9814 | AC4: 10100.325 | AD4: 11625.442 | AE4: 13048.893 | AF4: 14037.826 | AG4: 15815.998 | AH4: 16816.553 | AI4: 18018.613 | AJ4: 19636.969 | AK4: 21523.512 | AL4: 23952.554 | AM4: 27371.296 | AN4: 31904.141 | AO4: 37241.609 | AP4: 41126.058 | AQ4: 47944.063 | AR4: 53273.144 | AS4: 56478.981
A5: 1. Crop Production | B5: 12.817213 | C5: 14.324074 | D5: 16.351856 | E5: 21.497546 | F5: 25.066494 | G5: 25.972389 | H5: 39.658652 | I5: 61.848642 | J5: 71.883917 | K5: 86.926202 | L5: 101.64581 | M5: 153.37979 | N5: 249.19593 | O5: 377.30829 | P5: 670.17759 | Q5: 906.89416 | R5: 1026.2915 | S5: 1133.3891 | T5: 1204.7049 | U5: 1270.6288 | V5: 1699.6866 | W5: 3875.4579 | X5: 4161.5655 | Y5: 4419.0624 | Z5: 5372.2039 | AA5: 6723.2165 | AB5: 7654.2202 | AC5: 9039.634 | AD5: 10419.603 | AE5: 11683.896 | AF5: 12484.849 | AG5: 14071.235 | AH5: 14862.325 | AI5: 15812.571 | AJ5: 17189.973 | AK5: 18883.081 | AL5: 21096.105 | AM5: 24207.798 | AN5: 28296.927 | AO5: 33177.538 | AP5: 36349.407 | AQ5: 42677.333 | AR5: 47779.285 | AS5: 50867.623
A6: 2. Livestock | B6: 2.525025 | C6: 3.9626891 | D6: 5.1931508 | E6: 6.6198082 | F6: 7.1626085 | G6: 7.3894126 | H6: 8.3737938 | I6: 8.8898912 | J6: 11.79099 | K6: 14.145871 | L6: 15.57605 | M6: 23.027478 | N6: 36.575989 | O6: 54.304408 | P6: 97.202287 | Q6: 130.40784 | R6: 145.02953 | S6: 158.31425 | T6: 164.37429 | U6: 172.19034 | V6: 228.55788 | W6: 271.02611 | X6: 299.22445 | Y6: 360.80297 | Z6: 463.42003 | AA6: 560.24606 | AB6: 642.27642 | AC6: 758.83977 | AD6: 863.40242 | AE6: 979.56405 | AF6: 1115.6019 | AG6: 1251.9314 | AH6: 1399.4847 | AI6: 1573.0526 | AJ6: 1748.025 | AK6: 1875.7834 | AL6: 1974.4478 | AM6: 2048.6022 | AN6: 2108.945 | AO6: 2121.3707 | AP6: 2249.3398 | AQ6: 2620.2933 | AR6: 2063.4184 | AS6: 2819.0986
A7: 3. Forestry | B7: 1.1595726 | C7: 1.1657296 | D7: 1.2653892 | E7: 1.379841 | F7: 1.467503 | G7: 1.5717585 | H7: 1.5897276 | I7: 1.8599732 | J7: 2.1746939 | K7: 2.3460769 | L7: 2.4366428 | M7: 2.9912822 | N7: 3.9664371 | O7: 5.9822478 | P7: 8.2536864 | Q7: 10.368676 | R7: 12.554396 | S7: 15.881381 | T7: 19.30558 | U7: 24.493947 | V7: 29.980408 | W7: 36.228665 | X7: 44.126955 | Y7: 56.394329 | Z7: 67.450365 | AA7: 80.196052 | AB7: 91.496009 | AC7: 108.10113 | AD7: 121.25466 | AE7: 135.7209 | AF7: 153.04531 | AG7: 170.15966 | AH7: 187.95018 | AI7: 207.73958 | AJ7: 222.82675 | AK7: 236.25498 | AL7: 257.20946 | AM7: 272.79064 | AN7: 285.87867 | AO7: 284.78982 | AP7: 296.95594 | AQ7: 348.83555 | AR7: 432.62163 | AS7: 460.43342
A8: 4. Fishing | B8: 0.55036525 | C8: 0.67343122 | D8: 0.98741912 | E8: 0.86799019 | F8: 0.54048132 | G8: 0.7690748 | H8: 0.66476471 | I8: 1.1659994 | J8: 2.4145248 | K8: 3.2085415 | L8: 3.5771459 | M8: 4.7171001 | N8: 5.5862317 | O8: 7.6779498 | P8: 14.508058 | Q8: 22.844046 | R8: 27.586545 | S8: 33.456215 | T8: 38.589018 | U8: 41.09574 | V8: 57.196609 | W8: 68.80796 | X8: 81.00874 | Y8: 99.004038 | Z8: 129.2581 | AA8: 149.63923 | AB8: 163.98881 | AC8: 193.75028 | AD8: 221.18195 | AE8: 249.71148 | AF8: 284.32942 | AG8: 322.67103 | AH8: 366.79323 | AI8: 425.25011 | AJ8: 476.14421 | AK8: 528.39266 | AL8: 624.79174 | AM8: 842.10503 | AN8: 1212.3902 | AO8: 1657.9104 | AP8: 2230.3559 | AQ8: 2297.6009 | AR8: 2335.49 | AS8: 2331.8263
A9: B. INDUSTRY | B9: 54.672532 | C9: 51.883548 | D9: 54.163087 | E9: 50.329983 | F9: 62.86052 | G9: 65.045385 | H9: 80.46774 | I9: 102.93752 | J9: 146.82676 | K9: 175.15494 | L9: 218.11892 | M9: 341.6601 | N9: 417.05949 | O9: 553.95701 | P9: 1132.8411 | Q9: 1530.0467 | R9: 1557.544 | S9: 1379.1971 | T9: 1609.8217 | U9: 2388.8345 | V9: 2328.4074 | W9: 2650.0305 | X9: 3525.1405 | Y9: 5145.4279 | Z9: 6520.736 | AA9: 7822.1053 | AB9: 8441.7607 | AC9: 9874.3834 | AD9: 9229.8063 | AE9: 13826.434 | AF9: 17853.114 | AG9: 19587.721 | AH9: 20853.845 | AI9: 22213.006 | AJ9: 19188.577 | AK9: 18641.166 | AL9: 25639.902 | AM9: 33218.33 | AN9: 39879.691 | AO9: 43530.784 | AP9: 55300.973 | AQ9: 62278.988 | AR9: 76386.305 | AS9: 82272.011
A10: 1. Mining and Quarrying | B10: 13.118938 | C10: 9.1272922 | D10: 7.995782 | E10: 9.8907671 | F10: 14.001762 | G10: 12.430615 | H10: 22.288526 | I10: 22.559984 | J10: 49.832973 | K10: 63.69415 | L10: 76.781208 | M10: 149.80772 | N10: 144.69376 | O10: 132.90463 | P10: 448.11303 | Q10: 675.58313 | R10: 624.63377 | S10: 433.20461 | T10: 600.46449 | U10: 1274.4814 | V10: 975.77777 | W10: 1051.2865 | X10: 1598.7354 | Y10: 2476.2334 | Z10: 3301.4335 | AA10: 4075.3526 | AB10: 4398.9552 | AC10: 5310.951 | AD10: 4343.0621 | AE10: 8454.5542 | AF10: 11098.978 | AG10: 11386.523 | AH10: 10380.972 | AI10: 9716.7608 | AJ10: 6100.0088 | AK10: 5469.5452 | AL10: 10481.973 | AM10: 13648.664 | AN10: 12769.424 | AO10: 10851.766 | AP10: 10737.582 | AQ10: 13648.265 | AR10: 14866.016 | AS10: 18487.948
A11: a. Crude Petroleum and Natural Gas | B11: 5.9199708 | C11: 4.931246 | D11: 4.2800337 | E11: 5.2350739 | F11: 6.5892246 | G11: 5.537112 | H11: 15.479605 | I11: 17.296377 | J11: 44.331318 | K11: 58.055867 | L11: 67.499314 | M11: 142.97877 | N11: 140.24564 | O11: 126.92229 | P11: 444.01691 | Q11: 670.73733 | R11: 619.22168 | S11: 426.7996 | T11: 593.43617 | U11: 1266.6683 | V11: 966.79364 | W11: 1041.9952 | X11: 1588.0858 | Y11: 2460.5526 | Z11: 3281.4677 | AA11: 4044.969 | AB11: 4363.6267 | AC11: 5270.0071 | AD11: 4297.0729 | AE11: 8402.6764 | AF11: 11039.408 | AG11: 11315.033 | AH11: 10296.327 | AI11: 9616.4895 | AJ11: 5990.4171 | AK11: 5367.3227 | AL11: 10355.946 | AM11: 13423.874 | AN11: 12400.426 | AO11: 10195.626 | AP11: 9636.0179 | AQ11: 11972.758 | AR11: 13106.152 | AS11: 17092.341
A12: b. Coal Mining | B12: 5.3253286 | C12: 2.5692375 | D12: 2.4290972 | E12: 3.5035056 | F12: 6.5398772 | G12: 6.5398772 | H12: 5.8858895 | I12: 4.2509202 | J12: 4.2042068 | K12: 4.2509202 | L12: 7.9879929 | M12: 5.5588956 | N12: 2.8962313 | O12: 4.0173531 | P12: 1.4481157 | Q12: 1.7751095 | R12: 1.9619632 | S12: 2.0086766 | T12: 2.1955302 | U12: 2.4758107 | V12: 2.2422436 | W12: 1.4481157 | X12: 1.4481157 | Y12: 1.6829461 | Z12: 1.550909 | AA12: 1.4193443 | AB12: 1.8581643 | AC12: 2.4343833 | AD12: 2.779882 | AE12: 3.2182308 | AF12: 3.8843802 | AG12: 4.5995446 | AH12: 5.5353307 | AI12: 6.9273527 | AJ12: 7.9834029 | AK12: 8.4943274 | AL12: 9.4352272 | AM12: 9.7821024 | AN12: 12.907644 | AO12: 11.480344 | AP12: 16.335077 | AQ12: 22.199625 | AR12: 24.952915 | AS12: 9.2902802
A13: c. Metal Ores | B13: 0.99685246 | C13: 0.76449434 | D13: 0.62363475 | E13: 0.56885602 | F13: 0.44725929 | G13: 0.11076138 | H13: 0.64530546 | I13: 0.69767633 | J13: 0.7115215 | K13: 0.72596864 | L13: 0.54899121 | M13: 0.34131361 | N13: 0.33288612 | O13: 0.39549038 | P13: 0.55260299 | Q13: 0.63206225 | R13: 0.59594441 | S13: 0.61460529 | T13: 0.64831528 | U13: 0.69406455 | V13: 0.67058795 | W13: 0.69286062 | X13: 0.68744294 | Y13: 0.7850262 | Z13: 0.89671188 | AA13: 1.3370908 | AB13: 1.62165 | AC13: 1.8657961 | AD13: 2.0874995 | AE13: 2.3548433 | AF13: 2.7137363 | AG13: 2.9040495 | AH13: 3.3499792 | AI13: 4.0794233 | AJ13: 4.4615161 | AK13: 5.7427334 | AL13: 7.9331958 | AM13: 10.904019 | AN13: 11.143366 | AO13: 11.558653 | AP13: 17.55764 | AQ13: 23.665706 | AR13: 44.220747 | AS13: 103.5142
A14: d. Quarrying and Other Minerals | B14: 0.87678601 | C14: 0.86231445 | D14: 0.66301634 | E14: 0.58333155 | F14: 0.42540103 | G14: 0.2428648 | H14: 0.27772626 | I14: 0.31500978 | J14: 0.58592589 | K14: 0.66139488 | L14: 0.74491037 | M14: 0.92874377 | N14: 1.219006 | O14: 1.5694954 | P14: 2.0954069 | Q14: 2.43862 | R14: 2.8541808 | S14: 3.7817287 | T14: 4.1844799 | U14: 4.6432223 | V14: 6.0712957 | W14: 7.1503085 | X14: 8.5140301 | Y14: 13.212823 | Z14: 17.518237 | AA14: 27.627152 | AB14: 31.848646 | AC14: 36.643642 | AD14: 41.121838 | AE14: 46.304721 | AF14: 52.971219 | AG14: 63.9858 | AH14: 75.759124 | AI14: 89.26452 | AJ14: 97.146834 | AK14: 87.98544 | AL14: 108.65794 | AM14: 204.10437 | AN14: 344.94711 | AO14: 633.10153 | AP14: 1067.6715 | AQ14: 1629.6414 | AR14: 1690.6906 | AS14: 1282.8026
A15: 2. Manufacturing | B15: 28.229474 | C15: 30.305467 | D15: 33.493514 | E15: 29.416495 | F15: 39.546801 | G15: 41.625673 | H15: 45.95954 | I15: 66.341211 | J15: 76.143696 | K15: 87.960482 | L15: 115.02971 | M15: 159.95488 | N15: 231.02159 | O15: 370.15641 | P15: 619.85219 | Q15: 780.48259 | R15: 848.32719 | S15: 838.52699 | T15: 891.28658 | U15: 984.08139 | V15: 1146.6829 | W15: 1358.5298 | X15: 1635.0533 | Y15: 1968.5575 | Z15: 2326.3115 | AA15: 2689.0759 | AB15: 2913.2577 | AC15: 3263.8248 | AD15: 3406.6882 | AE15: 3578.6417 | AF15: 4527.4451 | AG15: 5588.8217 | AH15: 7233.3225 | AI15: 8685.43 | AJ15: 8973.7732 | AK15: 8903.2363 | AL15: 10044.485 | AM15: 12455.528 | AN15: 16781.064 | AO15: 19539.55 | AP15: 25725.869 | AQ15: 27508.517 | AR15: 28442.905 | AS15: 37486.126
... A62: GDP at Current Market Prices | B62: 139.3105 | C62: 149.05122 | D62: 158.75018 | E62: 165.8542 | F62: 187.83061 | G62: 198.12316 | H62: 244.68021 | I62: 315.61533 | J62: 414.86086 | K62: 494.64367 | L62: 590.05974 | M62: 906.02929 | N62: 1257.1749 | O62: 1768.7915 | P62: 3100.2351 | Q62: 4086.0652 | R62: 4418.7087 | S62: 4805.1564 | T62: 5482.3543 | U62: 7062.7511 | V62: 8234.4937 | W62: 11501.45 | X62: 13556.974 | Y62: 18124.06 | Z62: 23121.879 | AA62: 30375.179 | AB62: 34675.944 | AC62: 39954.212 | AD62: 43461.459 | AE62: 55469.35 | AF62: 63713.359 | AG62: 72599.63 | AH62: 81009.965 | AI62: 90136.985 | AJ62: 95177.736 | AK62: 102575.42 | AL62: 114899.25 | AM62: 129086.91 | AN62: 145639.14 | AO62: 154252.32 | AP62: 176075.5 | AQ62: 202365.03 | AR62: 234425.91 | AS62: 277493.78
A63: Source: National Bureau of Statistics
A64: Note 1Provisional

Sheet C1.2
A1: Return to Menu
A2: Table C.1.2: Gross Domestic Product at 2010 Constant Basic Prices - Annual (₦' Billion)
A3: Activity Sector | B3: 1981 | C3: 1982 | D3: 1983 | E3: 1984 | F3: 1985 | G3: 1986 | H3: 1987 | I3: 1988 | J3: 1989 | K3: 1990 | L3: 1991 | M3: 1992 | N3: 1993 | O3: 1994 | P3: 1995 | Q3: 1996 | R3: 1997 | S3: 1998 | T3: 1999 | U3: 2000 | V3: 2001 | W3: 2002 | X3: 2003 | Y3: 2004 | Z3: 2005 | AA3: 2006 | AB3: 2007 | AC3: 2008 | AD3: 2009 | AE3: 2010 | AF3: 2011 | AG3: 2012 | AH3: 2013 | AI3: 2014 | AJ3: 2015 | AK3: 2016 | AL3: 2017 | AM3: 2018 | AN3: 2019 | AO3: 2020 1 | AP3: 2021 1 | AQ3: 2022 1 | AR3: 2023 1 | AS3: 2024 1
A4: A. AGRICULTURE | B4: 2364.3731 | C4: 2425.9609 | D4: 2409.0819 | E4: 2303.5054 | F4: 2731.0625 | G4: 2986.8354 | H4: 2891.6723 | I4: 3174.5676 | J4: 3325.9471 | K4: 3464.7163 | L4: 3590.8374 | M4: 3674.7928 | N4: 3743.6658 | O4: 3839.6754 | P4: 3977.3819 | Q4: 4133.5482 | R4: 4305.6796 | S4: 4475.2414 | T4: 4703.6437 | U4: 4840.9712 | V4: 5024.5421 | W4: 7817.0845 | X4: 8364.8321 | Y4: 8888.5734 | Z4: 9516.9915 | AA4: 10222.475 | AB4: 10958.469 | AC4: 11645.371 | AD4: 12330.326 | AE4: 13048.893 | AF4: 13429.379 | AG4: 14329.706 | AH4: 14750.523 | AI4: 15380.389 | AJ4: 15952.22 | AK4: 16607.337 | AL4: 17179.495 | AM4: 17544.148 | AN4: 17958.584 | AO4: 18348.176 | AP4: 18738.414 | AQ4: 19091.073 | AR4: 19306.49 | AS4: 19535.879
A5: 1. Crop Production | B5: 1854.7644 | C5: 1897.0789 | D5: 1842.7043 | E5: 1759.1152 | F5: 2180.9077 | G5: 2427.1007 | H5: 2329.9958 | I5: 2581.5951 | J5: 2710.6748 | K5: 2828.5896 | L5: 2955.8759 | M5: 3044.5522 | N5: 3132.8437 | O5: 3226.8296 | P5: 3336.5414 | Q5: 3462.996 | R5: 3611.9053 | S5: 3752.7696 | T5: 3949.4152 | U5: 4067.8976 | V5: 4222.4774 | W5: 6977.8788 | X5: 7493.0242 | Y5: 7956.6551 | Z5: 8524.1469 | AA5: 9162.6503 | AB5: 9826.7691 | AC5: 10437.994 | AD5: 11046.156 | AE5: 11683.896 | AF5: 12017.192 | AG5: 12919.542 | AH5: 13247.802 | AI5: 13793.45 | AJ5: 14274.937 | AK5: 14894.448 | AL5: 15437.05 | AM5: 15786.438 | AN5: 16181.993 | AO5: 16544.521 | AP5: 16920.524 | AQ5: 17260.752 | AR5: 17585.429 | AS5: 17865.59
A6: 2. Livestock | B6: 341.4115 | C6: 361.1157 | D6: 393.13101 | E6: 399.68538 | F6: 428.10285 | G6: 421.62797 | H6: 433.43352 | I6: 444.26994 | J6: 453.15559 | K6: 462.21899 | L6: 454.82321 | M6: 458.91679 | N6: 461.67056 | O6: 466.28756 | P6: 485.87207 | Q6: 499.96245 | R6: 512.46113 | S6: 526.29784 | T6: 541.03401 | U6: 553.47821 | V6: 570.08286 | W6: 597.49838 | X6: 622.55931 | Y6: 663.02591 | Z6: 707.87101 | AA6: 756.73419 | AB6: 809.16494 | AC6: 864.18816 | AD6: 920.19922 | AE6: 979.56405 | AF6: 999.40404 | AG6: 972.76279 | AH6: 1030.9373 | AI6: 1086.847 | AJ6: 1151.3234 | AK6: 1185.1184 | AL6: 1204.2052 | AM6: 1208.128 | AN6: 1210.0554 | AO6: 1233.1148 | AP6: 1240.2154 | AQ6: 1247.7194 | AR6: 1140.2358 | AS6: 1087.3139
A7: 3. Forestry | B7: 77.897986 | C7: 73.91025 | D7: 75.282779 | E7: 76.694141 | F7: 78.082446 | G7: 86.594916 | H7: 87.594277 | I7: 88.907948 | J7: 67.307306 | K7: 72.613568 | L7: 74.791896 | M7: 76.512108 | N7: 78.042399 | O7: 80.07146 | P7: 81.832932 | Q7: 82.2419 | R7: 82.982167 | S7: 83.977888 | T7: 85.070086 | U7: 86.346137 | V7: 88.072904 | W7: 88.690223 | X7: 90.021497 | Y7: 95.873021 | Z7: 101.5468 | AA7: 107.65807 | AB7: 114.24934 | AC7: 121.21855 | AD7: 128.31312 | AE7: 135.7209 | AF7: 142.45938 | AG7: 146.09408 | AH7: 154.31417 | AI7: 161.3382 | AJ7: 167.25841 | AK7: 171.64265 | AL7: 177.32697 | AM7: 182.74793 | AN7: 187.47487 | AO7: 190.50805 | AP7: 193.22432 | AQ7: 196.35719 | AR7: 199.82663 | AS7: 204.67885
A8: 4. Fishing | B8: 90.299226 | C8: 93.856084 | D8: 97.963819 | E8: 68.010739 | F8: 43.969459 | G8: 51.511833 | H8: 40.648692 | I8: 59.794672 | J8: 94.809388 | K8: 101.29412 | L8: 105.34641 | M8: 94.811773 | N8: 71.109128 | O8: 66.486882 | P8: 73.135571 | Q8: 88.347903 | R8: 98.331071 | S8: 112.19602 | T8: 128.12437 | U8: 133.2492 | V8: 143.90893 | W8: 153.0171 | X8: 159.2271 | Y8: 173.0194 | Z8: 183.42685 | AA8: 195.43246 | AB8: 208.28576 | AC8: 221.97014 | AD8: 235.65762 | AE8: 249.71148 | AF8: 270.32335 | AG8: 291.30671 | AH8: 317.46991 | AI8: 338.75412 | AJ8: 358.70161 | AK8: 356.12842 | AL8: 360.91336 | AM8: 366.83408 | AN8: 379.06048 | AO8: 380.03251 | AP8: 384.45087 | AQ8: 386.2438 | AR8: 380.99875 | AS8: 378.29605
A9: B. INDUSTRY | B9: 11753.403 | C9: 10189.096 | D9: 8255.7605 | E9: 8392.2459 | F9: 8768.2972 | G9: 8347.5343 | H9: 8799.3758 | I9: 9514.8051 | J9: 9442.8273 | K9: 11148.101 | L9: 10910.564 | M9: 11578.982 | N9: 10790.306 | O9: 10151.697 | P9: 9845.9737 | Q9: 10402.188 | R9: 10599.699 | S9: 10641.264 | T9: 10201.812 | U9: 10962.843 | V9: 11576.315 | W9: 11725.425 | X9: 13151.226 | Y9: 13382.862 | Z9: 13609.76 | AA9: 13342.47 | AB9: 13085.267 | AC9: 12817.786 | AD9: 13138.946 | AE9: 13826.434 | AF9: 14986.622 | AG9: 15350.452 | AH9: 15682.465 | AI9: 16742.153 | AJ9: 16366.657 | AK9: 14918.147 | AL9: 15238.28 | AM9: 15523.428 | AN9: 15882.346 | AO9: 14953.715 | AP9: 14883.774 | AQ9: 14195.583 | AR9: 14298.466 | AS9: 14648.105
A10: 1. Mining and Quarrying | B10: 5044.5534 | C10: 4507.9341 | D10: 4096.9925 | E10: 4602.2746 | F10: 4962.8116 | G10: 4860.7452 | H10: 4737.2294 | I10: 4856.7296 | J10: 5435.6683 | K10: 6860.853 | L10: 6265.2957 | M10: 6411.864 | N10: 6415.3831 | O10: 6246.6722 | P10: 6393.0531 | Q10: 6850.3721 | R10: 6952.0856 | S10: 7103.3848 | T10: 6572.8941 | U10: 7302.9885 | V10: 7685.3722 | W10: 7247.857 | X10: 8975.8121 | Y10: 9275.1444 | Z10: 9323.7508 | AA10: 8907.4688 | AB10: 8508.8216 | AC10: 7989.1874 | AD10: 8030.0101 | AE10: 8454.5542 | AF10: 8658.0549 | AG10: 8244.3861 | AH10: 7188.1515 | AI10: 7107.0296 | AJ10: 6732.5076 | AK10: 5759.8167 | AL10: 6025.78 | AM10: 6092.4771 | AN10: 6362.6308 | AO10: 5819.3912 | AP10: 5366.1934 | AQ10: 4391.4247 | AR10: 4266.505 | AS10: 4473.2374
A11: a. Crude Petroleum and Natural Gas | B11: 4977.4167 | C11: 4453.0936 | D11: 4052.9777 | E11: 4559.1962 | F11: 4918.2725 | G11: 4825.4975 | H11: 4704.4234 | I11: 4828.6823 | J11: 5407.0095 | K11: 6831.7677 | L11: 6224.4521 | M11: 6381.2596 | N11: 6394.6026 | O11: 6229.4586 | P11: 6375.9706 | Q11: 6832.8367 | R11: 6933.581 | S11: 7083.9876 | T11: 6552.6885 | U11: 7281.9439 | V11: 7662.9799 | W11: 7225.6782 | X11: 8952.6152 | Y11: 9248.0516 | Z11: 9294.0514 | AA11: 8874.6999 | AB11: 8471.9483 | AC11: 7947.7183 | AD11: 7983.628 | AE11: 8402.6764 | AF11: 8598.6366 | AG11: 8173.2558 | AH11: 7105.2834 | AI11: 7011.8148 | AJ11: 6629.9637 | AK11: 5672.207 | AL11: 5938.0477 | AM11: 5995.8751 | AN11: 6270.8592 | AO11: 5713.1959 | AP11: 5239.0544 | AQ11: 4231.9034 | AR11: 4138.1595 | AS11: 4367.2429
A12: b. Coal Mining | B12: 21.325684 | C12: 10.288707 | D12: 9.7275049 | E12: 14.030055 | F12: 26.189436 | G12: 26.189436 | H12: 21.512751 | I12: 15.526594 | J12: 15.339527 | K12: 15.526594 | L12: 27.498908 | M12: 17.397268 | N12: 6.9214939 | O12: 2.806011 | P12: 2.2448088 | Q12: 2.4318762 | R12: 2.6189436 | S12: 2.6189436 | T12: 2.806011 | U12: 2.9930784 | V12: 2.7299507 | W12: 1.7062192 | X12: 1.7062192 | Y12: 1.8768411 | Z12: 2.0645252 | AA12: 2.2709777 | AB12: 2.4979729 | AC12: 2.7173227 | AD12: 2.9578536 | AE12: 3.2182308 | AF12: 3.8746935 | AG12: 4.5766328 | AH12: 5.496764 | AI12: 6.5876954 | AJ12: 7.2720548 | AK12: 7.344651 | AL12: 7.2380044 | AM12: 6.8172272 | AN12: 7.7136321 | AO12: 6.1326912 | AP12: 7.711697 | AQ12: 8.1930194 | AR12: 7.2454705 | AS12: 2.4934158
A13: c. Metal Ores | B13: 7.8629668 | C13: 5.8709112 | D13: 4.8222558 | E13: 3.6839383 | F13: 2.670368 | G13: 0.62373559 | H13: 2.0739208 | I13: 2.3623985 | J13: 2.4091787 | K13: 2.1440911 | L13: 1.4735753 | M13: 0.87322983 | N13: 0.90831495 | O13: 1.0681472 | P13: 1.1383175 | Q13: 1.2396745 | R13: 1.1344191 | S13: 1.1422158 | T13: 1.1695042 | U13: 1.2045894 | V13: 1.1307147 | W13: 1.1360483 | X13: 1.0933798 | Y13: 1.212496 | Z13: 1.344658 | AA13: 1.5087905 | AB13: 1.6898649 | AC13: 1.8923084 | AD13: 2.1102071 | AE13: 2.3548433 | AF13: 2.7069689 | AG13: 2.8895836 | AH13: 3.3266386 | AI13: 3.8789393 | AJ13: 4.1609185 | AK13: 5.0237911 | AL13: 6.0971395 | AM13: 7.7029001 | AN13: 6.5952748 | AO13: 6.2095552 | AP13: 8.3324859 | AQ13: 9.6642834 | AR13: 14.527388 | AS13: 25.456839
A14: d. Quarrying and Other Minerals | B14: 37.948075 | C14: 38.68088 | D14: 29.465082 | E14: 25.364374 | F14: 15.679282 | G14: 8.4345213 | H14: 9.2193227 | I14: 10.158352 | J14: 10.910105 | K14: 11.414651 | L14: 11.871167 | M14: 12.333852 | N14: 12.950764 | O14: 13.33942 | P14: 13.699432 | Q14: 13.863796 | R14: 14.751269 | S14: 15.636098 | T14: 16.230097 | U14: 16.84701 | V14: 18.531668 | W14: 19.336556 | X14: 20.397323 | Y14: 24.003459 | Z14: 26.29023 | AA14: 28.989077 | AB14: 32.68546 | AC14: 36.859397 | AD14: 41.314096 | AE14: 46.304721 | AF14: 52.836612 | AG14: 63.664043 | AH14: 74.04472 | AI14: 84.748233 | AJ14: 91.110835 | AK14: 75.241299 | AL14: 74.397174 | AM14: 82.081898 | AN14: 77.462696 | AO14: 93.853104 | AP14: 111.09485 | AQ14: 141.66402 | AR14: 106.57264 | AS14: 78.044271
A15: 2. Manufacturing | B15: 5838.8944 | C15: 4984.7868 | D15: 3537.7226 | E15: 3282.5172 | F15: 3453.7168 | G15: 3137.5088 | H15: 3680.7137 | I15: 4237.7956 | J15: 3568.6866 | K15: 3825.609 | L15: 4165.392 | M15: 4667.7568 | N15: 3850.4106 | O15: 3364.5685 | P15: 2898.4743 | Q15: 2990.6887 | R15: 3051.9108 | S15: 2908.2138 | T15: 2975.6152 | U15: 2980.6517 | V15: 3050.5051 | W15: 3591.4021 | X15: 3203.242 | Y15: 3169.2111 | Z15: 3242.1968 | AA15: 3268.5501 | AB15: 3271.6545 | AC15: 3369.7125 | AD15: 3491.2935 | AE15: 3578.6417 | AF15: 4216.1913 | AG15: 4783.6594 | AH15: 5826.3584 | AI15: 6684.2177 | AJ15: 6586.6186 | AK15: 6302.2324 | AL15: 6288.8968 | AM15: 6420.5903 | AN15: 6469.8319 | AO15: 6291.5921 | AP15: 6502.2576 | AQ15: 6661.3918 | AR15: 6754.9593 | AS15: 6848.4613
... A62: GDP at 2010 Constant Market Prices | B62: 19748.534 | C62: 18404.965 | D62: 16394.391 | E62: 16211.491 | F62: 17170.081 | G62: 17180.545 | H62: 17730.344 | I62: 19030.692 | J62: 19395.964 | K62: 21680.205 | L62: 21757.896 | M62: 22765.546 | N62: 22302.24 | O62: 21897.472 | P62: 21881.56 | Q62: 22799.693 | R62: 23469.343 | S62: 24075.146 | T62: 24215.776 | U62: 25430.423 | V62: 26935.316 | W62: 31064.272 | X62: 33346.625 | Y62: 36431.374 | Z62: 38777.014 | AA62: 41126.679 | AB62: 43837.392 | AC62: 46802.76 | AD62: 50564.263 | AE62: 55469.35 | AF62: 58180.352 | AG62: 60670.05 | AH62: 63942.846 | AI62: 67977.459 | AJ62: 69780.693 | AK62: 68652.43 | AL62: 69205.691 | AM62: 70536.349 | AN62: 72094.094 | AO62: 70800.543 | AP62: 73382.771 | AQ62: 74752.417 | AR62: 77936.1 | AS62: 80606.533
A63: Source: National Bureau of Statistics
A64: Note 1Provisional

Sheet C1.3 
A1: Return to Menu
A2: Table C.1.3: Old Series - Implicit Price Deflator - Annual
A3: Activity Sector | B3: 1981 | C3: 1982 | D3: 1983 | E3: 1984 | F3: 1985 | G3: 1986 | H3: 1987 | I3: 1988 | J3: 1989 | K3: 1990 | L3: 1991 | M3: 1992 | N3: 1993 | O3: 1994 | P3: 1995 | Q3: 1996 | R3: 1997 | S3: 1998 | T3: 1999 | U3: 2000 | V3: 2001 | W3: 2002 | X3: 2003 | Y3: 2004 | Z3: 2005 | AA3: 2006 | AB3: 2007 | AC3: 2008 | AD3: 2009 | AE3: 2010 | AF3: 2011 | AG3: 2012 | AH3: 2013 | AI3: 2014 | AJ3: 2015 | AK3: 2016 | AL3: 2017 | AM3: 2018 | AN3: 2019 | AO3: 2020 1 | AP3: 2021 1 | AQ3: 2022 1 | AR3: 2023 1 | AS3: 2024 1
A4: A. AGRICULTURE | B4: 0.72121339 | C4: 0.82960628 | D4: 0.98783754 | E4: 1.3182163 | F4: 1.2536179 | G4: 1.1953332 | H4: 1.7390261 | I4: 2.323608 | J4: 2.6538043 | K4: 3.0775014 | L4: 3.4319472 | M4: 5.0102321 | N4: 7.8886471 | O4: 11.596628 | P4: 19.865872 | Q4: 25.898204 | R4: 28.13637 | S4: 29.965778 | T4: 30.337626 | U4: 31.159218 | V4: 40.111546 | W4: 54.387549 | X4: 54.823882 | Y4: 55.523688 | Z4: 63.384867 | AA4: 73.497835 | AB4: 78.039928 | AC4: 86.732533 | AD4: 94.283337 | AE4: 100 | AF4: 104.53072 | AG4: 110.3721 | AH4: 114.00648 | AI4: 117.15316 | AJ4: 123.09866 | AK4: 129.60243 | AL4: 139.42525 | AM4: 156.01382 | AN4: 177.65399 | AO4: 202.97172 | AP4: 219.47464 | AQ4: 251.1334 | AR4: 275.93386 | AS4: 289.10387
A5: 1. Crop Production | B5: 0.69104262 | C5: 0.75505949 | D5: 0.88738363 | E5: 1.2220659 | F5: 1.1493606 | G5: 1.0700994 | H5: 1.7020911 | I5: 2.395753 | J5: 2.6518827 | K5: 3.0731288 | L5: 3.4387711 | M5: 5.0378441 | N5: 7.9543044 | O5: 11.692848 | P5: 20.085997 | Q5: 26.188138 | R5: 28.414131 | S5: 30.201402 | T5: 30.503375 | U5: 31.235515 | V5: 40.253303 | W5: 55.539198 | X5: 55.539198 | Y5: 55.539198 | Z5: 63.023362 | AA5: 73.37633 | AB5: 77.891524 | AC5: 86.603172 | AD5: 94.32787 | AE5: 100 | AF5: 103.89157 | AG5: 108.91435 | AH5: 112.1871 | AI5: 114.63826 | AJ5: 120.42066 | AK5: 126.77933 | AL5: 136.65892 | AM5: 153.34554 | AN5: 174.86676 | AO5: 200.5349 | AP5: 214.82441 | AQ5: 247.25069 | AR5: 271.69814 | AS5: 284.724
A6: 2. Livestock | B6: 0.73958407 | C6: 1.0973461 | D6: 1.320972 | E6: 1.6562548 | F6: 1.6731046 | G6: 1.7525907 | H6: 1.9319673 | I6: 2.0010112 | J6: 2.6019739 | K6: 3.0604263 | L6: 3.4246383 | M6: 5.0177894 | N6: 7.9225302 | O6: 11.64612 | P6: 20.005737 | Q6: 26.083528 | R6: 28.300591 | S6: 30.080734 | T6: 30.381508 | U6: 31.110591 | V6: 40.092046 | W6: 45.36014 | X6: 48.063606 | Y6: 54.417628 | Z6: 65.466734 | AA6: 74.034722 | AB6: 79.375216 | AC6: 87.809554 | AD6: 93.827771 | AE6: 100 | AF6: 111.62672 | AG6: 128.69852 | AH6: 135.74877 | AI6: 144.73542 | AJ6: 151.82746 | AK6: 158.27813 | AL6: 163.96273 | AM6: 169.5683 | AN6: 174.285 | AO6: 172.03351 | AP6: 181.36619 | AQ6: 210.00635 | AR6: 180.96419 | AS6: 259.27183
A7: 3. Forestry | B7: 1.4885784 | C7: 1.5772233 | D7: 1.6808482 | E7: 1.7991479 | F7: 1.8794276 | G7: 1.8150702 | H7: 1.8148761 | I7: 2.0920213 | J7: 3.2309924 | K7: 3.2309071 | L7: 3.2578968 | M7: 3.909554 | N7: 5.0824131 | O7: 7.4711361 | P7: 10.086021 | Q7: 12.607535 | R7: 15.129029 | S7: 18.911384 | T7: 22.693736 | U7: 28.36716 | V7: 34.040444 | W7: 40.848545 | X7: 49.018242 | Y7: 58.821896 | Z7: 66.422937 | AA7: 74.491444 | AB7: 80.084494 | AC7: 89.178703 | AD7: 94.499033 | AE7: 100 | AF7: 107.43084 | AG7: 116.47266 | AH7: 121.7971 | AI7: 128.76032 | AJ7: 133.22305 | AK7: 137.64352 | AL7: 145.04813 | AM7: 149.27153 | AN7: 152.48906 | AO7: 149.48965 | AP7: 153.68799 | AQ7: 177.65583 | AR7: 216.49848 | AS7: 224.95408
A8: 4. Fishing | B8: 0.60949055 | C8: 0.71751472 | D8: 1.0079427 | E8: 1.2762546 | F8: 1.2292199 | G8: 1.4930061 | H8: 1.6353902 | I8: 1.9500056 | J8: 2.5467148 | K8: 3.1675494 | L8: 3.3956029 | M8: 4.9752262 | N8: 7.8558574 | O8: 11.548067 | P8: 19.837211 | Q8: 25.856919 | R8: 28.054759 | S8: 29.819431 | T8: 30.118406 | U8: 30.841265 | V8: 39.745003 | W8: 44.967496 | X8: 50.876227 | Y8: 57.22135 | Z8: 70.46847 | AA8: 76.568262 | AB8: 78.732608 | AC8: 87.28664 | AD8: 93.857332 | AE8: 100 | AF8: 105.18123 | AG8: 110.76677 | AH8: 115.53638 | AI8: 125.53356 | AJ8: 132.74103 | AK8: 148.37138 | AL8: 173.11405 | AM8: 229.56019 | AN8: 319.84083 | AO8: 436.2549 | AP8: 580.14199 | AQ8: 594.85744 | AR8: 612.99153 | AS8: 616.4025
A9: B. INDUSTRY | B9: 0.46516343 | C9: 0.5092066 | D9: 0.65606418 | E9: 0.59972008 | F9: 0.71690681 | G9: 0.77921675 | H9: 0.91447101 | I9: 1.0818668 | J9: 1.5549025 | K9: 1.571164 | L9: 1.9991534 | M9: 2.950692 | N9: 3.8651313 | O9: 5.4567924 | P9: 11.505628 | Q9: 14.708893 | R9: 14.694229 | S9: 12.96084 | T9: 15.779762 | U9: 21.790283 | V9: 20.113545 | W9: 22.600721 | X9: 26.804654 | Y9: 38.447889 | Z9: 47.912204 | AA9: 58.625617 | AB9: 64.513478 | AC9: 77.036575 | AD9: 70.247691 | AE9: 100 | AF9: 119.12701 | AG9: 127.60355 | AH9: 132.97556 | AI9: 132.67711 | AJ9: 117.24188 | AK9: 124.95631 | AL9: 168.25982 | AM9: 213.98837 | AN9: 251.09446 | AO9: 291.10347 | AP9: 371.55219 | AQ9: 438.7209 | AR9: 534.22728 | AS9: 561.65635
A10: 1. Mining and Quarrying | B10: 0.26006143 | C10: 0.20247173 | D10: 0.19516223 | E10: 0.21491041 | F10: 0.28213366 | G10: 0.25573477 | H10: 0.47049707 | I10: 0.46450978 | J10: 0.9167773 | K10: 0.92837072 | L10: 1.2255001 | M10: 2.3364145 | N10: 2.2554189 | O10: 2.1276069 | P10: 7.0093744 | Q10: 9.8619917 | R10: 8.9848401 | S10: 6.0985659 | T10: 9.1354658 | U10: 17.451505 | V10: 12.696558 | W10: 14.50479 | X10: 17.811596 | Y10: 26.697518 | Z10: 35.408856 | AA10: 45.752084 | AB10: 51.698759 | AC10: 66.476735 | AD10: 54.085387 | AE10: 100 | AF10: 128.19251 | AG10: 138.11244 | AH10: 144.41782 | AI10: 136.72042 | AJ10: 90.605302 | AK10: 94.960403 | AL10: 173.95213 | AM10: 224.02488 | AN10: 200.69409 | AO10: 186.47597 | AP10: 200.09694 | AQ10: 310.79344 | AR10: 348.43546 | AS10: 413.30129
A11: a. Crude Petroleum and Natural Gas | B11: 0.11893661 | C11: 0.11073753 | D11: 0.1056022 | E11: 0.11482449 | F11: 0.13397437 | G11: 0.11474697 | H11: 0.32904361 | I11: 0.35820078 | J11: 0.81988609 | K11: 0.84979275 | L11: 1.0844218 | M11: 2.2406041 | N11: 2.1931878 | O11: 2.037453 | P11: 6.9639109 | Q11: 9.8163817 | R11: 8.930763 | S11: 6.0248496 | T11: 9.0563769 | U11: 17.394645 | V11: 12.616419 | W11: 14.420725 | X11: 17.738792 | Y11: 26.606173 | Z11: 35.307182 | AA11: 45.578657 | AB11: 51.506768 | AC11: 66.308428 | AD11: 53.823561 | AE11: 100 | AF11: 128.38557 | AG11: 138.43973 | AH11: 144.91086 | AI11: 137.14694 | AJ11: 90.353692 | AK11: 94.624944 | AL11: 174.39985 | AM11: 223.88515 | AN11: 197.74684 | AO11: 178.45749 | AP11: 183.92682 | AQ11: 282.91667 | AR11: 316.71452 | AS11: 391.37601
A12: b. Coal Mining | B12: 24.971432 | C12: 24.971432 | D12: 24.971432 | E12: 24.971432 | F12: 24.971432 | G12: 24.971432 | H12: 27.360003 | I12: 27.378317 | J12: 27.407669 | K12: 27.378317 | L12: 29.0484 | M12: 31.952692 | N12: 41.844021 | O12: 143.16954 | P12: 64.509532 | Q12: 72.993415 | R12: 74.914295 | S12: 76.697968 | T12: 78.243819 | U12: 82.717867 | V12: 82.13495 | W12: 84.872781 | X12: 84.872781 | Y12: 89.669078 | Z12: 75.121825 | AA12: 62.49926 | AB12: 74.386886 | AC12: 89.587566 | AD12: 93.983082 | AE12: 100 | AF12: 100.25 | AG12: 100.50063 | AH12: 100.70163 | AI12: 105.15594 | AJ12: 109.78194 | AK12: 115.65325 | AL12: 130.35675 | AM12: 143.49093 | AN12: 167.33549 | AO12: 187.19913 | AP12: 211.8687 | AQ12: 270.96237 | AR12: 344.3933 | AS12: 372.5925
A13: c. Metal Ores | B13: 12.677816 | C13: 13.021732 | D13: 12.932428 | E13: 15.441519 | F13: 16.748976 | G13: 17.757746 | H13: 31.115241 | I13: 29.532541 | J13: 29.533778 | K13: 33.859039 | L13: 37.255727 | M13: 39.086344 | N13: 36.648755 | O13: 37.025831 | P13: 48.545596 | Q13: 50.986146 | R13: 52.533002 | S13: 53.808159 | T13: 55.435052 | U13: 57.618353 | V13: 59.306556 | W13: 60.98866 | X13: 62.873207 | Y13: 64.744645 | Z13: 66.686984 | AA13: 88.620044 | AB13: 95.963288 | AC13: 98.598947 | AD13: 98.923915 | AE13: 100 | AF13: 100.25 | AG13: 100.50063 | AH13: 100.70163 | AI13: 105.16853 | AJ13: 107.22431 | AK13: 114.31075 | AL13: 130.11341 | AM13: 141.55732 | AN13: 168.95985 | AO13: 186.14301 | AP13: 210.77599 | AQ13: 244.92245 | AR13: 304.39571 | AS13: 406.62629
A14: d. Quarrying and Other Minerals | B14: 2.3104887 | C14: 2.2293041 | D14: 2.2501764 | E14: 2.2998066 | F14: 2.713141 | G14: 2.8794141 | H14: 3.0124367 | I14: 3.1009929 | J14: 5.3704883 | K14: 5.7942626 | L14: 6.2749549 | M14: 7.5300385 | N14: 9.4126179 | O14: 11.765845 | P14: 15.295574 | Q14: 17.589844 | R14: 19.348714 | S14: 24.185885 | T14: 25.782223 | U14: 27.561106 | V14: 32.761733 | W14: 36.97819 | X14: 41.740919 | Y14: 55.045495 | Z14: 66.63402 | AA14: 95.301938 | AB14: 97.439797 | AC14: 99.414655 | AD14: 99.534643 | AE14: 100 | AF14: 100.25476 | AG14: 100.5054 | AH14: 102.31536 | AI14: 105.32906 | AJ14: 106.6249 | AK14: 116.93769 | AL14: 146.05117 | AM14: 248.65942 | AN14: 445.30739 | AO14: 674.56642 | AP14: 961.08692 | AQ14: 1150.3556 | AR14: 1586.4209 | AS14: 1643.6858
A15: 2. Manufacturing | B15: 0.48347294 | C15: 0.60795914 | D15: 0.94675355 | E15: 0.89615662 | F15: 1.1450505 | G15: 1.326711 | H15: 1.2486584 | I15: 1.5654651 | J15: 2.1336616 | K15: 2.2992544 | L15: 2.7615579 | M15: 3.426804 | N15: 5.999921 | O15: 11.001602 | P15: 21.385465 | Q15: 26.097086 | R15: 27.796592 | S15: 28.833058 | T15: 29.953018 | U15: 33.015645 | V15: 37.589935 | W15: 37.827283 | X15: 51.043701 | Y15: 62.115062 | Z15: 71.751089 | AA15: 82.271215 | AB15: 89.045396 | AC15: 96.857662 | AD15: 97.576675 | AE15: 100 | AF15: 107.38234 | AG15: 116.83151 | AH15: 124.14826 | AI15: 129.93936 | AJ15: 136.24249 | AK15: 141.27115 | AL15: 159.71776 | AM15: 193.9935 | AN15: 259.37404 | AO15: 310.56607 | AP15: 395.64503 | AQ15: 412.95454 | AR15: 421.06701 | AS15: 547.36567
... A58: Total GDP | B58: 0.7055368 | C58: 0.80997617 | D58: 0.96854732 | E58: 1.0232232 | F58: 1.0941376 | G58: 1.1534089 | H58: 1.3802428 | I58: 1.6587543 | J58: 2.1392871 | K58: 2.2819389 | L58: 2.7124434 | M58: 3.9806252 | N58: 5.6381686 | O58: 8.0790327 | P58: 14.17065 | Q58: 17.924345 | R58: 18.830327 | S58: 19.9612 | T58: 22.640868 | U58: 27.774125 | V58: 30.571784 | W58: 37.025817 | X58: 40.654736 | Y58: 49.749048 | Z58: 59.629011 | AA58: 73.860549 | AB58: 79.101007 | AC58: 85.367908 | AD58: 85.952195 | AE58: 100 | AF58: 109.5101 | AG58: 119.66305 | AH58: 126.69121 | AI58: 132.59854 | AJ58: 136.39467 | AK58: 149.40033 | AL58: 166.02425 | AM58: 183.0042 | AN58: 202.00992 | AO58: 217.56115 | AP58: 239.70005 | AQ58: 267.06519 | AR58: 299.81498 | AS58: 339.62974
A59: Source: National Bureau of Statistics
A60: Note 1Provisional

Sheet C1.4
A1: Return to Menu
A2: Table C.1.4:Old Series - Gross Domestic Product at Current Basic Prices - Quarterly (₦' Billion)
A3: Activity Sector | B3: 2010 | F3: 2011 | G3: 2011 | J3: 2012 | L3: 2012 | N3: 2013 | Q3: 2013 | R3: 2014 | V3: 2015 | Z3: 2016 | AA3: 2016 | AD3: 2017 | AF3: 2017 | AH3: 2018 | AK3: 2018 | AL3: 2019 | AP3: 2020 1 | AT3: 2021 1 | AU3: 2021 1 | AX3: 2022 1 | AY3: 2022 1 | BB3: 2023 1 | BC3: 2022 1 | BF3: 2024 1 | BG3: 2022 1
B4: Q1 | C4: Q2 | D4: Q3 | E4: Q4 | F4: Q1 | G4: Q2 | H4: Q3 | I4: Q4 | J4: Q1 | K4: Q2 | L4: Q3 | M4: Q4 | N4: Q1 | O4: Q2 | P4: Q3 | Q4: Q4 | R4: Q1 | S4: Q2 | T4: Q3 | U4: Q4 | V4: Q1 | W4: Q2 | X4: Q3 | Y4: Q4 | Z4: Q1 | AA4: Q2 | AB4: Q3 | AC4: Q4 | AD4: Q1 | AE4: Q2 | AF4: Q3 | AG4: Q4 | AH4: Q1 | AI4: Q2 | AJ4: Q3 | AK4: Q4 | AL4: Q1 | AM4: Q2 | AN4: Q3 | AO4: Q4 | AP4: Q1 | AQ4: Q2 | AR4: Q3 | AS4: Q4 | AT4: Q1 | AU4: Q2 | AV4: Q3 | AW4: Q4 | AX4: Q1 | AY4: Q2 | AZ4: Q3 | BA4: Q4 | BB4: Q1 | BC4: Q2 | BD4: Q3 | BE4: Q4 | BF4: Q1 2024 1 | BG4: Q2 2024 1 | BH4: Q3 2024 1 | BI4: Q4 2024 1
A5: A. AGRICULTURE | B5: 2594.7599 | C5: 2873.3776 | D5: 4000.0286 | E5: 3580.7267 | F5: 2768.4657 | G5: 3000.7004 | H5: 4283.2579 | I5: 3985.4018 | J5: 3107.5078 | K5: 3309.8636 | L5: 4676.896 | M5: 4721.7301 | N5: 3286.1133 | O5: 3511.1308 | P5: 4992.2047 | Q5: 5027.1042 | R5: 3479.9645 | S5: 3745.2748 | T5: 5450.7511 | U5: 5342.6226 | V5: 3738.8602 | W5: 4088.6425 | X5: 5959.4679 | Y5: 5849.9984 | Z5: 4267.8911 | AA5: 4629.8591 | AB5: 6398.4627 | AC5: 6227.2996 | AD5: 4686.2215 | AE5: 5210.147 | AF5: 7198.2101 | AG5: 6857.9755 | AH5: 4957.8583 | AI5: 5764.5808 | AJ5: 8516.6319 | AK5: 8132.2247 | AL5: 6077.2019 | AM5: 6788.6017 | AN5: 9783.5429 | AO5: 9254.7944 | AP5: 7442.6774 | AQ5: 8139.5217 | AR5: 11105.992 | AS5: 10553.418 | AT5: 8569.3278 | AU5: 8657.3079 | AV5: 11988.582 | AW5: 11910.841 | AX5: 95589.895 | AY5: 98547.272 | AZ5: 143952.64 | BA5: 141350.82 | BB5: 10059.623 | BC5: 10980.385 | BD5: 15986.815 | BE5: 16246.321 | BF5: 10137.038 | BG5: 11293.994 | BH5: 17791.715 | BI5: 17256.233
A6: 1. Crop Production | B6: 2262.1781 | C6: 2561.4601 | D6: 3660.0972 | E6: 3200.161 | F6: 2389.9461 | G6: 2610.1765 | H6: 3925.0457 | I6: 3559.6809 | J6: 2688.3108 | K6: 2901.3872 | L6: 4259.3629 | M6: 4222.1746 | N6: 2815.2223 | O6: 3049.0631 | P6: 4528.6831 | Q6: 4469.3563 | R6: 2950.4352 | S6: 3223.2362 | T6: 4926.1526 | U6: 4712.7466 | V6: 3141.3246 | W6: 3511.3004 | X6: 5383.1326 | Y6: 5154.2155 | Z6: 3583.9802 | AA6: 4017.0836 | AB6: 5801.0281 | AC6: 5480.9896 | AD6: 3969.5153 | AE6: 4530.1284 | AF6: 6536.5848 | AG6: 6059.8768 | AH6: 4201.1589 | AI6: 5040.5374 | AJ6: 7761.398 | AK6: 7204.7036 | AL6: 5174.3933 | AM6: 5947.4536 | AN6: 8963.2019 | AO6: 8211.8782 | AP6: 6410.6472 | AQ6: 7198.3456 | AR6: 10192.217 | AS6: 9376.3283 | AT6: 7218.2981 | AU6: 7553.5345 | AV6: 10962.877 | AW6: 10614.697 | AX6: 81292.938 | AY6: 86550.358 | AZ6: 132413.28 | BA6: 126516.76 | BB6: 8736.5465 | BC6: 9669.866 | BD6: 14746.54 | BE6: 14626.332 | BF6: 8918.1855 | BG6: 9879.6139 | BH6: 16418.58 | BI6: 15651.244
A7: 2. Livestock | B7: 237.29751 | C7: 216.1037 | D7: 247.97043 | E7: 278.19242 | F7: 270.20686 | G7: 278.13048 | H7: 257.17866 | I7: 310.08592 | J7: 298.22377 | K7: 284.66224 | L7: 304.19143 | M7: 364.85392 | N7: 334.45446 | O7: 321.46566 | P7: 337.66327 | Q7: 405.90134 | R7: 375.06511 | S7: 361.15377 | T7: 379.38696 | U7: 457.44675 | V7: 420.99306 | W7: 400.92491 | X7: 418.84785 | Y7: 507.25922 | Z7: 464.96911 | AA7: 437.82787 | AB7: 433.40139 | AC7: 539.58499 | AD7: 487.87092 | AE7: 474.21364 | AF7: 465.64241 | AG7: 546.72078 | AH7: 479.988 | AI7: 481.74601 | AJ7: 495.60598 | AK7: 591.26216 | AL7: 514.93201 | AM7: 500.68074 | AN7: 497.42238 | AO7: 595.9099 | AP7: 509.54773 | AQ7: 503.34158 | AR7: 509.94641 | AS7: 598.53501 | AT7: 613.7153 | AU7: 508.07408 | AV7: 517.77335 | AW7: 609.77704 | AX7: 6567.8689 | AY7: 5844.0634 | AZ7: 6304.2268 | BA7: 7486.7741 | BB7: 504.67515 | BC7: 0.66299195 | BD7: 711.81959 | BE7: 846.2607 | BF7: 405.64913 | BG7: 738.84646 | BH7: 840.33802 | BI7: 834.26499
A8: 3. Forestry | B8: 30.420966 | C8: 34.382273 | D8: 33.750812 | E8: 37.166851 | F8: 32.302813 | G8: 40.38684 | H8: 37.897559 | I8: 42.4581 | J8: 38.367071 | K8: 42.73314 | L8: 41.480154 | M8: 47.579298 | N8: 41.80011 | O8: 47.550557 | P8: 45.665859 | Q8: 52.933658 | R8: 46.245351 | S8: 52.523332 | T8: 49.973135 | U8: 58.997762 | V8: 51.584656 | W8: 56.572978 | X8: 52.31573 | Y8: 62.353383 | Z8: 53.486949 | AA8: 59.790685 | AB8: 54.677387 | AC8: 68.299963 | AD8: 58.24418 | AE8: 66.980174 | AF8: 60.618561 | AG8: 71.366541 | AH8: 60.02407 | AI8: 70.007687 | AJ8: 65.263977 | AK8: 77.494903 | AL8: 65.980467 | AM8: 77.863368 | AN8: 66.570451 | AO8: 75.46438 | AP8: 64.114313 | AQ8: 75.495308 | AR8: 69.162828 | AS8: 76.017374 | AT8: 73.327716 | AU8: 75.767013 | AV8: 70.037826 | AW8: 77.823385 | AX8: 755.12631 | AY8: 882.51579 | AZ8: 831.61955 | BA8: 1019.0939 | BB8: 88.969718 | BC8: 107.36258 | BD8: 96.855005 | BE8: 139.43433 | BF8: 93.194817 | BG8: 114.20065 | BH8: 108.62906 | BI8: 144.4089
A9: 4. Fishing | B9: 64.863303 | C9: 61.431544 | D9: 58.210173 | E9: 65.206456 | F9: 76.009943 | G9: 72.006566 | H9: 63.136049 | I9: 73.176864 | J9: 82.606144 | K9: 81.081099 | L9: 71.861492 | M9: 87.122293 | N9: 94.636445 | O9: 93.051482 | P9: 80.192465 | Q9: 98.912837 | R9: 108.21883 | S9: 108.36144 | T9: 95.238364 | U9: 113.43147 | V9: 124.95792 | W9: 119.84428 | X9: 105.17169 | Y9: 126.17031 | Z9: 165.45483 | AA9: 115.157 | AB9: 109.35582 | AC9: 138.42501 | AD9: 170.59117 | AE9: 138.8248 | AF9: 135.36439 | AG9: 180.01139 | AH9: 216.68729 | AI9: 172.28975 | AJ9: 194.36391 | AK9: 258.76408 | AL9: 321.89613 | AM9: 262.60399 | AN9: 256.34816 | AO9: 371.54192 | AP9: 458.3682 | AQ9: 362.33921 | AR9: 334.66548 | AS9: 502.53755 | AT9: 663.9867 | AU9: 519.93227 | AV9: 437.89338 | AW9: 608.54352 | AX9: 6973.962 | AY9: 5270.335 | AZ9: 4403.5193 | BA9: 6328.1922 | BB9: 729.4319 | BC9: 540.16414 | BD9: 431.60035 | BE9: 634.29365 | BF9: 720.00878 | BG9: 561.3328 | BH9: 424.16881 | BI9: 626.31594
A10: B. INDUSTRY | B10: 3284.2909 | C10: 3314.2129 | D10: 3422.531 | E10: 3805.3991 | F10: 4437.6571 | G10: 4455.2409 | H10: 4373.7072 | I10: 4586.5089 | J10: 5009.2517 | K10: 4806.5053 | L10: 5172.0639 | M10: 4599.9004 | N10: 5285.8006 | O10: 5007.0332 | P10: 5352.6998 | Q10: 5208.3118 | R10: 5657.6153 | S10: 5777.5219 | T10: 5464.577 | U10: 5313.2915 | V10: 4575.7545 | W10: 4999.5506 | X10: 4832.3772 | Y10: 4780.8944 | Z10: 3968.6904 | AA10: 4233.408 | AB10: 4866.4701 | AC10: 5572.5973 | AD10: 5767.0399 | AE10: 6284.6305 | AF10: 6852.0605 | AG10: 6736.1714 | AH10: 7877.6 | AI10: 8661.5713 | AJ10: 8560.7366 | AK10: 8118.4218 | AL10: 8916.938 | AM10: 9946.137 | AN10: 10830.869 | AO10: 10185.747 | AP10: 10509.175 | AQ10: 9402.7785 | AR10: 11472.099 | AS10: 12146.731 | AT10: 13305.518 | AU10: 12267.531 | AV10: 14565.922 | AW10: 15162.002 | AX10: 150901.56 | AY10: 139362.39 | AZ10: 165143.39 | BA10: 167382.54 | BB10: 17905.773 | BC10: 17319.775 | BD10: 20691.051 | BE10: 20469.706 | BF10: 19821.948 | BG10: 17659.311 | BH10: 21755.038 | BI10: 23035.715
A11: 1. Mining and Quarrying | B11: 1952.2131 | C11: 1993.6834 | D11: 2104.9181 | E11: 2403.7396 | F11: 2899.2356 | G11: 2842.9673 | H11: 2681.9977 | I11: 2674.7771 | J11: 3036.4908 | K11: 2732.2696 | L11: 3100.9942 | M11: 2516.7681 | N11: 2776.8315 | O11: 2346.2723 | P11: 2756.9989 | Q11: 2500.869 | R11: 2636.1338 | S11: 2656.6294 | T11: 2352.3543 | U11: 2071.6433 | V11: 1418.2929 | W11: 1771.881 | X11: 1565.8508 | Y11: 1343.984 | Z11: 894.87582 | AA11: 986.63123 | AB11: 1633.0516 | AC11: 1954.9865 | AD11: 2153.7307 | AE11: 2455.6426 | AF11: 3214.6241 | AG11: 2657.9751 | AH11: 3937.5587 | AI11: 3781.7312 | AJ11: 3521.3806 | AK11: 2407.9939 | AL11: 3176.7323 | AM11: 3145.6599 | AN11: 3732.095 | AO11: 2714.9366 | AP11: 2841.0357 | AQ11: 2641.6557 | AR11: 2988.597 | AS11: 2380.4781 | AT11: 2837.3775 | AU11: 2464.1419 | AV11: 2849.6601 | AW11: 2586.4025 | AX11: 35734.827 | AY11: 36900.278 | AZ11: 38260.671 | BA11: 25586.872 | BB11: 3447.6702 | BC11: 3427.4923 | BD11: 5046.538 | BE11: 2944.3157 | BF11: 4624.6019 | BG11: 3414.7141 | BH11: 5488.0323 | BI11: 4960.5998
A12: a. Crude Petroleum and Natural Gas | B12: 1937.6318 | C12: 1983.895 | D12: 2092.029 | E12: 2389.1207 | F12: 2882.7296 | G12: 2830.8539 | H12: 2667.5172 | I12: 2658.3076 | J12: 3018.5711 | K12: 2717.0071 | L12: 3083.2571 | M12: 2496.198 | N12: 2756.3133 | O12: 2327.5873 | P12: 2736.082 | Q12: 2476.3446 | R12: 2612.0662 | S12: 2633.3286 | T12: 2328.2578 | U12: 2042.8369 | V12: 1391.0917 | W12: 1746.4006 | X12: 1539.6814 | Y12: 1313.2434 | Z12: 887.48993 | AA12: 959.56314 | AB12: 1602.7162 | AC12: 1917.5534 | AD12: 2141.9641 | AE12: 2420.3544 | AF12: 3176.458 | AG12: 2617.1696 | AH12: 3921.2872 | AI12: 3728.9899 | AJ12: 3452.4857 | AK12: 2321.1111 | AL12: 3148.35 | AM12: 3059.6673 | AN12: 3624.3344 | AO12: 2568.074 | AP12: 2827.1604 | AQ12: 2519.995 | AR12: 2782.3764 | AS12: 2066.0941 | AT12: 2822.469 | AU12: 2264.1044 | AV12: 2554.8611 | AW12: 1994.5834 | AX12: 35534.103 | AY12: 33851.358 | AZ12: 33484.923 | BA12: 16857.196 | BB12: 3417.3986 | BC12: 2940.8269 | BD12: 4682.0427 | BE12: 2065.8836 | BF12: 4552.9757 | BG12: 3165.4403 | BH12: 5378.2271 | BI12: 3995.6979
A13: b. Coal Mining | B13: 1.1123514 | C13: 0.86130544 | D13: 0.40053818 | E13: 0.84403585 | F13: 1.3016236 | G13: 1.061699 | H13: 0.4873122 | I13: 1.0337454 | J13: 1.4475755 | K13: 1.3336192 | L13: 0.57733258 | M13: 1.2410173 | N13: 1.7300024 | O13: 1.6400416 | P13: 0.68365229 | Q13: 1.4816345 | R13: 2.0627598 | S13: 2.0660712 | T13: 0.87418459 | U13: 1.9243371 | V13: 2.438931 | W13: 2.4403449 | X13: 0.96693841 | Y13: 2.1371886 | Z13: 2.6111447 | AA13: 2.4662377 | AB13: 0.97719793 | AC13: 2.439747 | AD13: 3.1147005 | AE13: 3.0032171 | AF13: 0.66651473 | AG13: 2.6507949 | AH13: 3.2772813 | AI13: 3.1997761 | AJ13: 0.77970067 | AK13: 2.5253443 | AL13: 5.1570304 | AM13: 4.1199697 | AN13: 1.120291 | AO13: 2.5103531 | AP13: 3.308755 | AQ13: 4.8924452 | AR13: 1.0923497 | AS13: 2.1867945 | AT13: 3.7757513 | AU13: 7.4398503 | AV13: 1.1863787 | AW13: 3.9330966 | AX13: 42.499584 | AY13: 127.24218 | AZ13: 8.192496 | BA13: 44.061994 | BB13: 4.9762584 | BC13: 12.970531 | BD13: 2.1526641 | BE13: 4.8534611 | BF13: 2.6896626 | BG13: 6.8660228 | BH13: 0.80875677 | BI13: -1.074162
A14: c. Metal Ores | B14: 0.8144751 | C14: 0.66427174 | D14: 0.54712125 | E14: 0.32897521 | F14: 0.90324642 | G14: 0.81730155 | H14: 0.62164277 | I14: 0.37154558 | J14: 0.92572311 | K14: 0.92365788 | L14: 0.65748639 | M14: 0.39718215 | N14: 1.0283155 | O14: 1.1151494 | P14: 0.75178106 | Q14: 0.45473321 | R14: 1.1644805 | S14: 1.3965519 | T14: 0.94198925 | U14: 0.57640167 | V14: 1.3033398 | W14: 1.5137206 | X14: 1.022119 | Y14: 0.62233676 | Z14: 2.1204367 | AA14: 1.6521002 | AB14: 1.1969955 | AC14: 0.77320101 | AD14: 3.4903129 | AE14: 1.8966654 | AF14: 1.4692604 | AG14: 1.0769571 | AH14: 5.2308684 | AI14: 2.2565377 | AJ14: 2.0472357 | AK14: 1.3693773 | AL14: 4.7943457 | AM14: 2.5977571 | AN14: 2.2315123 | AO14: 1.5197509 | AP14: 5.2124789 | AQ14: 2.5951567 | AR14: 2.1897028 | AS14: 1.5613146 | AT14: 7.6129607 | AU14: 3.5748177 | AV14: 3.8458826 | AW14: 2.5239793 | AX14: 117.0662 | AY14: 30.363384 | AZ14: 58.254219 | BA14: 30.973258 | BB14: 20.945799 | BC14: 8.6960712 | BD14: 10.640912 | BE14: 3.9379654 | BF14: 67.209632 | BG14: 14.119675 | BH14: 16.532814 | BI14: 5.6520768
A15: d. Quarrying and Other Minerals | B15: 12.65448 | C15: 8.2628244 | D15: 11.941492 | E15: 13.445925 | F15: 14.30113 | G15: 10.234429 | H15: 13.371511 | I15: 15.064149 | J15: 15.546485 | K15: 13.005204 | L15: 16.502203 | M15: 18.931908 | N15: 17.759873 | O15: 15.929864 | P15: 19.481409 | Q15: 22.587978 | R15: 20.840361 | S15: 19.838131 | T15: 22.280342 | U15: 26.305686 | V15: 23.458866 | W15: 21.526407 | X15: 24.180391 | Y15: 27.981171 | Z15: 2.6543082 | AA15: 22.949745 | AB15: 28.161235 | AC15: 34.220152 | AD15: 5.1615143 | AE15: 30.388328 | AF15: 36.030337 | AG15: 37.077763 | AH15: 7.7633597 | AI15: 47.285003 | AJ15: 66.067912 | AK15: 82.9881 | AL15: 18.430925 | AM15: 79.274937 | AN15: 104.40879 | AO15: 142.83246 | AP15: 5.3540084 | AQ15: 114.17303 | AR15: 202.93859 | AS15: 310.6359 | AT15: 3.5198718 | AU15: 189.02284 | AV15: 289.76673 | AW15: 585.36201 | AX15: 41.157527 | AY15: 2891.3143 | AZ15: 4709.301 | BA15: 8654.6414 | BB15: 4.3495339 | BC15: 464.99874 | BD15: 351.70171 | BE15: 869.64061 | BF15: 1.7268751 | BG15: 228.28811 | BH15: 92.463635 | BI15: 960.32395
A16: 2. Manufacturing | B16: 875.40817 | C16: 880.63678 | D16: 892.14645 | E16: 930.45031 | F16: 1020.3061 | G16: 1106.8259 | H16: 1177.4581 | I16: 1222.8549 | J16: 1368.914 | K16: 1361.3411 | L16: 1460.3036 | M16: 1398.263 | N16: 1761.411 | O16: 1775.974 | P16: 1844.6538 | Q16: 1851.2837 | R16: 2114.5274 | S16: 2122.923 | T16: 2242.7701 | U16: 2205.2095 | V16: 2140.8868 | W16: 2124.5097 | X16: 2350.3417 | Y16: 2358.0349 | Z16: 2077.0441 | AA16: 2102.8645 | AB16: 2281.4412 | AC16: 2441.8865 | AD16: 2422.5047 | AE16: 2438.589 | AF16: 2516.8623 | AG16: 2666.5289 | AH16: 2638.8226 | AI16: 2914.5061 | AJ16: 3340.5825 | AK16: 3561.6166 | AL16: 3600.596 | AM16: 4015.8094 | AN16: 4666.5874 | AO16: 4498.0712 | AP16: 4625.8451 | AQ16: 4010.3455 | AR16: 5298.6758 | AS16: 5604.6838 | AT16: 6110.6452 | AU16: 5547.4686 | AV16: 7032.8614 | AW16: 7034.8933 | AX16: 68265.775 | AY16: 58364.026 | AZ16: 71872.979 | BA16: 76582.389 | BB16: 8045.0264 | BC16: 7.581403 | BD16: 9817.1784 | BE16: 10573.119 | BF16: 8705.3304 | BG16: 7725.9716 | BH16: 10172.988 | BI16: 10881.836
... A54: 9. Administrative and Support Services | B54: 3.2017208 | C54: 3.4231411 | D54: 3.3137443 | E54: 3.2015325 | F54: 3.5578812 | G54: 3.5945569 | H54: 3.8156505 | I54: 3.8386789 | J54: 3.5584203 | K54: 4.0873862 | L54: 4.2168171 | M54: 4.2077767 | N54: 3.8349306 | O54: 4.6129976 | P54: 4.7467401 | Q54: 4.6971845 | R54: 4.3002745 | S54: 4.9430823 | T54: 5.2161926 | U54: 5.2634966 | V54: 4.9111561 | W54: 5.5479574 | X54: 5.863645 | Y54: 5.9288676 | Z54: 5.4165761 | AA54: 6.1355562 | AB54: 6.8928189 | AC54: 7.0798569 | AD54: 6.1994185 | AE54: 6.4311509 | AF54: 7.0932118 | AG54: 7.3070709 | AH54: 6.1951654 | AI54: 6.3473592 | AJ54: 7.437145 | AK54: 7.6152512 | AL54: 6.5312073 | AM54: 6.689039 | AN54: 7.8648104 | AO54: 7.9141111 | AP54: 6.5752062 | AQ54: 6.657564 | AR54: 7.9733402 | AS54: 7.6902467 | AT54: 6.6954088 | AU54: 7.020607 | AV54: 8.4571401 | AW54: 7.9480419 | AX54: 74.549638 | AY54: 78.564238 | AZ54: 94.658067 | BA54: 89.784873 | BB54: 7.1678318 | BC54: 8.0848646 | BD54: 9.8785663 | BE54: 9.2997287 | BF54: 7.6470078 | BG54: 11.86749 | BH54: 13.495242 | BI54: 13.434357
A55: 10. Public Administration | B55: 497.14468 | C55: 479.66473 | D55: 471.73197 | E55: 549.92949 | F55: 617.91539 | G55: 589.60132 | H55: 582.19264 | I55: 681.52929 | J55: 501.808 | K55: 549.98535 | L55: 529.43007 | M55: 628.82233 | N55: 527.62865 | O55: 600.22731 | P55: 572.51371 | Q55: 684.53391 | R55: 609.22299 | S55: 656.6917 | T55: 629.17974 | U55: 749.13787 | V55: 577.3311 | W55: 639.27535 | X55: 599.90944 | Y55: 735.93385 | Z55: 614.13042 | AA55: 691.74757 | AB55: 679.963 | AC55: 797.98774 | AD55: 680.03773 | AE55: 748.99723 | AF55: 689.9957 | AG55: 802.55471 | AH55: 671.40166 | AI55: 725.46714 | AJ55: 702.38188 | AK55: 826.84431 | AL55: 598.65442 | AM55: 723.87469 | AN55: 725.17265 | AO55: 849.05663 | AP55: 560.76403 | AQ55: 752.97611 | AR55: 770.80365 | AS55: 887.04245 | AT55: 570.38851 | AU55: 744.99566 | AV55: 789.8434 | AW55: 902.75784 | AX55: 6240.5046 | AY55: 8332.1938 | AZ55: 8704.339 | BA55: 10056.842 | BB55: 641.95296 | BC55: 859.14276 | BD55: 902.04126 | BE55: 1047.5538 | BF55: 710.04451 | BG55: 1267.6588 | BH55: 1233.8841 | BI55: 1526.0633 | BJ55: 1000
A56: 11. Education | B56: 205.68666 | C56: 212.77367 | D56: 203.30479 | E56: 204.9065 | F56: 242.29309 | G56: 231.6686 | H56: 275.52585 | I56: 361.23351 | J56: 275.01316 | K56: 262.14728 | L56: 311.19683 | M56: 404.36439 | N56: 330.26949 | O56: 313.32237 | P56: 406.30975 | Q56: 500.03233 | R56: 387.18928 | S56: 351.20795 | T56: 472.16913 | U56: 593.83862 | V56: 444.94686 | W56: 408.54807 | X56: 558.70141 | Y56: 704.15211 | Z56: 515.9756 | AA56: 473.76631 | AB56: 646.09643 | AC56: 810.11313 | AD56: 587.78816 | AE56: 513.9972 | AF56: 667.85053 | AG56: 821.22013 | AH56: 597.24217 | AI56: 537.20662 | AJ56: 709.2668 | AK56: 890.81151 | AL56: 654.82102 | AM56: 596.79781 | AN56: 762.88633 | AO56: 954.81112 | AP56: 700.85255 | AQ56: 464.9869 | AR56: 642.71494 | AS56: 898.88449 | AT56: 698.77261 | AU56: 497.39321 | AV56: 692.53478 | AW56: 916.27152 | AX56: 7538.6454 | AY56: 5283.6466 | AZ56: 7293.3352 | BA56: 10121.814 | BB56: 764.58008 | BC56: 545.46753 | BD56: 754.77481 | BE56: 1050.0884 | BF56: 817.34756 | BG56: 579.90389 | BH56: 829.37816 | BI56: 1163.9249
A57: 12. Human Health & Social Services | B57: 85.5958 | C57: 81.771554 | D57: 79.487785 | E57: 84.108522 | F57: 99.42102 | G57: 102.04699 | H57: 90.57538 | I57: 95.151214 | J57: 104.01953 | K57: 120.72437 | L57: 106.04327 | M57: 112.15214 | N57: 117.49889 | O57: 143.65072 | P57: 125.18177 | Q57: 132.40452 | R57: 137.75294 | S57: 153.87002 | T57: 155.53286 | U57: 167.86991 | V57: 151.2543 | W57: 170.86035 | X57: 173.20204 | Y57: 187.38035 | Z57: 165.05226 | AA57: 186.44684 | AB57: 191.16352 | AC57: 202.91955 | AD57: 186.24385 | AE57: 195.75921 | AF57: 195.99893 | AG57: 206.8008 | AH57: 187.5704 | AI57: 206.1935 | AJ57: 206.82774 | AK57: 221.09949 | AL57: 203.88634 | AM57: 238.49835 | AN57: 220.94972 | AO57: 232.85786 | AP57: 218.22797 | AQ57: 238.34038 | AR57: 240.62213 | AS57: 254.15212 | AT57: 241.87949 | AU57: 264.84606 | AV57: 267.57329 | AW57: 268.62072 | AX57: 2741.7268 | AY57: 3008.0333 | AZ57: 3086.5947 | BA57: 3085.683 | BB57: 282.9418 | BC57: 310.19569 | BD57: 322.04415 | BE57: 339.44885 | BF57: 322.09412 | BG57: 345.08518 | BH57: 365.00801 | BI57: 386.88764
A58: 13. Other Services | B58: 273.50537 | C58: 188.3942 | D58: 197.52904 | E58: 240.59426 | F58: 300.48663 | G58: 222.20008 | H58: 213.86028 | I58: 264.42314 | J58: 435.14272 | K58: 379.94796 | L58: 340.86012 | M58: 528.52871 | N58: 647.782 | O58: 456.73642 | P58: 400.91919 | Q58: 517.8322 | R58: 682.89525 | S58: 574.00551 | T58: 517.6396 | U58: 798.67003 | V58: 895.66652 | W58: 727.60798 | X58: 658.71198 | Y58: 1013.217 | Z58: 1076.7048 | AA58: 874.9757 | AB58: 805.30668 | AC58: 1232.1049 | AD58: 1237.6783 | AE58: 953.94099 | AF58: 837.31261 | AG58: 1287.7823 | AH58: 1271.2043 | AI58: 1001.2641 | AJ58: 885.09386 | AK58: 1347.5442 | AL58: 1352.334 | AM58: 1060.527 | AN58: 917.68146 | AO58: 1404.3194 | AP58: 1402.4762 | AQ58: 918.417 | AR58: 870.82816 | AS58: 1379.5471 | AT58: 1396.7836 | AU58: 930.10531 | AV58: 900.17939 | AW58: 1410.9376 | AX58: 15464.116 | AY58: 10508.938 | AZ58: 9435.9532 | BA58: 15505.614 | BB58: 1246.491 | BC58: 1078.4105 | BD58: 964.26317 | BE58: 1581.4342 | BF58: 1103.7304 | BG58: 1364.5939 | BH58: 1327.194 | BI58: 1729.0424
A59: TOTAL GDP at Current Basic Prices | B59: 12583.478 | C59: 12934.531 | D59: 14304.438 | E59: 14789.817 | F59: 14501.448 | G59: 15054.961 | H59: 16163.642 | I59: 17260.346 | J59: 16450.36 | K59: 17743.633 | L59: 18521.601 | M59: 18998.342 | N59: 18295.632 | O59: 19931.016 | P59: 20464.396 | Q59: 21401.52 | R59: 20169.778 | S59: 21734.83 | T59: 22933.144 | U59: 24205.863 | V59: 21041.701 | W59: 22859.153 | X59: 24313.637 | Y59: 25930.469 | Z59: 22235.315 | AA59: 23547.467 | AB59: 26537.651 | AC59: 29169.059 | AD59: 26028.356 | AE59: 27030.25 | AF59: 29377.674 | AG59: 31275.354 | AH59: 28438.604 | AI59: 30699.567 | AJ59: 33368.049 | AK59: 35230.608 | AL59: 31824.35 | AM59: 35001.878 | AN59: 37806.924 | AO59: 39577.34 | AP59: 35647.406 | AQ59: 34023.198 | AR59: 39089.461 | AS59: 43564.006 | AT59: 40014.483 | AU59: 39123.713 | AV59: 45113.448 | AW59: 49276.018 | AX59: 45317.823 | AY59: 45004.521 | AZ59: 52255.81 | BA59: 56757.89 | BB59: 51242.151 | BC59: 52103.927 | BD59: 60658.6 | BE59: 65908.259 | BF59: 58855.142 | BG59: 60930.001 | BH59: 71131.091 | BI59: 78374.121
A61: Net Taxes on Products | B61: 206.90004 | C61: 206.97428 | D61: 212.15065 | E61: 231.06116 | F61: 184.666 | G61: 174.83784 | H61: 205.27193 | I61: 168.1864 | J61: 224.73991 | K61: 224.6693 | L61: 213.70352 | M61: 222.58218 | N61: 226.55316 | O61: 218.65847 | P61: 239.42862 | Q61: 232.76098 | R61: 212.1255 | S61: 222.61619 | T61: 299.67538 | U61: 358.95233 | V61: 200.84198 | W61: 221.75816 | X61: 314.11534 | Y61: 296.05975 | Z61: 200.14901 | AA61: 189.83058 | AB61: 333.35975 | AC61: 362.5865 | AD61: 200.49549 | AE61: 236.14445 | AF61: 378.33631 | AG61: 372.63903 | AH61: 244.34151 | AI61: 255.73032 | AJ61: 412.9807 | AK61: 437.02711 | AL61: 261.77054 | AM61: 299.07686 | AN61: 415.41498 | AO61: 452.38493 | AP61: 322.49509 | AQ61: 313.7 | AR61: 625.2608 | AS61: 666.79241 | AT61: 493.20283 | AU61: 491.12494 | AV61: 736.83308 | AW61: 826.67868 | AX61: 584.8196 | AY61: 500.76454 | AZ61: 920.70473 | BA61: 1022.6941 | BB61: 705.03846 | BC61: 651.95722 | BD61: 1395.7553 | BE61: 1760.2256 | BF61: 1421.7318 | BG61: 1302.7192 | BH61: 2623.9912 | BI61: 2854.9844
A63: Total GDP at Current Market Prices | B63: 12790.378 | C63: 13141.505 | D63: 14516.589 | E63: 15020.878 | F63: 14686.114 | G63: 15229.799 | H63: 16368.914 | I63: 17428.532 | J63: 16675.099 | K63: 17968.302 | L63: 18735.304 | M63: 19220.925 | N63: 18522.185 | O63: 20149.674 | P63: 20703.825 | Q63: 21634.281 | R63: 20381.904 | S63: 21957.446 | T63: 23232.819 | U63: 24564.816 | V63: 21242.543 | W63: 23080.911 | X63: 24627.752 | Y63: 26226.529 | Z63: 22435.464 | AA63: 23737.297 | AB63: 26871.011 | AC63: 29531.645 | AD63: 26228.852 | AE63: 27266.395 | AF63: 29756.01 | AG63: 31647.993 | AH63: 28682.946 | AI63: 30955.297 | AJ63: 33781.03 | AK63: 35667.635 | AL63: 32086.12 | AM63: 35300.955 | AN63: 38222.339 | AO63: 40029.725 | AP63: 35969.901 | AQ63: 34336.898 | AR63: 39714.721 | AS63: 44230.799 | AT63: 40507.686 | AU63: 39614.838 | AV63: 45850.281 | AW63: 50102.697 | AX63: 45902.643 | AY63: 45505.285 | AZ63: 53176.514 | BA63: 57780.584 | BB63: 51947.19 | BC63: 52755.884 | BD63: 62054.356 | BE63: 67668.484 | BF63: 60276.874 | BG63: 62232.72 | BH63: 73755.082 | BI63: 81229.105
A64: Source: National Bureau of Statistics
A65: Note 1Provisional

Sheet C1.5
A1: Return to Menu
A2: Table C.1.5: Gross Domestic Product at 2010 Constant Basic Prices - Quarterly1 (₦' Billion)
A3: Activity Sector | B3: 2010 | F3: 2011 | H3: 2011 | J3: 2012 | N3: 2013 | R3: 2014 | T3: 2014 | V3: 2015 | Z3: 2016 | AD3: 2017 | AF3: 2017 | AH3: 2018 | AL3: 2019 | AP3: 2020 1 | AT3: 2021 1 | AX3: 2022 1 | BB3: 2023 1 | BF3: 2024 1
B4: Q1 | C4: Q2 | D4: Q3 | E4: Q4 | F4: Q1 | G4: Q2 | H4: Q3 | I4: Q4 | J4: Q1 | K4: Q2 | L4: Q3 | M4: Q4 | N4: Q1 | O4: Q2 | P4: Q3 | Q4: Q4 | R4: Q1 | S4: Q2 | T4: Q3 | U4: Q4 | V4: Q1 | W4: Q2 | X4: Q3 | Y4: Q4 | Z4: Q1 | AA4: Q2 | AB4: Q3 | AC4: Q4 | AD4: Q1 | AE4: Q2 | AF4: Q3 | AG4: Q4 | AH4: Q1 | AI4: Q2 | AJ4: Q3 | AK4: Q4 | AL4: Q1 | AM4: Q2 | AN4: Q3 | AO4: Q4 | AP4: Q1 | AQ4: Q2 | AR4: Q3 | AS4: Q4 | AT4: Q1 | AU4: Q2 | AV4: Q3 | AW4: Q4 | AX4: Q1 | AY4: Q2 | AZ4: Q3 | BA4: Q4 | BB4: Q1 | BC4: Q2 | BD4: Q3 | BE4: Q4 | BF4: Q1 2024 1 | BG4: Q2 2024 1 | BH4: Q3 2024 1 | BI4: Q4 2024 1
A5: A. AGRICULTURE | B5: 2594.7599 | C5: 2873.3776 | D5: 4000.0286 | E5: 3580.7267 | F5: 2653.8641 | G5: 2955.2908 | H5: 4130.5703 | I5: 3689.6536 | J5: 2805.8034 | K5: 3160.0947 | L5: 4307.9667 | M5: 4055.8408 | N5: 2874.8491 | O5: 3241.1764 | P5: 4456.1058 | Q5: 4178.3919 | R5: 3033.9704 | S5: 3360.4505 | T5: 4655.3222 | U5: 4330.6463 | V5: 3176.5981 | W5: 3477.8452 | X5: 4816.5191 | Y5: 4481.2576 | Z5: 3274.725 | AA5: 3635.5331 | AB5: 5035.0691 | AC5: 4662.0101 | AD5: 3385.6008 | AE5: 3745.0916 | AF5: 5189.366 | AG5: 4859.4369 | AH5: 3487.3129 | AI5: 3789.7201 | AJ5: 5288.3392 | AK5: 4978.7755 | AL5: 3597.9161 | AM5: 3857.7056 | AN5: 5408.9789 | AO5: 5093.9831 | AP5: 3677.1535 | AQ5: 3918.6684 | AR5: 5484.0639 | AS5: 5268.2901 | AT5: 3760.8806 | AU5: 3969.6972 | AV5: 5550.9409 | AW5: 5456.8958 | AX5: 3879.7319 | AY5: 4017.4237 | AZ5: 5625.3623 | BA5: 5568.5549 | BB5: 3844.8452 | BC5: 4077.7163 | BD5: 5698.2705 | BE5: 5685.6582 | BF5: 3851.8871 | BG5: 4135.1342 | BH5: 5763.3852 | BI5: 5785.4724
A6: 1. Crop Production | B6: 2262.1781 | C6: 2561.4601 | D6: 3660.0972 | E6: 3200.161 | F6: 2312.3586 | G6: 2624.4385 | H6: 3783.2651 | I6: 3297.1299 | J6: 2463.3804 | K6: 2824.1545 | L6: 3972.2382 | M6: 3659.769 | N6: 2507.2323 | O6: 2881.4545 | P6: 4102.2926 | Q6: 3756.8225 | R6: 2643.1121 | S6: 2983.9254 | T6: 4281.8538 | U6: 3884.5587 | V6: 2760.875 | W6: 3079.4468 | X6: 4423.6891 | Y6: 4010.9258 | Z6: 2844.1222 | AA6: 3224.8285 | AB6: 4639.6096 | AC6: 4185.8875 | AD6: 2943.5333 | AE6: 3328.4881 | AF6: 4787.569 | AG6: 4377.4593 | AH6: 3045.1631 | AI6: 3378.03 | AJ6: 4877.0784 | AK6: 4486.1662 | AL6: 3144.5877 | AM6: 3443.6075 | AN6: 4994.7299 | AO6: 4599.068 | AP6: 3219.5061 | AQ6: 3493.0352 | AR6: 5063.6088 | AS6: 4768.3704 | AT6: 3293.9522 | AU6: 3541.2085 | AV6: 5132.2393 | AW6: 4953.1239 | AX6: 3391.6329 | AY6: 3595.8262 | AZ6: 5200.7325 | BA6: 5072.5608 | BB6: 3457.2336 | BC6: 3661.3941 | BD6: 5270.7173 | BE6: 5196.0841 | BF6: 3516.3188 | BG6: 3721.7268 | BH6: 5332.9506 | BI6: 5294.5938
A7: 2. Livestock | B7: 237.29751 | C7: 216.1037 | D7: 247.97043 | E7: 278.19242 | F7: 240.58531 | G7: 224.92003 | H7: 249.85797 | I7: 284.04072 | J7: 235.75975 | K7: 224.07283 | L7: 234.39916 | M7: 278.53105 | N7: 250.83812 | O7: 239.5838 | P7: 246.41576 | Q7: 294.09965 | R7: 264.9145 | S7: 250.45528 | T7: 260.4948 | U7: 310.98242 | V7: 281.97083 | W7: 265.98695 | X7: 274.83239 | Y7: 328.53322 | Z7: 292.86248 | AA7: 282.78595 | AB7: 276.91005 | AC7: 332.55997 | AD7: 297.90342 | AE7: 289.2267 | AF7: 283.88828 | AG7: 333.18685 | AH7: 292.38684 | AI7: 283.57769 | AJ7: 291.16054 | AK7: 341.00297 | AL7: 294.97165 | AM7: 283.55935 | AN7: 291.21838 | AO7: 340.30601 | AP7: 296.8376 | AQ7: 289.96407 | AR7: 297.89175 | AS7: 348.42139 | AT7: 301.74819 | AU7: 290.3439 | AV7: 298.26267 | AW7: 349.8606 | AX7: 318.49825 | AY7: 282.01719 | AZ7: 302.89562 | BA7: 344.30835 | BB7: 221.12537 | BC7: 275.52303 | BD7: 306.47618 | BE7: 337.11123 | BF7: 169.62141 | BG7: 270.81991 | BH7: 309.63378 | BI7: 337.23878
A8: 3. Forestry | B8: 30.420966 | C8: 34.382273 | D8: 33.750812 | E8: 37.166851 | F8: 30.163558 | G8: 37.660056 | H8: 35.77421 | I8: 38.861554 | J8: 31.434463 | K8: 38.095642 | L8: 36.461524 | M8: 40.102451 | N8: 34.442652 | O8: 39.180933 | P8: 37.62797 | Q8: 43.062616 | R8: 36.690273 | S8: 41.157438 | T8: 38.517437 | U8: 44.973053 | V8: 38.280213 | W8: 42.806153 | X8: 39.379628 | Y8: 46.792412 | Z8: 39.164902 | AA8: 44.448453 | AB8: 40.197377 | AC8: 47.831917 | AD8: 40.17739 | AE8: 46.178841 | AF8: 41.78542 | AG8: 49.185319 | AH8: 41.360265 | AI8: 48.008512 | AJ8: 43.341096 | AK8: 50.03806 | AL8: 42.265368 | AM8: 49.559778 | AN8: 44.980393 | AO8: 50.669332 | AP8: 42.989847 | AQ8: 50.093576 | AR8: 46.125187 | AS8: 51.299442 | AT8: 43.538156 | AU8: 50.626021 | AV8: 47.037109 | AW8: 52.023035 | AX8: 44.136617 | AY8: 51.279722 | AZ8: 48.068624 | BA8: 52.872231 | BB8: 44.684809 | BC8: 52.243276 | BD8: 49.131534 | BE8: 53.767012 | BF8: 45.903246 | BG8: 53.692688 | BH8: 50.22795 | BI8: 54.854964
A9: 4. Fishing | B9: 64.863303 | C9: 61.431544 | D9: 58.210173 | E9: 65.206456 | F9: 70.75663 | G9: 68.272264 | H9: 61.673071 | I9: 69.621388 | J9: 75.228743 | K9: 73.771733 | L9: 64.867913 | M9: 77.438319 | N9: 82.336104 | O9: 80.957146 | P9: 69.769476 | Q9: 84.407179 | R9: 89.253575 | S9: 84.912348 | T9: 74.456089 | U9: 90.132108 | V9: 95.472088 | W9: 89.605296 | X9: 78.618043 | Y9: 95.006184 | Z9: 98.575468 | AA9: 83.47022 | AB9: 78.352002 | AC9: 95.730734 | AD9: 103.98672 | AE9: 81.197953 | AF9: 76.12329 | AG9: 99.605397 | AH9: 108.4027 | AI9: 80.103889 | AJ9: 76.759196 | AK9: 101.56829 | AL9: 116.09137 | AM9: 80.979012 | AN9: 78.050267 | AO9: 103.93983 | AP9: 117.81991 | AQ9: 85.57552 | AR9: 76.438231 | AS9: 100.19885 | AT9: 121.64202 | AU9: 87.518732 | AV9: 73.401807 | AW9: 101.88831 | AX9: 125.46412 | AY9: 88.30057 | AZ9: 73.665605 | BA9: 98.813506 | BB9: 121.80143 | BC9: 88.55589 | BD9: 71.945529 | BE9: 98.695902 | BF9: 120.04365 | BG9: 88.894746 | BH9: 70.572849 | BI9: 98.784806
A10: B. INDUSTRY | B10: 3284.2909 | C10: 3314.2129 | D10: 3422.531 | E10: 3805.3991 | F10: 3878.2798 | G10: 3708.6829 | H10: 3610.8057 | I10: 3788.8537 | J10: 3956.6269 | K10: 3797.6581 | L10: 4016.8746 | M10: 3579.2923 | N10: 4028.5065 | O10: 3831.4513 | P10: 4012.7222 | Q10: 3809.7846 | R10: 4223.4691 | S10: 4175.0009 | T10: 4230.7684 | U10: 4112.9151 | V10: 4116.7366 | W10: 4036.701 | X10: 4225.3916 | Y10: 3987.8277 | Z10: 3841.5428 | AA10: 3746.4363 | AB10: 3690.4899 | AC10: 3639.6775 | AD10: 3617.4573 | AE10: 3827.756 | AF10: 3976.0328 | AG10: 3817.0339 | AH10: 3855.5834 | AI10: 3842.9268 | AJ10: 3971.6602 | AK10: 3853.2571 | AL10: 3871.7981 | AM10: 3952.2201 | AN10: 4099.2393 | AO10: 3959.089 | AP10: 3959.1711 | AQ10: 3476.0864 | AR10: 3848.2394 | AS10: 3670.2183 | AT10: 3996.3167 | AU10: 3433.3521 | AV10: 3785.5487 | AW10: 3668.5561 | AX10: 3724.282 | AY10: 3354.3102 | AZ10: 3482.7808 | BA10: 3634.2101 | BB10: 3735.9758 | BC10: 3289.1497 | BD10: 3498.6949 | BE10: 3774.6454 | BF10: 3817.7747 | BG10: 3405.1863 | BH10: 3574.8637 | BI10: 3850.2802
A11: 1. Mining and Quarrying | B11: 1952.2131 | C11: 1993.6834 | D11: 2104.9181 | E11: 2403.7396 | F11: 2423.1388 | G11: 2205.6552 | H11: 2036.6466 | I11: 1992.6143 | J11: 2225.1298 | K11: 1985.4054 | L11: 2238.667 | M11: 1795.1839 | N11: 1975.8873 | O11: 1664.9806 | P11: 1914.6522 | Q11: 1632.6314 | R11: 1849.6337 | S11: 1753.5317 | T11: 1848.9666 | U11: 1654.8977 | V11: 1703.4085 | W11: 1637.4767 | X11: 1869.8833 | Y11: 1521.739 | Z11: 1603.8995 | AA11: 1450.4373 | AB11: 1446.3545 | AC11: 1259.1255 | AD11: 1356.8471 | AE11: 1501.3044 | AF11: 1773.738 | AG11: 1393.8905 | AH11: 1548.2253 | AI11: 1443.6938 | AJ11: 1723.8773 | AK11: 1376.6808 | AL11: 1527.0625 | AM11: 1544.7728 | AN11: 1830.5119 | AO11: 1460.2836 | AP11: 1597.0175 | AQ11: 1442.806 | AR11: 1588.52 | AS11: 1191.0477 | AT11: 1562.0617 | AU11: 1265.5555 | AV11: 1420.8455 | AW11: 1117.7307 | AX11: 1157.6876 | AY11: 1125.168 | AZ11: 1118.1254 | BA11: 990.44373 | BB11: 1111.852 | BC11: 988.36316 | BD11: 1096.1736 | BE11: 1070.1162 | BF11: 1181.9369 | BG11: 1065.3301 | BH11: 1131.9683 | BI11: 1094.0021
A12: a. Crude Petroleum and Natural Gas | B12: 1937.6318 | C12: 1983.895 | D12: 2092.029 | E12: 2389.1207 | F12: 2406.6759 | G12: 2193.5731 | H12: 2022.2017 | I12: 1976.1859 | J12: 2207.3 | K12: 1970.2195 | L12: 2221.0191 | M12: 1774.7171 | N12: 1955.7681 | O12: 1646.6633 | P12: 1894.183 | Q12: 1608.669 | R12: 1826.6692 | S12: 1731.3769 | T12: 1826.0845 | U12: 1627.6841 | V12: 1677.8547 | W12: 1613.7503 | X12: 1845.3936 | Y12: 1492.9651 | Z12: 1597.1615 | AA12: 1426.0845 | AB12: 1420.268 | AC12: 1228.693 | AD12: 1347.989 | AE12: 1476.3953 | AF12: 1747.4109 | AG12: 1366.2524 | AH12: 1537.0384 | AI12: 1418.0731 | AJ12: 1696.6067 | AK12: 1344.1568 | AL12: 1514.6413 | AM12: 1519.8029 | AN12: 1806.747 | AO12: 1429.668 | AP12: 1591.2482 | AQ12: 1419.0384 | AR12: 1555.7716 | AS12: 1147.1377 | AT12: 1556.0735 | AU12: 1239.4611 | AV12: 1388.7985 | AW12: 1054.7213 | AX12: 1150.8519 | AY12: 1093.6074 | AZ12: 1073.8966 | BA12: 913.54758 | BB12: 1102.4387 | BC12: 946.73889 | BD12: 1064.7752 | BE12: 1024.2067 | BF12: 1165.2798 | BG12: 1042.809 | BH12: 1119.8361 | BI12: 1039.3179
A13: b. Coal Mining | B13: 1.1123514 | C13: 0.86130544 | D13: 0.40053818 | E13: 0.84403585 | F13: 1.2983777 | G13: 1.0590514 | H13: 0.48609696 | I13: 1.0311675 | J13: 1.4403647 | K13: 1.326976 | L13: 0.57445671 | M13: 1.2348354 | N13: 1.7179488 | O13: 1.6286148 | P13: 0.67888903 | Q13: 1.4713114 | R13: 1.9997576 | S13: 1.9528148 | T13: 0.82351913 | U13: 1.8116038 | V13: 2.2878151 | W13: 2.1362619 | X13: 0.89701054 | Y13: 1.9509672 | Z13: 2.3641227 | AA13: 2.193563 | AB13: 0.82738723 | AC13: 1.9595781 | AD13: 2.4119993 | AE13: 2.3014761 | AF13: 0.50893606 | AG13: 2.015593 | AH13: 2.47138 | AI13: 2.2086545 | AJ13: 0.50006769 | AK13: 1.6371251 | AL13: 3.2399439 | AM13: 2.3771607 | AN13: 0.66103083 | AO13: 1.4354967 | AP13: 1.8336166 | AQ13: 2.6275224 | AR13: 0.56853693 | AS13: 1.1030152 | AT13: 1.8456674 | AU13: 3.5244455 | AV13: 0.54466127 | AW13: 1.7969228 | AX13: 1.6063416 | AY13: 4.7952806 | AZ13: 0.30779137 | BA13: 1.4836059 | BB13: 1.6254469 | BC13: 4.0409157 | BD13: 0.48638781 | BE13: 1.0927201 | BF13: 0.6025591 | BG13: 1.9466662 | BH13: 0.17723151 | BI13: -0.23304105
A14: c. Metal Ores | B14: 0.8144751 | C14: 0.66427174 | D14: 0.54712125 | E14: 0.32897521 | F14: 0.89974301 | G14: 0.81463355 | H14: 0.62123887 | I14: 0.37135348 | J14: 0.9211118 | K14: 0.91905685 | L14: 0.65421125 | M14: 0.39520366 | N14: 1.0211508 | O14: 1.1073797 | P14: 0.74654312 | Q14: 0.45156491 | R14: 1.1289142 | S14: 1.3199968 | T14: 0.88739401 | U14: 0.54263438 | V14: 1.222585 | W14: 1.4098928 | X14: 0.94820055 | Y14: 0.58024009 | Z14: 1.9198371 | AA14: 1.4694391 | AB14: 1.0134884 | AC14: 0.62102658 | AD14: 2.7028706 | AE14: 1.4534847 | AF14: 1.1218951 | AG14: 0.81888916 | AH14: 3.9445694 | AI14: 1.5575815 | AJ14: 1.3130121 | AK14: 0.88773712 | AL14: 3.0120844 | AM14: 1.4988669 | AN14: 1.2152834 | AO14: 0.8690401 | AP14: 2.8886055 | AQ14: 1.3937473 | AR14: 1.139678 | AS14: 0.7875243 | AT14: 3.7213769 | AU14: 1.6881502 | AV14: 1.7656278 | AW14: 1.1573309 | AX14: 4.8661251 | AY14: 1.2580709 | AZ14: 2.4055051 | BA14: 1.1345824 | BB14: 7.423716 | BC14: 2.0829058 | BD14: 4.0835201 | BE14: 0.93724653 | BF14: 15.912379 | BG14: 3.2935512 | BH14: 4.9748503 | BI14: 1.2760583
A15: d. Quarrying and Other Minerals | B15: 12.65448 | C15: 8.2628244 | D15: 11.941492 | E15: 13.445925 | F15: 14.264788 | G15: 10.208422 | H15: 13.337532 | I15: 15.025869 | J15: 15.468309 | K15: 12.939807 | L15: 16.41922 | M15: 18.836708 | N15: 17.380161 | O15: 15.581277 | P15: 19.043736 | Q15: 22.039547 | R15: 19.83584 | S15: 18.881919 | T15: 21.171128 | U15: 24.859347 | V15: 22.043403 | W15: 20.180255 | X15: 22.644527 | Y15: 26.242649 | Z15: 2.4540436 | AA15: 20.68972 | AB15: 24.24562 | AC15: 27.851915 | AD15: 3.7432776 | AE15: 21.154097 | AF15: 24.696247 | AG15: 24.803552 | AH15: 4.7709229 | AI15: 21.854404 | AJ15: 25.45748 | AK15: 29.99909 | AL15: 6.1691572 | AM15: 21.093829 | AN15: 21.888666 | AO15: 28.311045 | AP15: 1.0470396 | AQ15: 19.74631 | AR15: 31.040264 | AS15: 42.01949 | AT15: 0.42107974 | AU15: 20.881865 | AV15: 29.736731 | AW15: 60.055169 | AX15: 0.3632885 | AY15: 25.507266 | AZ15: 41.515509 | BA15: 74.277956 | BB15: 0.36413341 | BC15: 35.500448 | BD15: 26.828539 | BE15: 43.879516 | BF15: 0.14216295 | BG15: 17.280824 | BH15: 6.9801267 | BI15: 53.641157
A16: 2. Manufacturing | B16: 875.40817 | C16: 880.63678 | D16: 892.14645 | E16: 930.45031 | F16: 958.33055 | G16: 1035.1688 | H16: 1092.2582 | I16: 1130.4338 | J16: 1179.0968 | K16: 1169.0527 | L16: 1245.8602 | M16: 1189.6497 | N16: 1428.428 | O16: 1433.7886 | P16: 1481.9168 | Q16: 1482.2251 | R16: 1648.5748 | S16: 1634.7256 | T16: 1718.9853 | U16: 1681.9321 | V16: 1637.0671 | W16: 1572.3382 | X16: 1688.8736 | Y16: 1688.3398 | Z16: 1522.488 | AA16: 1519.448 | AB16: 1614.8946 | AC16: 1645.4017 | AD16: 1543.1875 | AE16: 1529.1727 | AF16: 1568.8547 | AG16: 1647.6819 | AH16: 1595.5636 | AI16: 1539.5668 | AJ16: 1599.0435 | AK16: 1686.4164 | AL16: 1608.4618 | AM16: 1537.5222 | AN16: 1616.5846 | AO16: 1707.2632 | AP16: 1615.3906 | AQ16: 1402.5714 | AR16: 1592.2091 | AS16: 1681.4211 | AT16: 1670.3937 | AU16: 1451.5112 | AV16: 1660.5638 | AW16: 1719.7889 | AX16: 1768.8202 | AY16: 1495.1221 | AZ16: 1628.9119 | BA16: 1768.5376 | BB16: 1797.2919 | BC16: 1528.0056 | BD16: 1636.7519 | BE16: 1792.9099 | BF16: 1824.1393 | BG16: 1547.5255 | BH16: 1651.8734 | BI16: 1824.923
... A63: Total GDP at Constant Market Prices | B63: 12790.378 | C63: 13141.505 | D63: 14516.589 | E63: 15020.878 | F63: 13621.793 | G63: 13917.309 | H63: 15007.593 | I63: 15633.657 | J63: 14105.662 | K63: 14504.45 | L63: 15825.997 | M63: 16233.942 | N63: 14715.33 | O63: 15262.311 | P63: 16646.797 | Q63: 17318.408 | R63: 15601.048 | S63: 16249.367 | T63: 17707.533 | U63: 18419.511 | V63: 16203.804 | W63: 16623.054 | X63: 18208.475 | Y63: 18745.36 | Z63: 16087.23 | AA63: 16349.29 | AB63: 17775.969 | AC63: 18439.941 | AD63: 15919.657 | AE63: 16477.424 | AF63: 17988.951 | AG63: 18819.659 | AH63: 16234.955 | AI63: 16718.625 | AJ63: 18305.126 | AK63: 19277.642 | AL63: 16569.735 | AM63: 17076.101 | AN63: 18697.324 | AO63: 19750.935 | AP63: 16893.27 | AQ63: 16044.514 | AR63: 18109.596 | AS63: 19753.164 | AT63: 16962.506 | AU63: 16904.236 | AV63: 18845.916 | AW63: 20670.113 | AX63: 17573.272 | AY63: 17478.223 | AZ63: 19294.014 | BA63: 21423.437 | BB63: 17994.283 | BC63: 17941.051 | BD63: 19889.648 | BE63: 22111.118 | BF63: 18497.172 | BG63: 18480.671 | BH63: 20510.484 | BI63: 23118.206
A64: Source: National Bureau of Statistics
A65: Note 1Provisional

Sheet C1.6
A1: Return to Menu
A2: Table C.1.6: Old Series - Implicit Price Deflator - Quarterly
A3: Activity Sector | B3: 2010 | F3: 2011 | I3: 2011 | J3: 2012 | N3: 2013 | P3: 2013 | R3: 2014 | V3: 2015 | W3: 2015 | Z3: 2016 | AD3: 2017 | AH3: 2018 | AJ3: 2018 | AL3: 2019 | AP3: 2020 1 | AT3: 2021 1 | AV3: 2021 1 | AX3: 2022 1 | BB3: 2023 1 | BF3: 2024 1
B4: Q1 | C4: Q2 | D4: Q3 | E4: Q4 | F4: Q1 | G4: Q2 | H4: Q3 | I4: Q4 | J4: Q1 | K4: Q2 | L4: Q3 | M4: Q4 | N4: Q1 | O4: Q2 | P4: Q3 | Q4: Q4 | R4: Q1 | S4: Q2 | T4: Q3 | U4: Q4 | V4: Q1 | W4: Q2 | X4: Q3 | Y4: Q4 | Z4: Q1 | AA4: Q2 | AB4: Q3 | AC4: Q4 | AD4: Q1 | AE4: Q2 | AF4: Q3 | AG4: Q4 | AH4: Q1 | AI4: Q2 | AJ4: Q3 | AK4: Q4 | AL4: Q1 | AM4: Q2 | AN4: Q3 | AO4: Q4 | AP4: Q1 | AQ4: Q2 | AR4: Q3 | AS4: Q4 | AT4: Q1 | AU4: Q2 | AV4: Q3 | AW4: Q4 | AX4: Q1 | AY4: Q2 | AZ4: Q3 | BA4: Q4 | BB4: Q1 | BC4: Q2 | BD4: Q3 | BE4: Q4 | BF4: Q1 | BG4: Q2 | BH4: Q3 | BI4: Q4
A5: A. AGRICULTURE | B5: 100 | C5: 100 | D5: 100 | E5: 100 | F5: 104.31829 | G5: 101.53655 | H5: 103.69653 | I5: 108.01561 | J5: 110.75287 | K5: 104.73938 | L5: 108.56388 | M5: 116.41803 | N5: 114.30559 | O5: 108.3289 | P5: 112.03066 | Q5: 120.31194 | R5: 114.70001 | S5: 111.45157 | T5: 117.08644 | U5: 123.36779 | V5: 117.70013 | W5: 117.56252 | X5: 123.72977 | Y5: 130.54367 | Z5: 130.32823 | AA5: 127.35021 | AB5: 127.07795 | AC5: 133.57542 | AD5: 138.41624 | AE5: 139.11935 | AF5: 138.71078 | AG5: 141.12696 | AH5: 142.16844 | AI5: 152.11099 | AJ5: 161.04549 | AK5: 163.33785 | AL5: 168.90894 | AM5: 175.97511 | AN5: 180.87597 | AO5: 181.6809 | AP5: 202.40323 | AQ5: 207.71142 | AR5: 202.5139 | AS5: 200.31961 | AT5: 227.85429 | AU5: 218.08485 | AV5: 215.97387 | AW5: 218.27136 | AX5: 246.38273 | AY5: 245.29968 | AZ5: 255.89933 | BA5: 253.83752 | BB5: 261.6389 | BC5: 269.2778 | BD5: 280.55557 | BE5: 285.74212 | BF5: ='C1.4'!BF5/'C1.5'!BF5*100 -> 263.1707 | BG5: ='C1.4'!BG5/'C1.5'!BG5*100 -> 273.12279 | BH5: ='C1.4'!BH5/'C1.5'!BH5*100 -> 308.70252 | BI5: ='C1.4'!BI5/'C1.5'!BI5*100 -> 298.26836
A6: 1. Crop Production | B6: 100 | C6: 100 | D6: 100 | E6: 100 | F6: 103.35534 | G6: 99.456571 | H6: 103.74757 | I6: 107.96302 | J6: 109.13096 | K6: 102.73472 | L6: 107.22829 | M6: 115.36724 | N6: 112.28407 | O6: 105.81681 | P6: 110.39396 | Q6: 118.9664 | R6: 111.62732 | S6: 108.02 | T6: 115.04719 | U6: 121.32 | V6: 113.78004 | W6: 114.02374 | X6: 121.68877 | Y6: 128.50438 | Z6: 126.01358 | AA6: 124.56735 | AB6: 125.03268 | AC6: 130.93973 | AD6: 134.85546 | AE6: 136.10169 | AF6: 136.53244 | AG6: 138.43365 | AH6: 137.9617 | AI6: 149.21529 | AJ6: 159.14032 | AK6: 160.59823 | AL6: 164.54918 | AM6: 172.70997 | AN6: 179.45319 | AO6: 178.55527 | AP6: 199.11896 | AQ6: 206.0771 | AR6: 201.28366 | AS6: 196.6359 | AT6: 219.13791 | AU6: 213.30386 | AV6: 213.60807 | AW6: 214.30307 | AX6: 239.68672 | AY6: 240.69672 | AZ6: 254.60506 | BA6: 249.41398 | BB6: 252.70365 | BC6: 264.10339 | BD6: 279.78242 | BE6: 281.48759 | BF6: ='C1.4'!BF6/'C1.5'!BF6*100 -> 253.62278 | BG6: ='C1.4'!BG6/'C1.5'!BG6*100 -> 265.45779 | BH6: ='C1.4'!BH6/'C1.5'!BH6*100 -> 307.87046 | BI6: ='C1.4'!BI6/'C1.5'!BI6*100 -> 295.60801
A7: 2. Livestock | B7: 100 | C7: 100 | D7: 100 | E7: 100 | F7: 112.31228 | G7: 123.6575 | H7: 102.92994 | I7: 109.16953 | J7: 126.49477 | K7: 127.04005 | L7: 129.77497 | M7: 130.99219 | N7: 133.33478 | O7: 134.17671 | P7: 137.0299 | Q7: 138.0149 | R7: 141.57968 | S7: 144.1989 | T7: 145.64089 | U7: 147.0973 | V7: 149.30376 | W7: 150.73105 | X7: 152.4012 | Y7: 154.4012 | Z7: 158.76705 | AA7: 154.8266 | AB7: 156.51342 | AC7: 162.25194 | AD7: 163.76815 | AE7: 163.95915 | AF7: 164.02312 | AG7: 164.08834 | AH7: 164.16197 | AI7: 169.88149 | AJ7: 170.21743 | AK7: 173.38915 | AL7: 174.57 | AM7: 176.57 | AN7: 170.80735 | AO7: 175.11002 | AP7: 171.65875 | AQ7: 173.58757 | AR7: 171.18514 | AS7: 171.78481 | AT7: 203.38657 | AU7: 174.99044 | AV7: 173.59643 | AW7: 174.29143 | AX7: 206.21366 | AY7: 207.22366 | AZ7: 208.13199 | BA7: 217.44387 | BB7: 228.22555 | BC7: 240.63032 | BD7: 232.25935 | BE7: 251.03308 | BF7: ='C1.4'!BF7/'C1.5'!BF7*100 -> 239.14972 | BG7: ='C1.4'!BG7/'C1.5'!BG7*100 -> 272.81837 | BH7: ='C1.4'!BH7/'C1.5'!BH7*100 -> 271.39739 | BI7: ='C1.4'!BI7/'C1.5'!BI7*100 -> 247.3811
A8: 3. Forestry | B8: 100 | C8: 100 | D8: 100 | E8: 100 | F8: 107.09218 | G8: 107.24052 | H8: 105.93542 | I8: 109.25476 | J8: 122.05416 | K8: 112.1733 | L8: 113.76418 | M8: 118.64436 | N8: 121.36147 | O8: 121.36147 | P8: 121.36147 | Q8: 122.92253 | R8: 126.04254 | S8: 127.61565 | T8: 129.74159 | U8: 131.18469 | V8: 134.7554 | W8: 132.16086 | X8: 132.84973 | Y8: 133.25533 | Z8: 136.56858 | AA8: 134.51691 | AB8: 136.02228 | AC8: 142.79161 | AD8: 144.96755 | AE8: 145.04516 | AF8: 145.07108 | AG8: 145.09724 | AH8: 145.12496 | AI8: 145.82349 | AJ8: 150.5822 | AK8: 154.87192 | AL8: 156.11 | AM8: 157.11 | AN8: 147.99882 | AO8: 148.93502 | AP8: 149.13827 | AQ8: 150.70856 | AR8: 149.9459 | AS8: 148.18363 | AT8: 168.42172 | AU8: 149.66021 | AV8: 148.89909 | AW8: 149.59409 | AX8: 171.0884 | AY8: 172.0984 | AZ8: 173.00673 | BA8: 192.74653 | BB8: 199.1265 | BC8: 205.50506 | BD8: 197.13409 | BE8: 259.33062 | BF8: ='C1.4'!BF8/'C1.5'!BF8*100 -> 203.02446 | BG8: ='C1.4'!BG8/'C1.5'!BG8*100 -> 212.69311 | BH8: ='C1.4'!BH8/'C1.5'!BH8*100 -> 216.27213 | BI8: ='C1.4'!BI8/'C1.5'!BI8*100 -> 263.25584
A9: 4. Fishing | B9: 100 | C9: 100 | D9: 100 | E9: 100 | F9: 107.42448 | G9: 105.46972 | H9: 102.37215 | I9: 105.10687 | J9: 109.80662 | K9: 109.90808 | L9: 110.78126 | M9: 112.5054 | N9: 114.93918 | O9: 114.93918 | P9: 114.93918 | Q9: 117.18534 | R9: 121.24873 | S9: 127.61565 | T9: 127.91212 | U9: 125.85024 | V9: 130.88425 | W9: 133.74687 | X9: 133.77552 | Y9: 132.80221 | Z9: 167.84585 | AA9: 137.96178 | AB9: 139.56991 | AC9: 144.59829 | AD9: 164.05091 | AE9: 170.97081 | AF9: 177.82257 | AG9: 180.72453 | AH9: 199.89103 | AI9: 215.08288 | AJ9: 253.21254 | AK9: 254.76856 | AL9: 277.27826 | AM9: 324.28648 | AN9: 328.43982 | AO9: 357.45864 | AP9: 389.04138 | AQ9: 423.41456 | AR9: 437.82473 | AS9: 501.54023 | AT9: 545.85307 | AU9: 594.08114 | AV9: 596.5703 | AW9: 597.2653 | AX9: 555.85308 | AY9: 596.86308 | AZ9: 597.77142 | BA9: 640.41774 | BB9: 598.87677 | BC9: 609.96975 | BD9: 599.89878 | BE9: 642.67476 | BF9: ='C1.4'!BF9/'C1.5'!BF9*100 -> 599.78914 | BG9: ='C1.4'!BG9/'C1.5'!BG9*100 -> 631.45779 | BH9: ='C1.4'!BH9/'C1.5'!BH9*100 -> 601.03682 | BI9: ='C1.4'!BI9/'C1.5'!BI9*100 -> 634.02052
A10: B. INDUSTRY | B10: 100 | C10: 100 | D10: 100 | E10: 100 | F10: 114.42334 | G10: 120.13 | H10: 121.12829 | I10: 121.05268 | J10: 126.60409 | K10: 126.56498 | L10: 128.75841 | M10: 128.51424 | N10: 131.20993 | O10: 130.68242 | P10: 133.39323 | Q10: 136.70883 | R10: 133.95659 | S10: 138.38373 | T10: 129.16276 | U10: 129.18554 | V10: 111.15004 | W10: 123.85239 | X10: 114.36519 | Y10: 119.88719 | Z10: 103.30981 | AA10: 112.99826 | AB10: 131.86515 | AC10: 153.1069 | AD10: 159.42247 | AE10: 164.18576 | AF10: 172.3341 | AG10: 176.4766 | AH10: 204.31668 | AI10: 225.38996 | AJ10: 215.54555 | AK10: 210.68985 | AL10: 230.30483 | AM10: 251.65949 | AN10: 264.21657 | AO10: 257.27502 | AP10: 265.43878 | AQ10: 270.49899 | AR10: 298.11293 | AS10: 330.95392 | AT10: 332.94454 | AU10: 357.30476 | AV10: 384.77703 | AW10: 413.29618 | AX10: 405.18295 | AY10: 415.47257 | AZ10: 474.17107 | BA10: 460.57476 | BB10: 479.27914 | BC10: 526.57302 | BD10: 591.39341 | BE10: 542.2948 | BF10: ='C1.4'!BF10/'C1.5'!BF10*100 -> 519.20161 | BG10: ='C1.4'!BG10/'C1.5'!BG10*100 -> 518.60044 | BH10: ='C1.4'!BH10/'C1.5'!BH10*100 -> 608.55574 | BI10: ='C1.4'!BI10/'C1.5'!BI10*100 -> 598.28671
A11: 1. Mining and Quarrying | B11: 100 | C11: 100 | D11: 100 | E11: 100 | F11: 119.64794 | G11: 128.89446 | H11: 131.68695 | I11: 134.23456 | J11: 136.46354 | K11: 137.61772 | L11: 138.51967 | M11: 140.19556 | N11: 140.53592 | O11: 140.9189 | P11: 143.99477 | Q11: 153.18026 | R11: 142.52194 | S11: 151.50165 | T11: 127.22536 | U11: 125.18256 | V11: 83.262052 | W11: 108.20802 | X11: 83.740563 | Y11: 88.318959 | Z11: 55.793759 | AA11: 68.02302 | AB11: 112.90812 | AC11: 155.26542 | AD11: 158.73053 | AE11: 163.56727 | AF11: 181.23444 | AG11: 190.68751 | AH11: 254.32724 | AI11: 261.9483 | AJ11: 204.27096 | AK11: 174.91302 | AL11: 208.02897 | AM11: 203.63253 | AN11: 203.88258 | AO11: 185.91845 | AP11: 177.89634 | AQ11: 183.09154 | AR11: 188.13719 | AS11: 199.86421 | AT11: 181.64312 | AU11: 194.70832 | AV11: 200.56087 | AW11: 231.39764 | AX11: 308.67417 | AY11: 327.95349 | AZ11: 342.18588 | BA11: 258.33747 | BB11: 310.08411 | BC11: 346.78471 | BD11: 460.37761 | BE11: 275.13981 | BF11: ='C1.4'!BF11/'C1.5'!BF11*100 -> 391.27316 | BG11: ='C1.4'!BG11/'C1.5'!BG11*100 -> 320.53109 | BH11: ='C1.4'!BH11/'C1.5'!BH11*100 -> 484.82206 | BI11: ='C1.4'!BI11/'C1.5'!BI11*100 -> 453.43605
A12: a. Crude Petroleum and Natural Gas | B12: 100 | C12: 100 | D12: 100 | E12: 100 | F12: 119.78055 | G12: 129.05218 | H12: 131.91153 | I12: 134.51708 | J12: 136.754 | K12: 137.90378 | L12: 138.82173 | M12: 140.65328 | N12: 140.93252 | O12: 141.35174 | P12: 144.44655 | Q12: 153.93749 | R12: 142.99613 | S12: 152.09447 | T12: 127.5 | U12: 125.50574 | V12: 82.908952 | W12: 108.22 | X12: 83.433766 | Y12: 87.962091 | Z12: 55.566699 | AA12: 67.286554 | AB12: 112.84604 | AC12: 156.06449 | AD12: 158.90071 | AE12: 163.93674 | AF12: 181.78083 | AG12: 191.55827 | AH12: 255.11966 | AI12: 262.96175 | AJ12: 203.49358 | AK12: 172.68157 | AL12: 207.8611 | AM12: 201.32 | AN12: 200.6 | AO12: 179.6273 | AP12: 177.66935 | AQ12: 177.5847 | AR12: 178.84222 | AS12: 180.10864 | AT12: 181.38403 | AU12: 182.66846 | AV12: 183.96198 | AW12: 189.11 | AX12: 308.76349 | AY12: 309.53849 | AZ12: 311.80771 | BA12: 184.52455 | BB12: 309.985 | BC12: 310.62703 | BD12: 439.72124 | BE12: 201.70573 | BF12: ='C1.4'!BF12/'C1.5'!BF12*100 -> 390.71953 | BG12: ='C1.4'!BG12/'C1.5'!BG12*100 -> 303.54937 | BH12: ='C1.4'!BH12/'C1.5'!BH12*100 -> 480.26911 | BI12: ='C1.4'!BI12/'C1.5'!BI12*100 -> 384.45388
A13: b. Coal Mining | B13: 100 | C13: 100 | D13: 100 | E13: 100 | F13: 100.25 | G13: 100.25 | H13: 100.25 | I13: 100.25 | J13: 100.50063 | K13: 100.50063 | L13: 100.50063 | M13: 100.50062 | N13: 100.70163 | O13: 100.70163 | P13: 100.70163 | Q13: 100.70163 | R13: 103.15049 | S13: 105.79965 | T13: 106.15231 | U13: 106.22284 | V13: 106.60525 | W13: 114.23435 | X13: 107.79566 | Y13: 109.54508 | Z13: 110.44878 | AA13: 112.43068 | AB13: 118.10648 | AC13: 124.50369 | AD13: 129.13356 | AE13: 130.49091 | AF13: 130.96237 | AG13: 131.5144 | AH13: 132.60936 | AI13: 144.87446 | AJ13: 155.91903 | AK13: 154.25482 | AL13: 159.17036 | AM13: 173.31473 | AN13: 169.47637 | AO13: 174.87696 | AP13: 180.44966 | AQ13: 186.19994 | AR13: 192.13346 | AS13: 198.25606 | AT13: 204.57341 | AU13: 211.09251 | AV13: 217.81955 | AW13: 218.87955 | AX13: 264.57376 | AY13: 265.34876 | AZ13: 266.17043 | BA13: 296.99258 | BB13: 305.29193 | BC13: 320.98 | BD13: 442.58184 | BE13: 444.16324 | BF13: ='C1.4'!BF13/'C1.5'!BF13*100 -> 446.37325 | BG13: ='C1.4'!BG13/'C1.5'!BG13*100 -> 352.70673 | BH13: ='C1.4'!BH13/'C1.5'!BH13*100 -> 456.32786 | BI13: ='C1.4'!BI13/'C1.5'!BI13*100 -> 460.9325
A14: c. Metal Ores | B14: 100 | C14: 100 | D14: 100 | E14: 100 | F14: 100.38938 | G14: 100.32751 | H14: 100.06502 | I14: 100.05173 | J14: 100.50062 | K14: 100.50062 | L14: 100.50062 | M14: 100.50062 | N14: 100.70163 | O14: 100.70163 | P14: 100.70163 | Q14: 100.70163 | R14: 103.15049 | S14: 105.79965 | T14: 106.15231 | U14: 106.22284 | V14: 106.60525 | W14: 107.36423 | X14: 107.79566 | Y14: 107.25504 | Z14: 110.44878 | AA14: 112.43068 | AB14: 118.10648 | AC14: 124.50369 | AD14: 129.13356 | AE14: 130.49091 | AF14: 130.96237 | AG14: 131.5144 | AH14: 132.60936 | AI14: 144.87446 | AJ14: 155.91903 | AK14: 154.25482 | AL14: 159.17036 | AM14: 173.31473 | AN14: 183.62073 | AO14: 174.87696 | AP14: 180.44966 | AQ14: 186.19994 | AR14: 192.13346 | AS14: 198.25606 | AT14: 204.57357 | AU14: 211.75962 | AV14: 217.81955 | AW14: 218.08622 | AX14: 240.57376 | AY14: 241.34876 | AZ14: 242.17043 | BA14: 272.99258 | BB14: 282.2884 | BC14: 417.4971 | BD14: 260.58184 | BE14: 420.16324 | BF14: ='C1.4'!BF14/'C1.5'!BF14*100 -> 422.37325 | BG14: ='C1.4'!BG14/'C1.5'!BG14*100 -> 428.70673 | BH14: ='C1.4'!BH14/'C1.5'!BH14*100 -> 332.32786 | BI14: ='C1.4'!BI14/'C1.5'!BI14*100 -> 442.9325
A15: d. Quarrying and Other Minerals | B15: 100 | C15: 100 | D15: 100 | E15: 100 | F15: 100.25476 | G15: 100.25476 | H15: 100.25476 | I15: 100.25476 | J15: 100.5054 | K15: 100.5054 | L15: 100.5054 | M15: 100.5054 | N15: 102.18474 | O15: 102.23722 | P15: 102.29825 | Q15: 102.4884 | R15: 105.06417 | S15: 105.06417 | T15: 105.23928 | U15: 105.81809 | V15: 106.42126 | W15: 106.67064 | X15: 106.78249 | Y15: 106.62479 | Z15: 108.1606 | AA15: 110.92342 | AB15: 116.14978 | AC15: 122.86463 | AD15: 137.88756 | AE15: 143.65221 | AF15: 145.89398 | AG15: 149.4857 | AH15: 162.72239 | AI15: 216.36373 | AJ15: 259.52259 | AK15: 276.63539 | AL15: 298.7592 | AM15: 375.82052 | AN15: 476.99931 | AO15: 504.51145 | AP15: 511.34727 | AQ15: 578.19933 | AR15: 653.79143 | AS15: 739.26623 | AT15: 835.91479 | AU15: 905.20073 | AV15: 974.44045 | AW15: 974.70711 | AX15: 1132.9157 | AY15: 1133.5257 | AZ15: 1134.3474 | BA15: 1165.1696 | BB15: 1208.2039 | BC15: 1309.8391 | BD15: 1310.9238 | BE15: 1981.8829 | BF15: ='C1.4'!BF15/'C1.5'!BF15*100 -> 1214.7152 | BG15: ='C1.4'!BG15/'C1.5'!BG15*100 -> 1321.0487 | BH15: ='C1.4'!BH15/'C1.5'!BH15*100 -> 1324.6699 | BI15: ='C1.4'!BI15/'C1.5'!BI15*100 -> 1790.2745
A16: 2. Manufacturing | B16: 100 | C16: 100 | D16: 100 | E16: 100 | F16: 106.46703 | G16: 106.92227 | H16: 107.80035 | I16: 108.17573 | J16: 116.09853 | K16: 116.44822 | L16: 117.21247 | M16: 117.53569 | N16: 123.31115 | O16: 123.86581 | P16: 124.47756 | Q16: 124.89896 | R16: 128.26397 | S16: 129.86418 | T16: 130.47058 | U16: 131.11169 | V16: 130.77575 | W16: 135.11785 | X16: 139.16623 | Y16: 139.6659 | Z16: 136.42433 | AA16: 138.39661 | AB16: 141.27492 | AC16: 148.40671 | AD16: 156.98058 | AE16: 159.47113 | AF16: 160.42673 | AG16: 161.83518 | AH16: 165.38498 | AI16: 189.3069 | AJ16: 208.9113 | AK16: 211.19438 | AL16: 223.85337 | AM16: 261.18709 | AN16: 288.66954 | AO16: 263.46676 | AP16: 286.36078 | AQ16: 285.92809 | AR16: 332.78769 | AS16: 333.33017 | AT16: 365.82066 | AU16: 382.18572 | AV16: 423.5225 | AW16: 409.05564 | AX16: 385.93959 | AY16: 390.36295 | AZ16: 441.23306 | BA16: 433.02663 | BB16: 447.61983 | BC16: 496.16332 | BD16: 599.79638 | BE16: 589.71834 | BF16: ='C1.4'!BF16/'C1.5'!BF16*100 -> 477.22946 | BG16: ='C1.4'!BG16/'C1.5'!BG16*100 -> 499.24679 | BH16: ='C1.4'!BH16/'C1.5'!BH16*100 -> 615.84553 | BI16: ='C1.4'!BI16/'C1.5'!BI16*100 -> 596.29012
... A59: TOTAL (GDP) | B59: 100 | C59: 100 | D59: 100 | E59: 100 | F59: 107.81171 | G59: 109.42909 | H59: 109.06921 | I59: 111.47953 | J59: 118.21604 | K59: 123.88168 | L59: 118.38342 | M59: 118.39995 | N59: 125.8693 | O59: 132.02178 | P59: 124.37056 | Q59: 124.92011 | R59: 130.64445 | S59: 135.12801 | T59: 131.20302 | U59: 133.36302 | V59: 131.09603 | W59: 138.8488 | X59: 135.25434 | Y59: 139.90944 | Z59: 139.46132 | AA59: 145.18855 | AB59: 151.16482 | AC59: 160.15043 | AD59: 164.75764 | AE59: 165.47729 | AF59: 165.41271 | AG59: 168.16454 | AH59: 176.67401 | AI59: 185.15456 | AJ59: 184.54409 | AK59: 185.02073 | AL59: 193.64293 | AM59: 206.72718 | AN59: 204.42679 | AO59: 202.67256 | AP59: 212.92445 | AQ59: 214.01021 | AR59: 219.30208 | AS59: 222.83211 | AT59: 237.80082 | AU59: 234.34858 | AV59: 243.29027 | AW59: 242.39199 | AX59: 261.20715 | AY59: 260.35419 | AZ59: 275.61147 | BA59: 269.70735 | BB59: 288.6872 | BC59: 294.05125 | BD59: 263.56039 | BE59: 302.70271 | BF59: ='C1.4'!BF59/'C1.5'!BF59*100 -> 321.99615 | BG59: ='C1.4'!BG59/'C1.5'!BG59*100 -> 333.22361 | BH59: ='C1.4'!BH59/'C1.5'!BH59*100 -> 353.60865 | BI59: ='C1.4'!BI59/'C1.5'!BI59*100 -> 346.62874
A60: Source: National Bureau of Statistics
A61: Note 1Provisional

Sheet C1.7
A1: Return to Menu
A2: Table C.1.7: Gross Domestic Product by Expenditure and Income at Current Purchasers' Prices - Annual (₦' Billion)
A3: Components | B3: 1981 | C3: 1982 | D3: 1983 | E3: 1984 | F3: 1985 | G3: 1986 | H3: 1987 | I3: 1988 | J3: 1989 | K3: 1990 | L3: 1991 | M3: 1992 | N3: 1993 | O3: 1994 | P3: 1995 | Q3: 1996 | R3: 1997 | S3: 1998 | T3: 1999 | U3: 2000 | V3: 2001 | W3: 2002 | X3: 2003 | Y3: 2004 | Z3: 2005 | AA3: 2006 | AB3: 2007 | AC3: 2008 | AD3: 2009 | AE3: 2010 | AF3: 2011 | AG3: 2012 | AH3: 2013 | AI3: 2014 | AJ3: 2015 | AK3: 2016 | AL3: 2017 | AM3: 2018 | AN3: 2019 | AO3: 2020 | AP3: 2021 1 | AQ3: 2022 1 | AR3: 2023 1 | AS3: 2024 1
A4: Final Consumption Expenditure Of Household | B4: 13.600228 | C4: 18.278094 | D4: 33.369044 | E4: 58.743052 | F4: 89.362635 | G4: 82.237717 | H4: 102.54739 | I4: 154.90194 | J4: 123.21379 | K4: 170.00373 | L4: 228.17407 | M4: 400.38833 | N4: 586.78447 | O4: 916.12972 | P4: 1627.2084 | Q4: 2301.2811 | R4: 2405.0944 | S4: 2912.8139 | T4: 2836.1281 | U4: 2857.5091 | V4: 4930.9824 | W4: 7386.6429 | X4: 8822.3445 | Y4: 10716.099 | Z4: 13848.742 | AA4: 15261.237 | AB4: 22816.868 | AC4: 23891.289 | AD4: 29427.608 | AE4: 36452.425 | AF4: 41437.721 | AG4: 42115.912 | AH4: 58745.852 | AI4: 63524.495 | AJ4: 74410.953 | AK4: 83218.224 | AL4: 91599.982 | AM4: 98392.125 | AN4: 108085.82 | AO4: 97718.072 | AP4: 108468.24 | AQ4: 130077.62 | AR4: 146693.54 | AS4: 173008.85
A5: Final Consumption Expenditure Of Non-Profits Serving Household | B5: 0.099706895 | C5: 0.13284079 | D5: 0.20284377 | E5: 0.36782493 | F5: 0.54740244 | G5: 0.49423948 | H5: 0.6577492 | I5: 1.0290667 | J5: 0.73482939 | K5: 0.9865197 | L5: 1.3660788 | M5: 2.3495693 | N5: 3.4511161 | O5: 5.553948 | P5: 10.053141 | Q5: 14.354921 | R5: 15.09747 | S5: 18.322355 | T5: 18.203676 | U5: 18.166599 | V5: 31.294141 | W5: 47.058773 | X5: 56.61347 | Y5: 64.574407 | Z5: 83.903994 | AA5: 91.25124 | AB5: 128.65788 | AC5: 133.47308 | AD5: 169.0128 | AE5: 224.47956 | AF5: 248.7907 | AG5: 278.57015 | AH5: 302.24861 | AI5: 336.34465 | AJ5: 374.73359 | AK5: 416.93229 | AL5: 465.147 | AM5: 483.21873 | AN5: 552.42943 | AO5: 865.7512 | AP5: 964.85699 | AQ5: 1503.756 | AR5: 1720.5138 | AS5: 2076.1513
A6: Final Consumption Expenditure Of General Government | B6: 2.4747197 | C6: 3.1396664 | D6: 3.2974264 | E6: 3.4685681 | F6: 3.6436117 | G6: 3.8222623 | H6: 3.9949154 | I6: 4.9005538 | J6: 5.4563427 | K6: 6.0353486 | L6: 7.2045222 | M6: 18.552115 | N6: 27.009804 | O6: 31.290293 | P6: 36.154819 | Q6: 37.233639 | R6: 40.323835 | S6: 66.103019 | T6: 75.841701 | U6: 149.97344 | V6: 163.9176 | W6: 154.17556 | X6: 129.02803 | Y6: 867.71427 | Z6: 1050.7847 | AA6: 1556.9836 | AB6: 3276.3011 | AC6: 3767.2656 | AD6: 3759.3935 | AE6: 4832.1479 | AF6: 5412.0056 | AG6: 5953.2062 | AH6: 5796.44 | AI6: 6639.3767 | AJ6: 5648.95 | AK6: 5522.9496 | AL6: 5059.3761 | AM6: 7234.4556 | AN6: 8115.0159 | AO6: 13431.815 | AP6: 9003.9705 | AQ6: 8812.3366 | AR6: 10019.952 | AS6: 17076.114
A7: Individual Consumption Expenditure Of General Government | B7: 0.61263445 | C7: 0.77724672 | D7: 0.81630132 | E7: 0.85866868 | F7: 0.90200195 | G7: 0.94622818 | H7: 0.98896968 | I7: 1.2131669 | J7: 1.3507564 | K7: 1.4940934 | L7: 1.7835307 | M7: 4.5927078 | N7: 6.6864689 | O7: 7.7461343 | P7: 8.9503823 | Q7: 9.2174519 | R7: 9.9824517 | S7: 16.364272 | T7: 18.775152 | U7: 37.126989 | V7: 40.578966 | W7: 38.167255 | X7: 31.941806 | Y7: 214.80883 | Z7: 260.1292 | AA7: 385.44234 | AB7: 811.0716 | AC7: 932.61336 | AD7: 930.66458 | AE7: 1124.4408 | AF7: 1336.2242 | AG7: 1254.9359 | AH7: 1338.2951 | AI7: 1536.1365 | AJ7: 1398.4377 | AK7: 1371.2543 | AL7: 1254.8361 | AM7: 1794.1516 | AN7: 2012.7005 | AO7: 3414.4343 | AP7: 2280.3119 | AQ7: 2247.2849 | AR7: 2492.445 | AS7: 4230.7008
A8: Collective Consumption Expenditure Of General Government | B8: 1.8620853 | C8: 2.3624197 | D8: 2.4811251 | E8: 2.6098994 | F8: 2.7416097 | G8: 2.8760341 | H8: 3.0059457 | I8: 3.6873869 | J8: 4.1055863 | K8: 4.5412552 | L8: 5.4209916 | M8: 13.959407 | N8: 20.323335 | O8: 23.544159 | P8: 27.204437 | Q8: 28.016188 | R8: 30.341383 | S8: 49.738747 | T8: 57.066549 | U8: 112.84645 | V8: 123.33863 | W8: 116.00831 | X8: 97.086227 | Y8: 652.90544 | Z8: 790.65545 | AA8: 1171.5412 | AB8: 2465.2295 | AC8: 2834.6522 | AD8: 2828.729 | AE8: 3707.7071 | AF8: 4075.7814 | AG8: 4698.2703 | AH8: 4458.1449 | AI8: 5103.2402 | AJ8: 4250.5123 | AK8: 4151.6952 | AL8: 3804.54 | AM8: 5440.304 | AN8: 6102.3155 | AO8: 10017.381 | AP8: 6723.6586 | AQ8: 6565.0517 | AR8: 7527.5067 | AS8: 12845.413
A9: Changes In Inventories | B9: -0.0070673159 | C9: -0.011182623 | D9: -0.0053611031 | E9: -0.014776393 | F9: -0.0085867782 | G9: 0.0045888818 | H9: -0.15213982 | I9: -0.34892534 | J9: 0.0051678647 | K9: 0.319004 | L9: 0.032658675 | M9: 0.045252281 | N9: 0.1570924 | O9: 0.27919759 | P9: 1.0458428 | Q9: 1.7932777 | R9: 2.4390064 | S9: 2.9575414 | T9: 3.49831 | U9: 4.2557628 | V9: 73.117891 | W9: 93.604939 | X9: 137.72564 | Y9: 191.15646 | Z9: 282.88805 | AA9: 516.1003 | AB9: 369.15041 | AC9: 414.41663 | AD9: 405.96532 | AE9: 408.00264 | AF9: 432.00033 | AG9: 540.97603 | AH9: 595.56883 | AI9: 648.23763 | AJ9: 630.96049 | AK9: 658.30947 | AL9: 871.75326 | AM9: 1026.746 | AN9: 1151.5056 | AO9: 1161.3917 | AP9: 1280.6595 | AQ9: 1472.0723 | AR9: 1672.0712 | AS9: 2008.1567
A10: Gross Fixed Capital Formation | B10: 124.52426 | C10: 128.0967 | D10: 120.2636 | E10: 97.781479 | F10: 87.144849 | G10: 108.86525 | H10: 122.46217 | I10: 138.09677 | J10: 217.74987 | K10: 262.76557 | L10: 285.58999 | M10: 396.60884 | N10: 559.14567 | O10: 744.09231 | P10: 1153.4714 | Q10: 1494.7509 | R10: 1697.7678 | S10: 1948.6544 | T10: 2098.5356 | U10: 2404.8162 | V10: 2473.4726 | W10: 3078.7837 | X10: 3846.2349 | Y10: 4723.7199 | Z10: 5772.6372 | AA10: 7948.1211 | AB10: 6997.6182 | AC10: 7535.2714 | AD10: 9177.0846 | AE10: 9183.0594 | AF10: 9897.1972 | AG10: 10281.952 | AH10: 11478.08 | AI10: 13593.78 | AJ10: 14112.17 | AK10: 15104.184 | AL10: 16908.133 | AM10: 24550.243 | AN10: 35863.979 | AO10: 41253.548 | AP10: 58293.949 | AQ10: 65227.133 | AR10: 77834.67 | AS10: 86206.217
A11: Exports Of Goods And Services | B11: 11.966888 | C11: 9.9770514 | D11: 8.784517 | E11: 10.533036 | F11: 13.330005 | G11: 10.399664 | H11: 31.435675 | I11: 35.25154 | J11: 104.75558 | K11: 103.75039 | L11: 143.071 | M11: 217.21826 | N11: 252.27149 | O11: 239.65792 | P11: 748.88708 | Q11: 940.80424 | R11: 1265.9492 | S11: 871.85189 | T11: 1169.6236 | U11: 2544.2336 | V11: 2326.3234 | W11: 2672.9048 | X11: 3626.6777 | Y11: 3670.8115 | Z11: 4863.4457 | AA11: 8965.5778 | AB11: 7363.9001 | AC11: 10256.275 | AD11: 8097.0181 | AE11: 14013.841 | AF11: 19961.271 | AG11: 22824.414 | AH11: 14622.223 | AI11: 16616.867 | AJ11: 10151.952 | AK11: 9455.5146 | AL11: 15134.026 | AM11: 20004.455 | AN11: 20711.235 | AO11: 12522.684 | AP11: 18907.789 | AQ11: 28870.001 | AR11: 38836.27 | AS11: 84243.653
A12: Less Imports Of Goods And Services | B12: 13.348235 | C12: 10.561957 | D12: 7.1618888 | E12: 5.0249852 | F12: 6.189311 | G12: 7.7005624 | H12: 16.265553 | I12: 18.215621 | J12: 37.054719 | K12: 49.216883 | L12: 75.378583 | M12: 129.13308 | N12: 171.64479 | O12: 168.21189 | P12: 476.58558 | Q12: 704.15283 | R12: 1007.963 | S12: 1015.5466 | T12: 719.47676 | U12: 916.20365 | V12: 1764.6143 | W12: 1931.7203 | X12: 3061.6505 | Y12: 2110.0152 | Z12: 2780.5227 | AA12: 3964.0926 | AB12: 6276.5521 | AC12: 6043.779 | AD12: 7574.6234 | AE12: 9644.6053 | AF12: 13675.626 | AG12: 9395.4006 | AH12: 10530.448 | AI12: 11222.116 | AJ12: 10151.983 | AK12: 11800.696 | AL12: 15139.168 | AM12: 22604.336 | AN12: 28840.847 | AO12: 12700.944 | AP12: 20843.965 | AQ12: 33597.894 | AR12: 42351.101 | AS12: 87122.57
A13: Expenditure On The Gross Domestic Product | B13: 139.3105 | C13: 149.05122 | D13: 158.75018 | E13: 165.8542 | F13: 187.83061 | G13: 198.12316 | H13: 244.68021 | I13: 315.61533 | J13: 414.86086 | K13: 494.64367 | L13: 590.05974 | M13: 906.02929 | N13: 1257.1749 | O13: 1768.7915 | P13: 3100.2351 | Q13: 4086.0652 | R13: 4418.7087 | S13: 4805.1564 | T13: 5482.3543 | U13: 7062.7511 | V13: 8234.4937 | W13: 11501.45 | X13: 13556.974 | Y13: 18124.06 | Z13: 23121.879 | AA13: 30375.179 | AB13: 34675.944 | AC13: 39954.212 | AD13: 43461.459 | AE13: 55469.35 | AF13: 63713.359 | AG13: 72599.63 | AH13: 81009.965 | AI13: 90136.985 | AJ13: 95177.736 | AK13: 102575.42 | AL13: 114899.25 | AM13: 129086.91 | AN13: 145639.14 | AO13: 154252.32 | AP13: 176075.5 | AQ13: 202365.03 | AR13: 234425.91 | AS13: 277496.58
A14: Compensation Of Employees | B14: 120.85139 | C14: 139.20694 | D14: 132.55336 | E14: 133.72553 | F14: 150.75973 | G14: 158.29001 | H14: 143.8845 | I14: 161.12384 | J14: 184.0648 | K14: 211.37644 | L14: 239.73024 | M14: 366.71679 | N14: 522.97194 | O14: 633.63637 | P14: 922.78415 | Q14: 1130.394 | R14: 1254.5864 | S14: 1567.3613 | T14: 1738.996 | U14: 2404.4223 | V14: 3274.0026 | W14: 3467.7432 | X14: 3778.2671 | Y14: 15361.509 | Z14: 9833.5083 | AA14: 20926.115 | AB14: 14599.009 | AC14: 11637.306 | AD14: 13061.959 | AE14: 14626.616 | AF14: 17209.417 | AG14: 19988.617 | AH14: 22330.631 | AI14: 24671.061 | AJ14: 24746.033 | AK14: 25813.374 | AL14: 29944.059 | AM14: 34355.519 | AN14: 38606.092 | AO14: 39936.736 | AP14: 46111.65 | AQ14: 52325.85 | AR14: 63826.408 | AS14: 75590.395
A15: Operating Surplus | B15: -111.16943 | C15: -123.88743 | D15: -100.02987 | E15: -71.555855 | F15: -57.028924 | G15: -76.202328 | H15: -30.142265 | I15: 5.263114 | J15: -1.5981645 | K15: 2.9485251 | L15: 43.600157 | M15: 113.11974 | N15: 134.27683 | O15: 332.17979 | P15: 924.95163 | Q15: 1332.9707 | R15: 1327.3894 | S15: 1142.9287 | T15: 1481.8965 | U15: 2058.9653 | V15: 2235.5473 | W15: 4641.7251 | X15: 5562.0754 | Y15: -2384.5486 | Z15: 7131.0928 | AA15: 1058.4587 | AB15: 12465.271 | AC15: 20035.833 | AD15: 20383.324 | AE15: 37238.661 | AF15: 42346.76 | AG15: 47495.975 | AH15: 53510.991 | AI15: 59551.498 | AJ15: 64266.991 | AK15: 70198.372 | AL15: 77810.234 | AM15: 86686.236 | AN15: 97823.052 | AO15: 104084.45 | AP15: 117755.53 | AQ15: 136063.61 | AR15: 152465.16 | AS15: 178092.05
... A17: Other Taxes On Production (Net) | B17: 3.7231474 | C17: 4.1555224 | D17: 4.3965795 | E17: 4.2588612 | F17: 5.1005833 | G17: 5.2162477 | H17: 6.0572428 | I17: 8.018128 | J17: 10.551541 | K17: 12.675945 | L17: 15.329452 | M17: 20.671946 | N17: 28.40449 | O17: 41.371443 | P17: 68.224602 | Q17: 87.206015 | R17: 94.752869 | S17: 97.761383 | T17: 107.04249 | U17: 122.41529 | V17: 166.99359 | W17: 195.40649 | X17: 231.43551 | Y17: 237.70117 | Z17: 147.65804 | AA17: 131.26755 | AB17: 256.76712 | AC17: 334.01789 | AD17: 390.13898 | AE17: 296.26684 | AF17: 370.59759 | AG17: 450.39264 | AH17: 536.44037 | AI17: 625.90768 | AJ17: 682.83283 | AK17: 748.85166 | AL17: 844.3032 | AM17: 953.6279 | AN17: 1102.1362 | AO17: 1152.6434 | AP17: 1354.0498 | AQ17: 1505.9786 | AR17: 1715.9218 | AS17: 1924.7227
A18: Gross Domestic Product at Basic Price | B18: 137.92936 | C18: 147.57173 | D18: 157.18368 | E18: 164.21002 | F18: 185.97624 | G18: 196.16918 | H18: 242.26165 | I18: 312.50185 | J18: 410.76804 | K18: 489.76648 | L18: 584.24984 | M18: 897.11731 | N18: 1244.7989 | O18: 1751.2799 | P18: 3069.4318 | Q18: 4045.3216 | R18: 4374.4965 | S18: 4756.7057 | T18: 5426.4707 | U18: 6990.6192 | V18: 8150.0161 | W18: 11383.659 | X18: 13418.013 | Y18: 17938.381 | Z18: 22884.896 | AA18: 30063.962 | AB18: 34318.666 | AC18: 39542.428 | AD18: 43012.507 | AE18: 54612.264 | AF18: 62980.397 | AG18: 71713.935 | AH18: 80092.563 | AI18: 89043.615 | AJ18: =SUM(AJ14:AJ17) -> 94144.96 | AK18: 101489.49 | AL18: 113711.63 | AM18: 127736.83 | AN18: 144210.49 | AO18: 152324.07 | AP18: 173527.66 | AQ18: 199336.04 | AR18: 229912.94 | AS18: 269293.15
A19: Net Taxes On Products | B19: 1.38114 | C19: 1.4794831 | D19: 1.5665045 | E19: 1.6441839 | F19: 1.8543685 | G19: 1.9539763 | H19: 2.4185686 | I19: 3.1134793 | J19: 4.0928172 | K19: 4.8771911 | L19: 5.8098976 | M19: 8.9119794 | N19: 12.375925 | O19: 17.511572 | P19: 30.80333 | Q19: 40.743592 | R19: 44.212277 | S19: 48.450711 | T19: 55.883666 | U19: 72.131911 | V19: 84.477618 | W19: 117.79184 | X19: 138.96079 | Y19: 185.67884 | Z19: 236.98261 | AA19: 311.21631 | AB19: 357.278 | AC19: 411.78433 | AD19: 448.95119 | AE19: 857.08613 | AF19: 732.96217 | AG19: 885.69491 | AH19: 917.40124 | AI19: 1093.3694 | AJ19: 1032.7752 | AK19: 1085.9258 | AL19: 1187.6153 | AM19: 1350.0796 | AN19: 1428.6473 | AO19: 1928.2483 | AP19: 2547.8395 | AQ19: 3028.983 | AR19: 4512.9766 | AS19: 8203.4267
A20: Gross Domestic Product At Current Market Prices | B20: 139.3105 | C20: 149.05122 | D20: 158.75018 | E20: 165.8542 | F20: 187.83061 | G20: 198.12316 | H20: 244.68021 | I20: 315.61533 | J20: 414.86086 | K20: 494.64367 | L20: 590.05974 | M20: 906.02929 | N20: 1257.1749 | O20: 1768.7915 | P20: 3100.2351 | Q20: 4086.0652 | R20: 4418.7087 | S20: 4805.1564 | T20: 5482.3543 | U20: 7062.7511 | V20: 8234.4937 | W20: 11501.45 | X20: 13556.974 | Y20: 18124.06 | Z20: 23121.879 | AA20: 30375.179 | AB20: 34675.944 | AC20: 39954.212 | AD20: 43461.459 | AE20: 55469.35 | AF20: 63713.359 | AG20: 72599.63 | AH20: 81009.965 | AI20: 90136.985 | AJ20: 95177.736 | AK20: 102575.42 | AL20: 114899.25 | AM20: 129086.91 | AN20: 145639.14 | AO20: 154252.32 | AP20: 176075.5 | AQ20: 202365.03 | AR20: 234425.91 | AS20: 277496.58
A21: Source: National Bureau of Statistics
A22: Note 1Provisional

Sheet C1.8
A1: Return to Menu
A2: Table C.1.8: Gross Domestic Product by Expenditure and Income at 2010 Constant Purchasers' Prices - Annual1 (₦' Billion)
A3: Components | B3: 1981 | C3: 1982 | D3: 1983 | E3: 1984 | F3: 1985 | G3: 1986 | H3: 1987 | I3: 1988 | J3: 1989 | K3: 1990 | L3: 1991 | M3: 1992 | N3: 1993 | O3: 1994 | P3: 1995 | Q3: 1996 | R3: 1997 | S3: 1998 | T3: 1999 | U3: 2000 | V3: 2001 | W3: 2002 | X3: 2003 | Y3: 2004 | Z3: 2005 | AA3: 2006 | AB3: 2007 | AC3: 2008 | AD3: 2009 | AE3: 2010 | AF3: 2011 | AG3: 2012 | AH3: 2013 | AI3: 2014 | AJ3: 2015 | AK3: 2016 | AL3: 2017 | AM3: 2018 | AN3: 2019 | AO3: 2020 | AP3: 2021 1 | AQ3: 2022 1 | AR3: 2023 1 | AS3: 2024 1
A4: Final Consumption Expenditure Of Household | B4: 12226.838 | C4: 10798.217 | D4: 8326.3114 | E4: 8822.7045 | F4: 10835.403 | G4: 9823.0935 | H4: 9270.4867 | I4: 9914.1308 | J4: 9162.6067 | K4: 11346.445 | L4: 12015.609 | M4: 14049.744 | N4: 12888.572 | O4: 11614.612 | P4: 12179.485 | Q4: 14612.214 | R4: 14135.413 | S4: 14086.931 | T4: 12871.471 | U4: 13083.225 | V4: 20885.939 | W4: 24052.765 | X4: 26638.86 | Y4: 26650.472 | Z4: 30024.935 | AA4: 25816.576 | AB4: 34837.341 | AC4: 29179.095 | AD4: 35743.22 | AE4: 36452.425 | AF4: 35323.697 | AG4: 35326.236 | AH4: 42816.516 | AI4: 43641.305 | AJ4: 43699.865 | AK4: 41189.208 | AL4: 41018.098 | AM4: 42917.905 | AN4: 42462.039 | AO4: 41746.139 | AP4: 52453.032 | AQ4: 50316.719 | AR4: 45414.918 | AS4: 31122.433
A5: Final Consumption Expenditure Of Non-Profits Serving Household | B5: 2.7199614 | C5: 3.5945747 | D5: 2.8274487 | E5: 3.7694078 | F5: 2.8756352 | G5: 1.7164739 | H5: 4.7428785 | I5: 8.4991852 | J5: 5.3171542 | K5: 5.1531007 | L5: 6.6425694 | M5: 7.6142703 | N5: 9.8776237 | O5: 13.041847 | P5: 24.755543 | Q5: 30.810758 | R5: 32.870663 | S5: 34.110618 | T5: 43.792126 | U5: 60.449338 | V5: 63.436826 | W5: 85.347044 | X5: 98.398401 | Y5: 147.43217 | Z5: 190.42137 | AA5: 254.16194 | AB5: 249.54966 | AC5: 301.57218 | AD5: 306.483 | AE5: 224.47956 | AF5: 232.29405 | AG5: 231.76713 | AH5: 231.77671 | AI5: 238.73543 | AJ5: 242.06627 | AK5: 234.85851 | AL5: 248.9997 | AM5: 253.72673 | AN5: 280.8407 | AO5: 576.23069 | AP5: 713.46579 | AQ5: 978.42539 | AR5: 1192.6485 | AS5: 1349.7873
A6: Final Consumption Expenditure Of General Government | B6: 219.67226 | C6: 224.80187 | D6: 229.93147 | E6: 235.06107 | F6: 240.19067 | G6: 245.32027 | H6: 250.44987 | I6: 255.57948 | J6: 260.70908 | K6: 265.83868 | L6: 268.6553 | M6: 276.38301 | N6: 284.38312 | O6: 288.44238 | P6: 288.27362 | Q6: 296.61629 | R6: 301.74589 | S6: 306.87549 | T6: 312.0051 | U6: 317.1347 | V6: 278.82928 | W6: 294.9431 | X6: 224.3743 | Y6: 1493.2981 | Z6: 1649.6297 | AA6: 2239.3829 | AB6: 4271.6306 | AC6: 4460.7219 | AD6: 4100.5147 | AE6: 4832.1479 | AF6: 5053.1499 | AG6: 4952.9984 | AH6: 4444.9493 | AI6: 4694.7825 | AJ6: 3641.4228 | AK6: 3090.9843 | AL6: 2708.052 | AM6: 3787.2652 | AN6: 4119.906 | AO6: 6656.805 | AP6: 4391.4334 | AQ6: 3956.2907 | AR6: 4439.3394 | AS6: 5698.6286
A7: Individual Consumption Expenditure Of General Government | B7: 57.114789 | C7: 58.448485 | D7: 59.782182 | E7: 61.115878 | F7: 62.449574 | G7: 63.783271 | H7: 65.116967 | I7: 66.450664 | J7: 67.78436 | K7: 69.118057 | L7: 69.850377 | M7: 71.859582 | N7: 73.93961 | O7: 74.99502 | P7: 74.951141 | Q7: 77.120235 | R7: 78.453932 | S7: 79.787628 | T7: 81.121325 | U7: 82.455021 | V7: 72.495613 | W7: 76.685205 | X7: 58.337319 | Y7: 388.25751 | Z7: 428.90373 | AA7: 582.23957 | AB7: 1110.624 | AC7: 1159.7877 | AD7: 1066.1338 | AE7: 1124.4408 | AF7: 1247.6227 | AG7: 1045.0827 | AH7: 1160.0082 | AI7: 1102.4414 | AJ7: 1137.0797 | AK7: 1139.0814 | AL7: 1032.9546 | AM7: 1482.9724 | AN7: 1021.8269 | AO7: 1715.0626 | AP7: 1099.7773 | AQ7: 1009.7951 | AR7: 1145.7694 | AS7: 1338.247
A8: Collective Consumption Expenditure Of General Government | B8: 162.55748 | C8: 166.35338 | D8: 170.14929 | E8: 173.94519 | F8: 177.7411 | G8: 181.537 | H8: 185.33291 | I8: 189.12881 | J8: 192.92472 | K8: 196.72062 | L8: 198.80492 | M8: 204.52343 | N8: 210.44351 | O8: 213.44736 | P8: 213.32248 | Q8: 219.49605 | R8: 223.29196 | S8: 227.08787 | T8: 230.88377 | U8: 234.67968 | V8: 206.33367 | W8: 218.25789 | X8: 166.03698 | Y8: 1105.0406 | Z8: 1220.726 | AA8: 1657.1434 | AB8: 3161.0066 | AC8: 3300.9342 | AD8: 3034.3809 | AE8: 3707.7071 | AF8: 3805.5272 | AG8: 3907.9158 | AH8: 3284.9411 | AI8: 3592.3411 | AJ8: 2504.3431 | AK8: 1951.9029 | AL8: 1675.0975 | AM8: 2304.2928 | AN8: 3098.0791 | AO8: 4941.7424 | AP8: 3291.6561 | AQ8: 2946.4956 | AR8: 3293.5699 | AS8: 4360.3817
A9: Changes In Inventories | B9: -0.97761887 | C9: -1.7008914 | D9: -0.87513595 | E9: -1.9320116 | F9: -0.91425092 | G9: 0.64087137 | H9: -5.9149344 | I9: -15.079254 | J9: 0.10608454 | K9: 5.8935855 | L9: 1.1926439 | M9: 1.7194019 | N9: 3.9235606 | O9: 4.2171135 | P9: 8.9409422 | Q9: 12.279204 | R9: 15.408889 | S9: 18.196057 | T9: 20.990234 | U9: 24.003946 | V9: 104.35217 | W9: 122.98544 | X9: 157.52466 | Y9: 196.50694 | Z9: 269.79828 | AA9: 406.43713 | AB9: 355.33248 | AC9: 387.16136 | AD9: 395.30246 | AE9: 408.00264 | AF9: 406.16648 | AG9: 487.90452 | AH9: 521.86715 | AI9: 548.61841 | AJ9: 517.50237 | AK9: 511.28037 | AL9: 615.86197 | AM9: 639.61392 | AN9: 471.87492 | AO9: 499.90205 | AP9: 495.25952 | AQ9: 533.46514 | AR9: 442.87424 | AS9: 365.45971
A10: Gross Fixed Capital Formation | B10: 15789.666 | C10: 12893.804 | D10: 10198.262 | E10: 7121.2793 | F10: 6032.258 | G10: 6045.4569 | H10: 5668.8685 | I10: 6047.7524 | J10: 6441.9004 | K10: 7331.1559 | L10: 7240.2937 | M10: 7277.4324 | N10: 7825.6863 | O10: 7633.2667 | P10: 7126.1785 | Q10: 7610.3247 | R10: 8055.2077 | S10: 8167.4533 | T10: 8385.9647 | U10: 8996.9145 | V10: 6860.4443 | W10: 7559.7311 | X10: 9178.168 | Y10: 7348.3385 | Z10: 7520.4737 | AA10: 10557.892 | AB10: 8246.2115 | AC10: 8031.7225 | AD10: 8828.8071 | AE10: 9183.0594 | AF10: 8425.7621 | AG10: 8640.7652 | AH10: 9320.3472 | AI10: 10570.467 | AJ10: 10432.228 | AK10: 9927.2562 | AL10: 9631.6961 | AM10: 10569.599 | AN10: 11445.864 | AO10: 9761.4974 | AP10: 10216.817 | AQ10: 10556.644 | AR10: 10651.086 | AS10: 11766.417
A11: Exports Of Goods And Services | B11: 4885.4577 | C11: 4374.6866 | D11: 4039.0989 | E11: 4454.0864 | F11: 4831.1239 | G11: 4400.6584 | H11: 4638.8348 | I11: 4778.4951 | J11: 6203.8777 | K11: 5928.1103 | L11: 6406.0889 | M11: 4707.2881 | N11: 5585.1127 | O11: 5711.4156 | P11: 5221.5894 | Q11: 4653.5824 | R11: 6882.8339 | S11: 7026.452 | T11: 6270.9195 | U11: 7102.0052 | V11: 5424.5437 | W11: 6055.2763 | X11: 7954.2842 | Y11: 7878.3432 | Z11: 8853.252 | AA11: 15083.784 | AB11: 12526.9 | AC11: 17968.265 | AD11: 12574.595 | AE11: 14013.841 | AF11: 17628.391 | AG11: 16995.713 | AH11: 13301.437 | AI11: 15377.182 | AJ11: 16519.694 | AK11: 18424.671 | AL11: 19933.366 | AM11: 19752.313 | AN11: 22710.351 | AO11: 15136.101 | AP11: 10278.222 | AQ11: 17377.951 | AR11: 22280.414 | AS11: 36206.282
A12: Less Imports Of Goods And Services | B12: 13374.842 | C12: 9888.4386 | D12: 6401.1652 | E12: 4423.4775 | F12: 4770.8562 | G12: 3336.3409 | H12: 2097.1234 | I12: 1958.6852 | J12: 2678.5531 | K12: 3202.3924 | L12: 4180.5865 | M12: 3554.6348 | N12: 4295.315 | O12: 3367.5245 | P12: 2967.6627 | Q12: 4416.1341 | R12: 5954.1365 | S12: 5564.8722 | T12: 3689.3664 | U12: 4153.3095 | V12: 6682.2291 | W12: 7106.7754 | X12: 10904.984 | Y12: 7283.0175 | Z12: 9731.4962 | AA12: 13231.555 | AB12: 16649.573 | AC12: 13525.778 | AD12: 11384.659 | AE12: 9644.6053 | AF12: 8889.1082 | AG12: 5965.3337 | AH12: 6694.0473 | AI12: 7093.6309 | AJ12: 5272.0847 | AK12: 4725.8279 | AL12: 4950.3827 | AM12: 7384.0748 | AN12: 9396.7817 | AO12: 3576.1318 | AP12: 5165.4579 | AQ12: 7950.5502 | AR12: 6485.18 | AS12: 5901.8723
A13: Expenditure On The Gross Domestic Product | B13: 19748.534 | C13: 18404.965 | D13: 16394.391 | E13: 16211.491 | F13: 17170.081 | G13: 17180.545 | H13: 17730.344 | I13: 19030.692 | J13: 19395.964 | K13: 21680.205 | L13: 21757.896 | M13: 22765.546 | N13: 22302.24 | O13: 21897.472 | P13: 21881.56 | Q13: 22799.693 | R13: 23469.343 | S13: 24075.146 | T13: 24215.776 | U13: 25430.423 | V13: 26935.316 | W13: 31064.272 | X13: 33346.625 | Y13: 36431.374 | Z13: 38777.014 | AA13: 41126.679 | AB13: 43837.392 | AC13: 46802.76 | AD13: 50564.263 | AE13: 55469.35 | AF13: 58180.352 | AG13: 60670.05 | AH13: 63942.846 | AI13: 67977.459 | AJ13: 69780.693 | AK13: 68652.43 | AL13: 69205.691 | AM13: 70536.349 | AN13: 72094.094 | AO13: 70800.543 | AP13: 73382.771 | AQ13: 75768.945 | AR13: 77936.1 | AS13: 80607.135
A14: Compensation Of Employees | B14: 46680.314 | C14: 48868.561 | D14: 37550.88 | E14: 27596.918 | F14: 30723.09 | G14: 30042.125 | H14: 24276.559 | I14: 17944.553 | J14: 14405.048 | K14: 12184.036 | L14: 15335.252 | M14: 13337.483 | N14: 12325.23 | O14: 10425.092 | P14: 10052.358 | Q14: 10230.138 | R14: 10361.187 | S14: 10700.87 | T14: 10933.291 | U14: 11095.87 | V14: 6354.8707 | W14: 5967.7869 | X14: 5179.8476 | Y14: 46118.151 | Z14: 29382.619 | AA14: 32548.461 | AB14: 21321.406 | AC14: 14766.228 | AD14: 14864.51 | AE14: 14626.616 | AF14: 16068.306 | AG14: 16630.297 | AH14: 17124.049 | AI14: 17505.797 | AJ14: 15964.631 | AK14: 14418.763 | AL14: 16025.6 | AM14: 17984.491 | AN14: 19600.539 | AO14: 19789.351 | AP14: 22495.622 | AQ14: 23488.518 | AR14: 28265.443 | AS14: 25482.338
A15: Operating Surplus | B15: -48584.757 | C15: -49449.7 | D15: -37486.597 | E15: -24361.985 | F15: -25727.272 | G15: -22511.078 | H15: -13579.051 | I15: -6461.7659 | J15: -2803.8365 | K15: 695.27229 | L15: -2326.7788 | M15: 1058.2374 | N15: 847.94307 | O15: 2361.0282 | P15: 3836.925 | Q15: 3897.7944 | R15: 3964.9213 | S15: 4148.1 | T15: 3814.9587 | U15: 4234.2132 | V15: 12616.091 | W15: 16269.674 | X15: 17561.073 | Y15: -18654.454 | Z15: 691.06898 | AA15: -3326.5094 | AB15: 12216.783 | AC15: 21727.991 | AD15: 24482.274 | AE15: 37238.661 | AF15: 38237.852 | AG15: 39484.104 | AH15: 42344.736 | AI15: 45518.295 | AJ15: 48781.356 | AK15: 49171.517 | AL15: 48132.388 | AM15: 47420.59 | AN15: 48123.715 | AO15: 46646.395 | AP15: 45806.03 | AQ15: 46843.373 | AR15: 44321.097 | AS15: 49756.613
... A20: Gross Domestic Product At Constant Market Prices | B20: 19748.534 | C20: 18404.965 | D20: 16394.391 | E20: 16211.491 | F20: 17170.081 | G20: 17180.545 | H20: 17730.344 | I20: 19030.692 | J20: 19395.964 | K20: 21680.205 | L20: 21757.896 | M20: 22765.546 | N20: 22302.24 | O20: 21897.472 | P20: 21881.56 | Q20: 22799.693 | R20: 23469.343 | S20: 24075.146 | T20: 24215.776 | U20: 25430.423 | V20: 26935.316 | W20: 31064.272 | X20: 33346.625 | Y20: 36431.374 | Z20: 38777.014 | AA20: 41126.679 | AB20: 43837.392 | AC20: 46802.76 | AD20: 50564.263 | AE20: 55469.35 | AF20: 58180.352 | AG20: 60670.05 | AH20: 63942.846 | AI20: 67977.459 | AJ20: 69780.693 | AK20: 68652.43 | AL20: 69205.691 | AM20: 70536.349 | AN20: 72094.094 | AO20: 70800.543 | AP20: 73382.771 | AQ20: 75768.945 | AR20: 77936.1 | AS20: 80607.135
A21: Source: National Bureau of Statistics
A22: Note 1Provisional

Sheet  C1.9 
A1: Return to Menu
A2: Table C.1.9: Gross Domestic Product by Expenditure and Income at Current Purchasers' Prices - Quarterly (₦' Billion)
A3: Component | B3: 2010 | F3: 2011 | J3: 2012 | N3: 2013 | R3: 2014 | V3: 2015 | X3: 2015 | Z3: 2016 | AD3: 2017 | AH3: 2018 | AL3: 2019 | AP3: 2020 1 | AR3: 2020 1 | AT3: 2021 1 | AX3: 2022 1 | BB3: 2023 1 | BF3: 2024 1
B4: Q1 | C4: Q2 | D4: Q3 | E4: Q4 | F4: Q1 | G4: Q2 | H4: Q3 | I4: Q4 | J4: Q1 | K4: Q2 | L4: Q3 | M4: Q4 | N4: Q1 | O4: Q2 | P4: Q3 | Q4: Q4 | R4: Q1 | S4: Q2 | T4: Q3 | U4: Q4 | V4: Q1 | W4: Q2 | X4: Q3 | Y4: Q4 | Z4: Q1 | AA4: Q2 | AB4: Q3 | AC4: Q4 | AD4: Q1 | AE4: Q2 | AF4: Q3 | AG4: Q4 | AH4: Q1 | AI4: Q2 | AJ4: Q3 | AK4: Q4 | AL4: Q1 | AM4: Q2 | AN4: Q3 | AO4: Q4 | AP4: Q1 | AQ4: Q2 | AR4: Q3 | AS4: Q4 | AT4: Q1 | AU4: Q2 | AV4: Q3 | AW4: Q4 | AX4: Q1 | AY4: Q2 | AZ4: Q3 | BA4: Q4 | BB4: Q1 | BC4: Q2 | BD4: Q3 | BE4: Q4 | BF4: Q1 | BG4: Q2 | BH4: Q3 | BI4: Q4
A5: Final Consumption Expenditure Of Household | B5: 9236.031 | C5: 7850.8946 | D5: 10446.931 | E5: 8918.5685 | F5: 11345.889 | G5: 11335.561 | H5: 10159.142 | I5: 8597.1287 | J5: 9876.6333 | K5: 10218.325 | L5: 10737.507 | M5: 11283.447 | N5: 13332.626 | O5: 14234.71 | P5: 15563.781 | Q5: 15614.734 | R5: 14046.128 | S5: 14899.244 | T5: 16246.841 | U5: 18332.282 | V5: 15954.427 | W5: 17517.966 | X5: 19825.365 | Y5: 21113.194 | Z5: 17975.772 | AA5: 18733.545 | AB5: 22748.599 | AC5: 23760.308 | AD5: 20157.826 | AE5: 21575.168 | AF5: 24570.827 | AG5: 25296.161 | AH5: 21857.44 | AI5: 22251.165 | AJ5: 26629.093 | AK5: 27654.427 | AL5: 23468.116 | AM5: 25587.962 | AN5: 28591.412 | AO5: 30438.332 | AP5: 22707.359 | AQ5: 20982.839 | AR5: 25720.883 | AS5: 28306.99 | AT5: 25622.633 | AU5: 24275.61 | AV5: 28529.918 | AW5: 30040.082 | AX5: 29261.779 | AY5: 30125.429 | AZ5: 35051.028 | BA5: 35639.385 | BB5: 29915.802 | BC5: 33081.884 | BD5: 41372.991 | BE5: 42322.861 | BF5: 33887.605 | BG5: 39269.891 | BH5: 47100.783 | BI5: 52750.575
A6: Final Consumption Expenditure Of Non-Profits Serving Household | B6: 56.645388 | C6: 46.004171 | D6: 54.256261 | E6: 67.573739 | F6: 62.780083 | G6: 45.986423 | H6: 62.132215 | I6: 77.891975 | J6: 72.303385 | K6: 65.394647 | L6: 65.586024 | M6: 75.286094 | N6: 86.449115 | O6: 53.945578 | P6: 72.044626 | Q6: 89.809294 | R6: 99.580736 | S6: 58.379547 | T6: 79.230488 | U6: 99.153881 | V6: 116.1522 | W6: 64.784937 | X6: 85.933524 | Y6: 107.86293 | Z6: 136.05126 | AA6: 65.148523 | AB6: 94.03473 | AC6: 121.69778 | AD6: 158.25624 | AE6: 69.438018 | AF6: 102.76794 | AG6: 134.6848 | AH6: 184.68196 | AI6: 73.631467 | AJ6: 75.727871 | AK6: 149.17743 | AL6: 185.70279 | AM6: 82.009655 | AN6: 119.49984 | AO6: 165.21715 | AP6: 179.68293 | AQ6: 220.40752 | AR6: 185.54638 | AS6: 280.11437 | AT6: 203.75935 | AU6: 256.00587 | AV6: 206.81753 | AW6: 298.27424 | AX6: 365.77221 | AY6: 361.31858 | AZ6: 384.32496 | BA6: 392.34029 | BB6: 373.94749 | BC6: 401.79769 | BD6: 455.45935 | BE6: 489.30922 | BF6: 430.54445 | BG6: 517.22478 | BH6: 518.51441 | BI6: 609.86763
A7: Final Consumption Expenditure Of General Government | B7: 899.81211 | C7: 1179.3596 | D7: 1137.3011 | E7: 1615.675 | F7: 1203.3228 | G7: 1358.7313 | H7: 1313.4947 | I7: 1536.4568 | J7: 1469.0686 | K7: 1436.8439 | L7: 1534.1821 | M7: 1513.1116 | N7: 1364.25 | O7: 1378.74 | P7: 1367.02 | Q7: 1686.43 | R7: 1294.833 | S7: 1535.743 | T7: 1529.699 | U7: 2279.1017 | V7: 1391.36 | W7: 1195.12 | X7: 1460.23 | Y7: 1602.24 | Z7: 1236.6238 | AA7: 1371.5572 | AB7: 1380.6134 | AC7: 1534.1551 | AD7: 1295.0315 | AE7: 1336.5777 | AF7: 1286.7864 | AG7: 1140.9804 | AH7: 1695.6122 | AI7: 1769.6248 | AJ7: 1782.3566 | AK7: 1986.8619 | AL7: 1918.9013 | AM7: 1830.343 | AN7: 1870.4759 | AO7: 2495.2958 | AP7: 2103.2272 | AQ7: 4633.9136 | AR7: 3823.4212 | AS7: 2871.2533 | AT7: 2059.846 | AU7: 2165.5272 | AV7: 2373.4868 | AW7: 2405.1105 | AX7: 1991.9754 | AY7: 2226.422 | AZ7: 2316.3243 | BA7: 2277.615 | BB7: 2366.4839 | BC7: 2376.7077 | BD7: 2542.1153 | BE7: 2734.6448 | BF7: 3209.1129 | BG7: 3788.5137 | BH7: 4675.0728 | BI7: 5403.4147
A8: Individual Consumption Expenditure Of General Government | B8: 285.29255 | C8: 283.61605 | D8: 273.29673 | E8: 282.23547 | F8: 317.29519 | G8: 315.43559 | H8: 322.02176 | I8: 381.47164 | J8: 285.10371 | K8: 302.32349 | L8: 306.09436 | M8: 361.4143 | N8: 308.71366 | O8: 350.00634 | P8: 319.78136 | Q8: 359.79378 | R8: 334.41717 | S8: 349.66085 | T8: 349.27276 | U8: 502.78571 | V8: 317.24946 | W8: 286.8288 | X8: 379.6598 | Y8: 388.81768 | Z8: 309.25009 | AA8: 338.45668 | AB8: 342.57687 | AC8: 380.97068 | AD8: 321.25525 | AE8: 331.53196 | AF8: 319.0611 | AG8: 282.98778 | AH8: 420.50038 | AI8: 438.87942 | AJ8: 442.02835 | AK8: 492.74341 | AL8: 476.01706 | AM8: 454.00817 | AN8: 463.788 | AO8: 618.88724 | AP8: 500.71007 | AQ8: 1195.7601 | AR8: 982.79288 | AS8: 735.17122 | AT8: 473.74091 | AU8: 580.45963 | AV8: 610.19389 | AW8: 615.9175 | AX8: 494.14436 | AY8: 574.56718 | AZ8: 595.40053 | BA8: 583.17286 | BB8: 544.2641 | BC8: 637.06558 | BD8: 632.86435 | BE8: 678.25097 | BF8: 796.07665 | BG8: 977.69229 | BH8: 1019.3782 | BI8: 1437.5537
A9: Collective Consumption Expenditure Of General Government | B9: 614.51956 | C9: 895.74353 | D9: 864.00441 | E9: 1333.4396 | F9: 886.02758 | G9: 1043.2958 | H9: 991.47293 | I9: 1154.9852 | J9: 1183.9649 | K9: 1134.5204 | L9: 1228.0877 | M9: 1151.6973 | N9: 1055.5363 | O9: 1028.7337 | P9: 1047.2386 | Q9: 1326.6362 | R9: 960.41583 | S9: 1186.0822 | T9: 1180.4262 | U9: 1776.316 | V9: 1074.1105 | W9: 908.2912 | X9: 1080.5702 | Y9: 1213.4223 | Z9: 927.37367 | AA9: 1033.1005 | AB9: 1038.0366 | AC9: 1153.1845 | AD9: 973.77629 | AE9: 1005.0457 | AF9: 967.72534 | AG9: 857.99263 | AH9: 1275.1118 | AI9: 1330.7454 | AJ9: 1340.3283 | AK9: 1494.1185 | AL9: 1442.8842 | AM9: 1376.3348 | AN9: 1406.6879 | AO9: 1876.4085 | AP9: 1602.5172 | AQ9: 3438.1535 | AR9: 2840.6284 | AS9: 2136.082 | AT9: 1586.1051 | AU9: 1585.0676 | AV9: 1763.2929 | AW9: 1789.193 | AX9: 1497.831 | AY9: 1696.3833 | AZ9: 1720.9238 | BA9: 1696.7197 | BB9: 1822.2198 | BC9: 1739.6421 | BD9: 1909.251 | BE9: 2056.3938 | BF9: 2413.0363 | BG9: 2810.8214 | BH9: 3655.6947 | BI9: 3965.861
A10: Changes In Inventories | B10: 102.89926 | C10: 101.25505 | D10: 98.406899 | E10: 105.44143 | F10: 106.78674 | G10: 105.74964 | H10: 107.51644 | I10: 111.9475 | J10: 128.48089 | K10: 143.50765 | L10: 128.98849 | M10: 139.999 | N10: 141.21116 | O10: 155.95578 | P10: 140.37425 | Q10: 158.02764 | R10: 151.26141 | S10: 172.22833 | T10: 154.14182 | U10: 170.60607 | V10: 142.5546 | W10: 167.69913 | X10: 152.10079 | Y10: 168.60596 | Z10: 138.47624 | AA10: 160.34205 | AB10: 161.14476 | AC10: 198.34642 | AD10: 199.79781 | AE10: 234.66166 | AF10: 209.90931 | AG10: 227.38448 | AH10: 247.57837 | AI10: 283.67683 | AJ10: 242.79691 | AK10: 252.69385 | AL10: 274.16017 | AM10: 312.40788 | AN10: 279.34405 | AO10: 285.59353 | AP10: 301.21579 | AQ10: 301.52008 | AR10: 260.67959 | AS10: 297.97626 | AT10: 336.02609 | AU10: 326.33039 | AV10: 290.61907 | AW10: 327.68396 | AX10: 389.41959 | AY10: 394.28176 | AZ10: 338.64837 | BA10: 349.72256 | BB10: 409.53068 | BC10: 426.01124 | BD10: 416.5463 | BE10: 419.98302 | BF10: 462.70757 | BG10: 488.26082 | BH10: 483.26116 | BI10: 573.92714
A11: Gross Fixed Capital Formation | B11: 2206.7668 | C11: 2019.3727 | D11: 2569.589 | E11: 2387.331 | F11: 2533.7592 | G11: 2249.6394 | H11: 2747.3479 | I11: 2366.4507 | J11: 2709.3805 | K11: 2626.7814 | L11: 2361.7179 | M11: 2584.0719 | N11: 2552.3991 | O11: 2950.9553 | P11: 2843.6995 | Q11: 3131.0263 | R11: 3201.6038 | S11: 3586.8109 | T11: 3153.6202 | U11: 3651.7449 | V11: 3605.5952 | W11: 3747.1665 | X11: 3223.8978 | Y11: 3535.5103 | Z11: 3558.1738 | AA11: 4385.9545 | AB11: 3345.5782 | AC11: 3814.4779 | AD11: 4190.9214 | AE11: 4438.1241 | AF11: 3797.3133 | AG11: 4481.7743 | AH11: 4593.157 | AI11: 6083.7215 | AJ11: 6585.2604 | AK11: 7288.1043 | AL11: 7849.1816 | AM11: 9373.14 | AN11: 8574.8117 | AO11: 10066.846 | AP11: 10145.214 | AQ11: 8406.4959 | AR11: 9915.3196 | AS11: 12786.519 | AT11: 14175.678 | AU11: 12264.017 | AV11: 14648.746 | AW11: 17205.509 | AX11: 15570.746 | AY11: 12913.941 | AZ11: 17222.69 | BA11: 19519.757 | BB11: 20306.375 | BC11: 17979.084 | BD11: 18513.104 | BE11: 21036.108 | BF11: 22141.355 | BG11: 19223.354 | BH11: 20720.413 | BI11: 24121.096
A12: Exports Of Goods And Services | B12: 2507.9172 | C12: 3865.706 | D12: 3199.91 | E12: 4440.3076 | F12: 3346.726 | G12: 4115.567 | H12: 5247.1694 | I12: 7251.809 | J12: 5076.209 | K12: 5758.2993 | L12: 6015.0354 | M12: 5974.8707 | N12: 3531.6192 | O12: 3826.2292 | P12: 3700.3074 | Q12: 3564.0672 | R12: 4047.3744 | S12: 4761.529 | T12: 4773.924 | U12: 3034.0394 | V12: 2817.0229 | W12: 2770.3691 | X12: 2459.6618 | Y12: 2104.8982 | Z12: 1657.2742 | AA12: 1984.9658 | AB12: 2563.2126 | AC12: 3250.062 | AD12: 3367.092 | AE12: 3503.7064 | AF12: 3984.8059 | AG12: 4278.4218 | AH12: 4951.5886 | AI12: 4856.504 | AJ12: 5319.0626 | AK12: 4877.2997 | AL12: 4913.8619 | AM12: 5022.6725 | AN12: 5661.3795 | AO12: 5113.3215 | AP12: 4109.7699 | AQ12: 2224.9532 | AR12: 2993.4643 | AS12: 3194.497 | AT12: 2984.932 | AU12: 5019.6827 | AV12: 5136.5551 | AW12: 5766.6189 | AX12: 7512.3044 | AY12: 7923.1523 | AZ12: 6498.1698 | BA12: 6936.3746 | BB12: 6980.6766 | BC12: 6997.3519 | BD12: 11220.04 | BE12: 13638.201 | BF12: 20442.603 | BG12: 19245.885 | BH12: 22485.875 | BI12: 22069.29
A13: Less Imports Of Goods And Services | B13: 2219.6934 | C13: 1921.0872 | D13: 2989.8053 | E13: 2514.0195 | F13: 3913.1495 | G13: 3981.4357 | H13: 3267.8886 | I13: 2513.1526 | J13: 2656.9761 | K13: 2280.8499 | L13: 2107.7128 | M13: 2349.8618 | N13: 2486.3699 | O13: 2450.8617 | P13: 2983.4022 | Q13: 2609.8137 | R13: 2458.8774 | S13: 3056.4891 | T13: 2704.6367 | U13: 3002.1124 | V13: 2784.5692 | W13: 2382.195 | X13: 2579.4363 | Y13: 2405.7825 | Z13: 2266.9069 | AA13: 2964.2156 | AB13: 3422.1719 | AC13: 3147.4015 | AD13: 3140.0738 | AE13: 3891.2806 | AF13: 4196.3998 | AG13: 3911.4133 | AH13: 4847.1126 | AI13: 4363.0261 | AJ13: 6853.2679 | AK13: 6540.9298 | AL13: 6523.8037 | AM13: 6907.5797 | AN13: 6874.5836 | AO13: 8534.8804 | AP13: 3576.5679 | AQ13: 2433.2321 | AR13: 3184.5927 | AS13: 3506.5511 | AT13: 4875.1878 | AU13: 4692.3343 | AV13: 5335.8613 | AW13: 5940.5815 | AX13: 9189.3537 | AY13: 8439.259 | AZ13: 8634.6704 | BA13: 7334.6107 | BB13: 8405.6258 | BC13: 8506.9527 | BD13: 12465.9 | BE13: 12972.623 | BF13: 20297.053 | BG13: 20300.409 | BH13: 22228.838 | BI13: 24296.27
A14: Expenditure On The Gross Domestic Product | B14: 12790.378 | C14: 13141.505 | D14: 14516.589 | E14: 15020.878 | F14: 14686.114 | G14: 15229.799 | H14: 16368.914 | I14: 17428.532 | J14: 16675.099 | K14: 17968.302 | L14: 18735.304 | M14: 19220.925 | N14: 18522.185 | O14: 20149.674 | P14: 20703.825 | Q14: 21634.281 | R14: 20381.904 | S14: 21957.446 | T14: 23232.819 | U14: 24564.816 | V14: 21242.543 | W14: 23080.911 | X14: 24627.752 | Y14: 26226.529 | Z14: 22435.464 | AA14: 23737.297 | AB14: 26871.011 | AC14: 29531.645 | AD14: 26228.852 | AE14: 27266.395 | AF14: 29756.01 | AG14: 31647.993 | AH14: 28682.946 | AI14: 30955.297 | AJ14: 33781.03 | AK14: 35667.635 | AL14: 32086.12 | AM14: 35300.955 | AN14: 38222.339 | AO14: 40029.725 | AP14: 35969.901 | AQ14: 34336.898 | AR14: 39714.721 | AS14: 44230.799 | AT14: 40507.686 | AU14: 39614.838 | AV14: 45850.281 | AW14: 50102.697 | AX14: 45902.643 | AY14: 45505.285 | AZ14: 53176.514 | BA14: 57780.584 | BB14: 51947.19 | BC14: 52755.884 | BD14: 62054.356 | BE14: 67668.484 | BF14: 60276.874 | BG14: 62232.72 | BH14: 73755.082 | BI14: 81231.9
A15: Compensation Of Employees | B15: 3508.2259 | C15: 3504.0141 | D15: 3618.2144 | E15: 3996.1618 | F15: 4145.6013 | G15: 4245.7564 | H15: 4172.6042 | I15: 4645.4546 | J15: 4763.6994 | K15: 5095.5978 | L15: 5003.5957 | M15: 5125.7238 | N15: 5272.7393 | O15: 5730.5694 | P15: 5496.5025 | Q15: 5830.8203 | R15: 5835.7719 | S15: 6315.5028 | T15: 5985.2197 | U15: 6534.5667 | V15: 5690.4295 | W15: 6322.566 | X15: 6025.9006 | Y15: 6707.1368 | Z15: 5642.2278 | AA15: 6036.8974 | AB15: 6477.1835 | AC15: 7657.0657 | AD15: 6861.7798 | AE15: 7343.1693 | AF15: 7435.8624 | AG15: 8303.247 | AH15: 7895.2183 | AI15: 8653.594 | AJ15: 8527.2884 | AK15: 9279.4186 | AL15: 8521.4411 | AM15: 9895.2349 | AN15: 9733.9464 | AO15: 10455.469 | AP15: 9330.5551 | AQ15: 9436.4925 | AR15: 9757.2096 | AS15: 11412.478 | AT15: 10461.592 | AU15: 11342.131 | AV15: 11469.319 | AW15: 12838.608 | AX15: 11957.574 | AY15: 12924.549 | AZ15: 12881.227 | BA15: 14562.501 | BB15: 13874.466 | BC15: 15573.767 | BD15: 16266.027 | BE15: 18112.148 | BF15: 16859.91 | BG15: 18121.555 | BH15: 19061.073 | BI15: 21547.857
A16: Operating Surplus | B16: 8414.1311 | C16: 8766.9558 | D16: 10005.405 | E16: 10052.169 | F16: 9531.7363 | G16: 9968.1007 | H16: 11165.067 | I16: 11681.856 | J16: 10698.796 | K16: 11543.096 | L16: 12478.416 | M16: 12775.667 | N16: 12036.251 | O16: 13063.418 | P16: 13944.363 | Q16: 14466.958 | R16: 13222.654 | S16: 14173.258 | T16: 15774.553 | U16: 16381.031 | V16: 14168.002 | W16: 15217.075 | X16: 17043.342 | Y16: 17838.572 | Z16: 15354.105 | AA16: 16192.424 | AB16: 18707.755 | AC16: 19944.088 | AD16: 17751.094 | AE16: 18220.96 | AF16: 20508.667 | AG16: 21329.514 | AH16: 19043.451 | AI16: 20390.653 | AJ16: 23189.63 | AK16: 24062.503 | AL16: 21595.441 | AM16: 23073.025 | AN16: 26161.763 | AO16: 26992.823 | AP16: 24397.125 | AQ16: 22638.914 | AR16: 27305.909 | AS16: 29742.502 | AT16: 27356.605 | AU16: 25466.317 | AV16: 31219.559 | AW16: 33713.05 | AX16: 30863.319 | AY16: 29493.133 | AZ16: 36653.023 | BA16: 39054.139 | BB16: 34317.25 | BC16: 33240.287 | BD16: 41004.699 | BE16: 43902.927 | BF16: 38530.957 | BG16: 39044.92 | BH16: 48193.614 | BI16: 52322.554
... A21: Gross Domestic Product At Current Market Prices | B21: 12790.378 | C21: 13141.505 | D21: 14516.589 | E21: 15020.878 | F21: 14686.114 | G21: 15229.799 | H21: 16368.914 | I21: 17428.532 | J21: 16675.099 | K21: 17968.302 | L21: 18735.304 | M21: 19220.925 | N21: 18522.185 | O21: 20149.674 | P21: 20703.825 | Q21: 21634.281 | R21: 20381.904 | S21: 21957.446 | T21: 23232.819 | U21: 24564.816 | V21: 21242.543 | W21: 23080.911 | X21: 24627.752 | Y21: 26226.529 | Z21: 22435.464 | AA21: 23737.297 | AB21: 26871.011 | AC21: 29531.645 | AD21: 26228.852 | AE21: 27266.395 | AF21: 29756.01 | AG21: 31647.993 | AH21: 28682.946 | AI21: 30955.297 | AJ21: 33781.03 | AK21: 35667.635 | AL21: 32086.12 | AM21: 35300.955 | AN21: 38222.339 | AO21: 40029.725 | AP21: 35969.901 | AQ21: 34336.898 | AR21: 39714.721 | AS21: 44230.799 | AT21: 40507.686 | AU21: 39614.838 | AV21: 45850.281 | AW21: 50102.697 | AX21: 45902.643 | AY21: 45505.285 | AZ21: 53176.514 | BA21: 57780.584 | BB21: 51947.19 | BC21: 52755.884 | BD21: 62054.356 | BE21: 67668.484 | BF21: 60276.874 | BG21: 62232.72 | BH21: 73755.082 | BI21: 81231.9
A22: Source: National Bureau of Statistics
A23: 1Provisional

Sheet C1.10 
A1: Return to Menu | AI1: Return to Menu | AU1: Return to Menu
A2: Table C.1.10: Gross Domestic Product by Expenditure and Income at 2010 Constant Purchasers' Prices - Quarterly (₦' Billion) | AI2: Table C.1.10: Gross Domestic Product by Expenditure and Income at 2010 Constant Purchasers' Prices - Quarterly (₦' Billion) | AU2: Table C.1.10: Gross Domestic Product by Expenditure and Income at 2010 Constant Purchasers' Prices - Quarterly (₦' Billion)
A3: Component | B3: 2010 | F3: 2011 | J3: 2012 | M3: 2012 | N3: 2013 | R3: 2014 | V3: 2015 | X3: 2015 | Z3: 2016 | AD3: 2017 | AH3: 2018 | AI3: Component | AJ3: 2018 | AM3: 2019 | AQ3: 2020 1 | AU3: Component | AV3: 2021 1 | AZ3: 2022 1 | BD3: 2023 1 | BH3: 2024 1
B4: Q1 | C4: Q2 | D4: Q3 | E4: Q4 | F4: Q1 | G4: Q2 | H4: Q3 | I4: Q4 | J4: Q1 | K4: Q2 | L4: Q3 | M4: Q4 | N4: Q1 | O4: Q2 | P4: Q3 | Q4: Q4 | R4: Q1 | S4: Q2 | T4: Q3 | U4: Q4 | V4: Q1 | W4: Q2 | X4: Q3 | Y4: Q4 | Z4: Q1 | AA4: Q2 | AB4: Q3 | AC4: Q4 | AD4: Q1 | AE4: Q2 | AF4: Q3 | AG4: Q4 | AH4: Q1 | AJ4: Q2 | AK4: Q3 | AL4: Q4 | AM4: Q1 | AN4: Q2 | AO4: Q3 | AP4: Q4 | AQ4: Q1 | AR4: Q2 | AS4: Q3 | AT4: Q4 | AV4: Q1 | AW4: Q2 | AX4: Q3 | AY4: Q4 | AZ4: Q1 | BA4: Q2 | BB4: Q3 | BC4: Q4 | BD4: Q1 | BE4: Q2 | BF4: Q3 | BG4: Q4 | BH4: Q1 | BI4: Q2 | BJ4: Q3 | BK4: Q4
A5: Final Consumption Expenditure Of Household | B5: 9236.031 | C5: 7850.8946 | D5: 10446.931 | E5: 8918.5685 | F5: 9776.2182 | G5: 9535.899 | H5: 8871.9638 | I5: 7139.6156 | J5: 8320.3203 | K5: 8005.6738 | L5: 9276.4389 | M5: 9723.803 | N5: 9798.0853 | O5: 9722.3105 | P5: 11642.337 | Q5: 11653.783 | R5: 9750.7839 | S5: 9690.4086 | T5: 11310.211 | U5: 12889.902 | V5: 9476.058 | W5: 10124.972 | X5: 11694.64 | Y5: 12404.195 | Z5: 9219.7674 | AA5: 9960.033 | AB5: 11415.308 | AC5: 10594.1 | AD5: 9818.0283 | AE5: 9961.192 | AF5: 10269.571 | AG5: 10969.307 | AH5: 9793.5535 | AI5: Final Consumption Expenditure Of Household | AJ5: 10058.817 | AK5: 11080.441 | AL5: 11985.095 | AM5: 9531.1715 | AN5: 10134.142 | AO5: 10861.268 | AP5: 11935.458 | AQ5: 8574.1072 | AR5: 8241.8405 | AS5: 11186.14 | AT5: 13744.051 | AU5: Final Consumption Expenditure Of Household | AV5: 12617.404 | AW5: 11736.06 | AX5: 13352.241 | AY5: 14747.327 | AZ5: 13709.904 | BA5: 11124.918 | BB5: 12573.689 | BC5: 12908.207 | BD5: 10479.159 | BE5: 11912.273 | BF5: 11301.048 | BG5: 11722.439 | BH5: 6086.7019 | BI5: 4378.6135 | BJ5: 9623.2954 | BK5: 11033.822
A6: Final Consumption Expenditure Of Non-Profits Serving Household | B6: 56.645388 | C6: 46.004171 | D6: 54.256261 | E6: 67.573739 | F6: 60.703844 | G6: 43.755352 | H6: 57.462611 | I6: 70.372241 | J6: 62.141222 | K6: 55.003653 | L6: 54.056275 | M6: 60.565981 | N6: 68.17232 | O6: 41.734157 | P6: 54.869 | Q6: 67.001228 | R6: 72.802149 | S6: 41.804374 | T6: 55.655415 | U6: 68.473495 | V6: 78.382413 | W6: 42.582819 | X6: 55.219603 | Y6: 65.881435 | Z6: 82.515334 | AA6: 37.149501 | AB6: 51.408173 | AC6: 63.785506 | AD6: 84.887186 | AE6: 37.165633 | AF6: 54.965131 | AG6: 71.98175 | AH6: 98.611282 | AI6: Final Consumption Expenditure Of Non-Profits Serving Household | AJ6: 38.56888 | AK6: 39.411062 | AL6: 77.135504 | AM6: 95.402207 | AN6: 41.591126 | AO6: 60.601718 | AP6: 83.245648 | AQ6: 87.210803 | AR6: 92.676506 | AS6: 229.29048 | AT6: 167.0529 | AU6: Final Consumption Expenditure Of Non-Profits Serving Household | AV6: 128.43787 | AW6: 131.97785 | AX6: 273.79268 | AY6: 179.2574 | AZ6: 140.99413 | BA6: 149.33308 | BB6: 395.63404 | BC6: 292.46413 | BD6: 153.96142 | BE6: 172.14861 | BF6: 477.07734 | BG6: 389.46113 | BH6: 159.14045 | BI6: 183.60892 | BJ6: 508.31735 | BK6: 498.72062
A7: Final Consumption Expenditure Of General Government | B7: 899.81211 | C7: 1179.3596 | D7: 1137.3011 | E7: 1615.675 | F7: 1162.1258 | G7: 1291.2545 | H7: 1213.3149 | I7: 1386.4548 | J7: 1262.6252 | K7: 1208.5653 | L7: 1264.5119 | M7: 1217.296 | N7: 1023.6951 | O7: 975.61465 | P7: 1095.3414 | Q7: 1350.2982 | R7: 946.63516 | S7: 1099.7135 | T7: 1074.5363 | U7: 1573.8976 | V7: 938.92455 | W7: 785.54647 | X7: 938.32205 | Y7: 978.62974 | Z7: 750.01453 | AA7: 782.10008 | AB7: 754.77235 | AC7: 804.09738 | AD7: 694.64295 | AE7: 715.3827 | AF7: 688.23396 | AG7: 609.7924 | AH7: 905.37537 | AI7: Final Consumption Expenditure Of General Government | AJ7: 926.94674 | AK7: 927.59199 | AL7: 1027.3511 | AM7: 985.80866 | AN7: 928.25686 | AO7: 948.57077 | AP7: 1257.2697 | AQ7: 1052.8862 | AR7: 2304.7932 | AS7: 1889.4047 | AT7: 1409.7209 | AU7: Final Consumption Expenditure Of General Government | AV7: 1004.8129 | AW7: 1070.2988 | AX7: 1142.9175 | AY7: 1173.4042 | AZ7: 905.22427 | BA7: 1003.6165 | BB7: 1035.6612 | BC7: 1011.7887 | BD7: 1066.6248 | BE7: 1061.6942 | BF7: 1119.2929 | BG7: 1191.7275 | BH7: 1335.0827 | BI7: 1168.1522 | BJ7: 1542.9634 | BK7: 1652.4304
A8: Individual Consumption Expenditure Of General Government | B8: 285.29255 | C8: 283.61605 | D8: 273.29673 | E8: 282.23547 | F8: 367.63187 | G8: 309.7158 | H8: 290.80307 | I8: 279.47197 | J8: 337.02327 | K8: 244.79116 | L8: 255.93138 | M8: 207.33685 | N8: 343.72236 | O8: 248.46283 | P8: 278.74495 | Q8: 289.07805 | R8: 289.99641 | S8: 255.52816 | T8: 249.4909 | U8: 307.42598 | V8: 328.49812 | W8: 214.47293 | X8: 307.71987 | Y8: 286.38875 | Z8: 307.49914 | AA8: 246.78221 | AB8: 274.85795 | AC8: 309.9421 | AD8: 308.44171 | AE8: 243.93912 | AF8: 249.37733 | AG8: 231.1964 | AH8: 418.68687 | AI8: Individual Consumption Expenditure Of General Government | AJ8: 323.66361 | AK8: 352.7204 | AL8: 387.90153 | AM8: 244.5471 | AN8: 230.24985 | AO8: 235.19989 | AP8: 311.83004 | AQ8: 250.65799 | AR8: 617.78924 | AS8: 485.6628 | AT8: 360.95258 | AU8: Individual Consumption Expenditure Of General Government | AV8: 229.16518 | AW8: 276.18569 | AX8: 293.8817 | AY8: 300.54476 | AZ8: 215.50449 | BA8: 269.0148 | BB8: 266.21195 | BC8: 259.06386 | BD8: 264.59495 | BE8: 306.87783 | BF8: 277.53077 | BG8: 296.76588 | BH8: 323.47137 | BI8: 313.11783 | BJ8: 290.16695 | BK8: 411.49084
A9: Collective Consumption Expenditure Of General Government | B9: 614.51956 | C9: 895.74353 | D9: 864.00441 | E9: 1333.4396 | F9: 794.49391 | G9: 981.53865 | H9: 922.51184 | I9: 1106.9828 | J9: 925.60194 | K9: 963.77415 | L9: 1008.5805 | M9: 1009.9591 | N9: 679.97275 | O9: 727.15182 | P9: 816.59641 | Q9: 1061.2202 | R9: 656.63875 | S9: 844.18531 | T9: 825.04536 | U9: 1266.4716 | V9: 610.42643 | W9: 571.07353 | X9: 630.60219 | Y9: 692.241 | Z9: 442.51539 | AA9: 535.31787 | AB9: 479.91441 | AC9: 494.15528 | AD9: 386.20124 | AE9: 471.44358 | AF9: 438.85663 | AG9: 378.596 | AH9: 486.6885 | AI9: Collective Consumption Expenditure Of General Government | AJ9: 603.28313 | AK9: 574.87159 | AL9: 639.44955 | AM9: 741.26156 | AN9: 698.00701 | AO9: 713.37088 | AP9: 945.43967 | AQ9: 802.22819 | AR9: 1687.004 | AS9: 1403.7419 | AT9: 1048.7684 | AU9: Collective Consumption Expenditure Of General Government | AV9: 775.64773 | AW9: 794.11311 | AX9: 849.03582 | AY9: 872.85944 | AZ9: 689.71978 | BA9: 734.60172 | BB9: 769.44921 | BC9: 752.72487 | BD9: 802.02983 | BE9: 754.81636 | BF9: 841.76215 | BG9: 894.96161 | BH9: 1011.6113 | BI9: 855.03434 | BJ9: 1252.7965 | BK9: 1240.9395
A10: Changes In Inventories | B10: 102.89926 | C10: 101.25505 | D10: 98.406899 | E10: 105.44143 | F10: 101.11547 | G10: 99.81174 | H10: 100.74684 | I10: 104.49242 | J10: 118.83951 | K10: 130.06616 | L10: 114.70226 | M10: 124.29659 | N10: 125.43253 | O10: 137.50101 | P10: 122.09949 | Q10: 136.83411 | R10: 129.05658 | S10: 146.21453 | T10: 130.20881 | U10: 143.13848 | V10: 118.53647 | W10: 138.15754 | X10: 124.31509 | Y10: 136.49328 | Z10: 109.83139 | AA10: 128.64748 | AB10: 125.61691 | AC10: 147.1846 | AD10: 142.84768 | AE10: 165.87177 | AF10: 147.7913 | AG10: 159.35122 | AH10: 171.86059 | AI10: Changes In Inventories | AJ10: 178.90934 | AK10: 142.02726 | AL10: 146.81673 | AM10: 156.04305 | AN10: 90.788394 | AO10: 78.347128 | AP10: 146.69636 | AQ10: 149.51761 | AR10: 144.63536 | AS10: 72.265697 | AT10: 133.48338 | AU10: Changes In Inventories | AV10: 145.46623 | AW10: 136.51813 | AX10: 121.57854 | AY10: 91.696623 | AZ10: 159.81692 | BA10: 161.29932 | BB10: 85.676779 | BC10: 126.67212 | BD10: 143.57438 | BE10: 101.28911 | BF10: 98.783934 | BG10: 99.226825 | BH10: 108.75324 | BI10: 12.71128 | BJ10: 111.0046 | BK10: 132.99059
A11: Gross Fixed Capital Formation | B11: 2206.7668 | C11: 2019.3727 | D11: 2569.589 | E11: 2387.331 | F11: 2173.4808 | G11: 1909.8184 | H11: 2248.6791 | I11: 2093.7839 | J11: 2220.6405 | K11: 2256.0202 | L11: 1986.7933 | M11: 2177.3112 | N11: 2110.2067 | O11: 2476.8987 | P11: 2248.8199 | Q11: 2484.4219 | R11: 2534.0301 | S11: 2805.5315 | T11: 2437.1261 | U11: 2793.7791 | V11: 2727.602 | W11: 2788.3852 | X11: 2329.7413 | Y11: 2586.4992 | Z11: 2541.1364 | AA11: 2876.2931 | AB11: 2129.4468 | AC11: 2380.3798 | AD11: 2453.8439 | AE11: 2554.1632 | AF11: 2129.2576 | AG11: 2494.4315 | AH11: 2458.765 | AI11: Gross Fixed Capital Formation | AJ11: 2742.1925 | AK11: 2568.9498 | AL11: 2799.6917 | AM11: 2795.7731 | AN11: 3108.1233 | AO11: 2565.4878 | AP11: 2976.4801 | AQ11: 2710.5172 | AR11: 2097.4427 | AS11: 2258.0091 | AT11: 2695.5284 | AU11: Gross Fixed Capital Formation | AV11: 2709.7699 | AW11: 2225.6294 | AX11: 2427.9105 | AY11: 2853.5076 | AZ11: 2871.8117 | BA11: 2308.3259 | BB11: 2543.9402 | BC11: 2832.5662 | BD11: 2825.5885 | BE11: 2351.1055 | BF11: 2574.0201 | BG11: 2900.3718 | BH11: 2754.458 | BI11: 3480.2682 | BJ11: 2617.1191 | BK11: 2914.5713
A12: Exports Of Goods And Services | B12: 2507.9172 | C12: 3865.706 | D12: 3199.91 | E12: 4440.3076 | F12: 2919.856 | G12: 3612.3464 | H12: 4645.202 | I12: 6450.9866 | J12: 3803.4743 | K12: 4298.83 | L12: 4468.8484 | M12: 4424.5603 | N12: 3170.3925 | O12: 3466.3332 | P12: 3379.7209 | Q12: 3284.9903 | R12: 3741.0028 | S12: 4408.9135 | T12: 4419.2028 | U12: 2808.063 | V12: 4396.2757 | W12: 3952.8182 | X12: 4375.6597 | Y12: 3794.9401 | Z12: 4534.6795 | AA12: 3982.4099 | AB12: 4425.9455 | AC12: 5481.636 | AD12: 3752.6894 | AE12: 4316.3316 | AF12: 6071.012 | AG12: 5793.3329 | AH12: 4391.8324 | AI12: Exports Of Goods And Services | AJ12: 4200.0971 | AK12: 5786.0108 | AL12: 5374.3729 | AM12: 5131.5925 | AN12: 5023.5918 | AO12: 6422.8372 | AP12: 6132.3295 | AQ12: 5459.8211 | AR12: 3837.151 | AS12: 3314.2378 | AT12: 2524.8909 | AU12: Exports Of Goods And Services | AV12: 1637.8737 | AW12: 2745.475 | AX12: 2829.6045 | AY12: 3065.2684 | AZ12: 1996.0822 | BA12: 4762.8761 | BB12: 4719.812 | BC12: 5899.1808 | BD12: 5151.0186 | BE12: 3833.3486 | BF12: 5950.7501 | BG12: 7345.2972 | BH12: 9590.9829 | BI12: 10720.615 | BJ12: 7508.6699 | BK12: 8386.0141
A13: Less Imports Of Goods And Services | B13: 2219.6934 | C13: 1921.0872 | D13: 2989.8053 | E13: 2514.0195 | F13: 2571.7071 | G13: 2575.576 | H13: 2129.7766 | I13: 1612.0486 | J13: 1682.3793 | K13: 1449.7093 | L13: 1339.3543 | M13: 1493.8909 | N13: 1580.6547 | O13: 1558.0812 | P13: 1896.391 | Q13: 1658.9205 | R13: 1573.2627 | S13: 1943.2189 | T13: 1719.4065 | U13: 1857.7428 | V13: 1531.9756 | W13: 1209.4081 | X13: 1309.4224 | Y13: 1221.2786 | Z13: 1150.7142 | AA13: 1417.343 | AB13: 1126.5286 | AC13: 1031.2421 | AD13: 1027.2825 | AE13: 1272.6826 | AF13: 1371.88 | AG13: 1278.5376 | AH13: 1585.0431 | AI13: Less Imports Of Goods And Services | AJ13: 1426.906 | AK13: 2239.3051 | AL13: 2132.8206 | AM13: 2126.0563 | AN13: 2250.3925 | AO13: 2239.7887 | AP13: 2780.5442 | AQ13: 1140.7903 | AR13: 674.02551 | AS13: 839.75195 | AT13: 921.56403 | AU13: Less Imports Of Goods And Services | AV13: 1281.2583 | AW13: 1141.7228 | AX13: 1302.1283 | AY13: 1440.3485 | AZ13: 2210.5615 | BA13: 2032.1466 | BB13: 2060.3994 | BC13: 1647.4426 | BD13: 1825.6431 | BE13: 1490.8079 | BF13: 1631.3236 | BG13: 1537.4055 | BH13: 1537.9476 | BI13: 1463.2986 | BJ13: 1400.8853 | BK13: 1499.7408
A14: Expenditure On The Gross Domestic Product | B14: 12790.378 | C14: 13141.505 | D14: 14516.589 | E14: 15020.878 | F14: 13621.793 | G14: 13917.309 | H14: 15007.593 | I14: 15633.657 | J14: 14105.662 | K14: 14504.45 | L14: 15825.997 | M14: 16233.942 | N14: 14715.33 | O14: 15262.311 | P14: 16646.797 | Q14: 17318.408 | R14: 15601.048 | S14: 16249.367 | T14: 17707.533 | U14: 18419.511 | V14: 16203.804 | W14: 16623.054 | X14: 18208.475 | Y14: 18745.36 | Z14: 16087.23 | AA14: 16349.29 | AB14: 17775.969 | AC14: 18439.941 | AD14: 15919.657 | AE14: 16477.424 | AF14: 17988.951 | AG14: 18819.659 | AH14: 16234.955 | AI14: Expenditure On The Gross Domestic Product | AJ14: 16718.625 | AK14: 18305.126 | AL14: 19277.642 | AM14: 16569.735 | AN14: 17076.101 | AO14: 18697.324 | AP14: 19750.935 | AQ14: 16893.27 | AR14: 16044.514 | AS14: 18109.596 | AT14: 19753.164 | AU14: Expenditure On The Gross Domestic Product | AV14: 16962.506 | AW14: 16904.236 | AX14: 18845.916 | AY14: 20670.113 | AZ14: 17573.272 | BA14: 17478.223 | BB14: 19294.014 | BC14: 21423.437 | BD14: 17994.283 | BE14: 17941.051 | BF14: 19889.648 | BG14: 22111.118 | BH14: 18497.172 | BI14: 18480.671 | BJ14: 20510.484 | BK14: 23118.808
A15: Compensation Of Employees | B15: 3508.2259 | C15: 3504.0141 | D15: 3618.2144 | E15: 3996.1618 | F15: 3999.5509 | G15: 4030.7513 | H15: 3850.3934 | I15: 4187.6104 | J15: 4094.8294 | K15: 4286.6179 | L15: 4124.6521 | M15: 4124.1979 | N15: 4157.1559 | O15: 4432.4726 | P15: 4185.2785 | Q15: 4349.1424 | R15: 4266.4551 | S15: 4522.3995 | T15: 4204.3144 | U15: 4512.6284 | V15: 3840.0442 | W15: 4155.7914 | X15: 3872.154 | Y15: 4096.6419 | Z15: 3422.0213 | AA15: 3442.4069 | AB15: 3541.0339 | AC15: 4013.301 | AD15: 3680.5953 | AE15: 3930.3187 | AF15: 3977.0492 | AG15: 4437.6371 | AH15: 4215.6669 | AI15: Compensation Of Employees | AJ15: 4532.8369 | AK15: 4437.8574 | AL15: 4798.1294 | AM15: 4377.771 | AN15: 5018.3599 | AO15: 4936.357 | AP15: 5268.0507 | AQ15: 4670.923 | AR15: 4693.4763 | AS15: 4821.681 | AT15: 5603.2708 | AU15: Compensation Of Employees | AV15: 5103.2662 | AW15: 5605.7801 | AX15: 5522.8811 | AY15: 6263.6944 | AZ15: 5433.9458 | BA15: 5826.0701 | BB15: 5759.3775 | BC15: 6469.1243 | BD15: 6253.518 | BE15: 6956.9255 | BF15: 7161.9286 | BG15: 7893.0707 | BH15: 7014.2042 | BI15: 5587.6092 | BJ15: 6290.9264 | BK15: 6589.5986
A16: Operating Surplus | B16: 8414.1311 | C16: 8766.9558 | D16: 10005.405 | E16: 10052.169 | F16: 8675.7453 | G16: 8937.1197 | H16: 10198.108 | I16: 10426.88 | J16: 8908.4675 | K16: 9034.6001 | L16: 10594.738 | M16: 10946.299 | N16: 9498.87 | O16: 9657.0399 | P16: 11371.331 | Q16: 11817.495 | R16: 10213.242 | S16: 10493.371 | T16: 12271.422 | U16: 12540.26 | V16: 11211.074 | W16: 11205.179 | X16: 13069.914 | Y16: 13295.189 | Z16: 11517.731 | AA16: 11703 | AB16: 12941.294 | AC16: 13009.492 | AD16: 11076.17 | AE16: 11341.071 | AF16: 12743.689 | AG16: 12971.458 | AH16: 10799.924 | AI16: Operating Surplus | AJ16: 10950.901 | AK16: 12608.087 | AL16: 13061.678 | AM16: 11009.62 | AN16: 11184.11 | AO16: 12872.756 | AP16: 13057.229 | AQ16: 11037.083 | AR16: 10521.195 | AS16: 12336.507 | AT16: 12751.61 | AU16: Operating Surplus | AV16: 10689.225 | AW16: 10052.77 | AX16: 12211.346 | AY16: 12852.689 | AZ16: 10808.083 | BA16: 10340.151 | BB16: 12377.599 | BC16: 13317.54 | BD16: 10326.987 | BE16: 9846.3685 | BF16: 11343.251 | BG16: 12804.49 | BH16: 10320.476 | BI16: 11777.257 | BJ16: 12820.207 | BK16: 14838.673
... A21: Gross Domestic Product At Constant Market Prices | B21: 12790.378 | C21: 13141.505 | D21: 14516.589 | E21: 15020.878 | F21: 13621.793 | G21: 13917.309 | H21: 15007.593 | I21: 15633.657 | J21: 14105.662 | K21: 14504.45 | L21: 15825.997 | M21: 16233.942 | N21: 14715.33 | O21: 15262.311 | P21: 16646.797 | Q21: 17318.408 | R21: 15601.048 | S21: 16249.367 | T21: 17707.533 | U21: 18419.511 | V21: 16203.804 | W21: 16623.054 | X21: 18208.475 | Y21: 18745.36 | Z21: 16087.23 | AA21: 16349.29 | AB21: 17775.969 | AC21: 18439.941 | AD21: 15919.657 | AE21: 16477.424 | AF21: 17988.951 | AG21: 18819.659 | AH21: 16234.955 | AI21: Gross Domestic Product At Constant Market Prices | AJ21: 16718.625 | AK21: 18305.126 | AL21: 19277.642 | AM21: 16569.735 | AN21: 17076.101 | AO21: 18697.324 | AP21: 19750.935 | AQ21: 16893.27 | AR21: 16044.514 | AS21: 18109.596 | AT21: 19753.164 | AU21: Gross Domestic Product At Constant Market Prices | AV21: 16962.506 | AW21: 16904.236 | AX21: 18845.916 | AY21: 20670.113 | AZ21: 17573.272 | BA21: 17478.223 | BB21: 19294.014 | BC21: 21423.437 | BD21: 17994.283 | BE21: 17941.051 | BF21: 19889.648 | BG21: 22111.118 | BH21: 18497.172 | BI21: 18480.671 | BJ21: 20510.484 | BK21: 23118.808
A22: Source: National Bureau of Statistics (NBS) | AI22: Source: National Bureau of Statistics (NBS) | AU22: Source: National Bureau of Statistics (NBS)
A23: 1Provisional | AI23: 1Provisional | AU23: 1Provisional

Sheet C1.11
A1: Return to Menu
A2: Table C.1.11: Rebased Series - Gross Domestic Product at Current Basic Prices - Annual (₦' Billion)
A3: Activity Sector | B3: 2019 1 | C3: 2020 1 | D3: 2021 1 | E3: 2022 1 | F3: 2023 1 | G3: 2024 1
A4: A. AGRICULTURE | B4: 52779.873 | C4: 60556.128 | D4: 71502.458 | E4: 78297.981 | F4: 87041.973 | G4: 96461.696
A5: 1. Crop Production | B5: 35925.189 | C5: 41220.372 | D5: 48305.044 | E5: 50186.279 | F5: 56895.936 | G5: 61916.574
A6: 2. Livestock | B6: 11761.132 | C6: 13695.44 | D6: 16999.3 | E6: 20859.132 | F6: 21636.501 | G6: 24798.474
A7: 3. Forestry | B7: 2695.0426 | C7: 2959.35 | D7: 3428.8904 | E7: 4255.2702 | F7: 4857.3501 | G7: 5282.8764
A8: 4. Fishing | B8: 2398.5104 | C8: 2680.9661 | D8: 2769.2241 | E8: 2997.2998 | F8: 3652.1859 | G8: 4463.7718
A9: B. INDUSTRY | B9: 43077.273 | C9: 39234.312 | D9: 44412.293 | E9: 52568.013 | F9: 60073.461 | G9: 67841.632
A10: 1. Mining and Quarrying | B10: 12402.438 | C10: 10667.123 | D10: 10207.076 | E10: 12644.801 | F10: 13900.618 | G10: 15461.32
A11: a. Crude Petroleum and Natural Gas | B11: 11952.45 | C11: 10195.626 | D11: 9636.0179 | E11: 11972.758 | F11: 13106.152 | G11: 14601.246
A12: b. Coal Mining | B12: 22.818997 | C12: 20.815019 | D12: 22.002008 | E12: 23.065549 | F12: 24.619389 | G12: 24.357131
A13: c. Metal Ores | B13: 39.131433 | C13: 13.819603 | D13: 79.290391 | E13: 117.74449 | F13: 188.50497 | G13: 366.5813
A14: d. Quarrying and Other Minerals | B14: 388.03789 | C14: 436.8628 | D14: 469.76606 | E14: 531.23259 | F14: 581.34132 | G14: 469.13564
A15: 2. Manufacturing | B15: 18664.346 | C15: 17271.486 | D15: 21452.665 | E15: 25055.45 | F15: 29119.725 | G15: 32276.309
... A62: Total GDP at Current Market Prices | B62: 205772.63 | C62: 213636.37 | D62: 243302.65 | E62: 274233.71 | F62: 314023.59 | G62: 372822.83
A64: Source: National Bureau of Statistics
A65: 2019 - 2024 are provisional figures

Sheet C1.12
A1: Return to Menu
A2: Table C.1.12: Gross Domestic Product at 2019 Constant Basic Prices - Annual (₦' Billion)
A3: Activity Sector | B3: 2019 1 | C3: 2020 1 | D3: 2021 1 | E3: 2022 1 | F3: 2023 1 | G3: 2024 1
A4: A. AGRICULTURE | B4: 52779.873 | C4: 54181.406 | D4: 56228.307 | E4: 57613.193 | F4: 58327.225 | G4: 59312.569
A5: 1. Crop Production | B5: 35925.189 | C5: 37246.503 | D5: 38794.928 | E5: 39600.845 | F5: 41170.603 | G5: 42369.961
A6: 2. Livestock | B6: 11761.132 | C6: 11844.529 | D6: 12244.148 | E6: 12579.398 | F6: 12211.249 | G6: 11949.767
A7: 3. Forestry | B7: 2695.0426 | C7: 2754.6558 | D7: 2842.2441 | E7: 3015.2721 | F7: 2473.3295 | G7: 2535.8605
A8: 4. Fishing | B8: 2398.5104 | C8: 2335.7182 | D8: 2346.9864 | E8: 2417.6783 | F8: 2472.0441 | G8: 2456.9802
A9: B. INDUSTRY | B9: 43077.273 | C9: 33291.212 | D9: 30189.285 | E9: 33255.763 | F9: 34590.377 | G9: 35560.968
A10: 1. Mining and Quarrying | B10: 12402.438 | C10: 8905.6898 | D10: 5579.0091 | E10: 6901.9584 | F10: 7194.568 | G10: 7571.2391
A11: a. Crude Petroleum and Natural Gas | B11: 11952.45 | C11: 8606.9914 | D11: 5245.8996 | E11: 6545.473 | F11: 6836.5989 | G11: 7215.0645
A12: b. Coal Mining | B12: 22.818997 | C12: 12.410577 | D12: 12.160549 | E12: 11.654384 | F12: 11.362186 | G12: 10.879685
A13: c. Metal Ores | B13: 39.131433 | C13: 8.5702962 | D13: 45.449193 | E13: 61.503657 | F13: 89.675328 | G13: 157.14114
A14: d. Quarrying and Other Minerals | B14: 388.03789 | C14: 277.71747 | D14: 275.49973 | E14: 283.32732 | F14: 256.93163 | G14: 188.15376
A15: 2. Manufacturing | B15: 18664.346 | C15: 14947.915 | D15: 15916.674 | E15: 16960.341 | F15: 17370.928 | G15: 17578.905
... A62: Total GDP at Constant Market Prices | B62: 205050.25 | C62: 190917.88 | D62: 192918.44 | E62: 201351.26 | F62: 207566.14 | G62: 214608.95
A65: Source: National Bureau of Statistics
A66: Note 1Provisional

Sheet C1.13
A1: Return to Menu
A2: Table C.1.13: Rebased Series - Implicit Price Deflator - Annual
A3: Activity Sector | B3: 2019 1 | C3: 2020 1 | D3: 2021 1 | E3: 2022 1 | F3: 2023 1 | G3: 2024 1
A4: A. AGRICULTURE | B4: 100 | C4: 111.76552 | D4: 127.16452 | E4: 135.90287 | F4: 149.23044 | G4: 162.63281
A5: 1. Crop Production | B5: 100 | C5: 110.66911 | D5: 124.51381 | E5: 126.73033 | F5: 138.19554 | G5: 146.13319
A6: 2. Livestock | B6: 100 | C6: 115.62672 | D6: 138.83612 | E6: 165.81979 | F6: 177.185 | G6: 207.52265
A7: 3. Forestry | B7: 100 | C7: 107.43084 | D7: 120.64025 | E7: 141.12392 | F7: 196.38912 | G7: 208.32677
A8: 4. Fishing | B8: 100 | C8: 114.78123 | D8: 117.99063 | E8: 123.9743 | F8: 147.73951 | G8: 181.67716
A9: B. INDUSTRY | B9: 100 | C9: 117.85186 | D9: 147.11277 | E9: 158.07189 | F9: 173.67102 | G9: 190.77555
A10: 1. Mining and Quarrying | B10: 100 | C10: 119.77874 | D10: 182.95501 | E10: 183.20598 | F10: 193.2099 | G10: 204.21122
A11: a. Crude Petroleum and Natural Gas | B11: 100 | C11: 118.45749 | D11: 183.68666 | E11: 182.91662 | F11: 191.70573 | G11: 202.37166
A12: b. Coal Mining | B12: 100 | C12: 167.72 | D12: 180.9294 | E12: 197.91307 | F12: 216.67828 | G12: 223.87717
A13: c. Metal Ores | B13: 100 | C13: 161.25 | D13: 174.4594 | E13: 191.44307 | F13: 210.20828 | G13: 233.28156
A14: d. Quarrying and Other Minerals | B14: 100 | C14: 157.30476 | D14: 170.51416 | E14: 187.49784 | F14: 226.26304 | G14: 249.33632
A15: 2. Manufacturing | B15: 100 | C15: 115.54445 | D15: 134.78107 | E15: 147.72964 | F15: 167.63483 | G15: 183.60819
... A58: Total GDP Constant Basic Prices | B58: 100 | C58: 111.34814 | D58: 125.43929 | E58: 135.45216 | F58: 150.01848 | G58: 170.94862
A60: Source: National Bureau of Statistics
A61: Note 1Provisional

Sheet C1.14
A1: Return to Menu
A2: Table C.1.14: Rebased Series - Gross Domestic Product at Current Basic Prices - Quarterly (₦' Billion)
B3: 2019 1 | F3: 2020 1 | J3: 2021 1 | N3: 2022 1 | R3: 2023 1 | V3: 2024 1
A4: Activity Sector | B4: Q1-2019 | C4: Q2-2019 | D4: Q3-2019 | E4: Q4-2019 | F4: Q1-2020 | G4: Q2-2020 | H4: Q3-2020 | I4: Q4-2020 | J4: Q1-2021 | K4: Q2-2021 | L4: Q3-2021 | M4: Q4-2021 | N4: Q1-2022 | O4: Q2-2022 | P4: Q3-2022 | Q4: Q4-2022 | R4: Q1-2023 | S4: Q2-2023 | T4: Q3-2023 | U4: Q4-2023 | V4: Q1-2024 | W4: Q2-2024 | X4: Q3-2024 | Y4: Q4-2024
A5: A. AGRICULTURE | B5: 10694.112 | C5: 11601.441 | D5: 15302.02 | E5: 15182.301 | F5: 12439.264 | G5: 13380.09 | H5: 17198.963 | I5: 17537.81 | J5: 15619.511 | K5: 15454.835 | L5: 20071.871 | M5: 20356.241 | N5: 17090.658 | O5: 16719.498 | P5: 21926.321 | Q5: 22561.505 | R5: 16229.531 | S5: 18653.454 | T5: 25039.288 | U5: 27119.699 | V5: 16581.498 | W5: 20807.185 | X5: 29560.195 | Y5: 29512.819
A6: 1. Crop Production | B6: 6632.9653 | C6: 7601.41 | D6: 11382.849 | E6: 10307.965 | F6: 7914.1775 | G6: 8836.3226 | H6: 12597.327 | I6: 11872.545 | J6: 9503.2691 | K6: 10145.533 | L6: 14744.157 | M6: 13912.084 | N6: 10092.321 | O6: 10291.481 | P6: 15287.426 | Q6: 14515.051 | R6: 10187.999 | S6: 11434.773 | T6: 17639.219 | U6: 17633.945 | V6: 10799.574 | W6: 12007.259 | X6: 20009.618 | Y6: 19100.123
A7: 2. Livestock | B7: 2791.7627 | C7: 2744.2803 | D7: 2784.7796 | E7: 3440.3093 | F7: 3065.86 | G7: 3162.1894 | H7: 3350.1625 | I7: 4117.2278 | J7: 4427.2344 | K7: 3801.3025 | L7: 3983.8871 | M7: 4786.876 | N7: 5214.5967 | O7: 4665.083 | P7: 5033.575 | Q7: 5945.8774 | R7: 3959.9111 | S7: 5189.8709 | T7: 5630.8188 | U7: 6855.8998 | V7: 3416.0828 | W7: 6424.3572 | X7: 7466.5108 | Y7: 7491.5229
A8: 3. Forestry | B8: 610.54113 | C8: 725.52268 | D8: 629.66217 | E8: 729.3166 | F8: 637.55206 | G8: 772.20437 | H8: 727.51061 | I8: 822.08293 | J8: 815.09844 | K8: 864.30485 | L8: 818.65807 | M8: 930.82902 | N8: 922.93987 | O8: 1088.1621 | P8: 1019.4476 | Q8: 1224.7206 | R8: 1029.3406 | S8: 1208.1657 | T8: 1074.6743 | U8: 1545.1695 | V8: 1050.6956 | W8: 1305.0517 | X8: 1252.8723 | Y8: 1674.2567
A9: 4. Fishing | B9: 658.84287 | C9: 530.22751 | D9: 504.72972 | E9: 704.71027 | F9: 821.6748 | G9: 609.37376 | H9: 523.96282 | I9: 725.95467 | J9: 873.90905 | K9: 643.69462 | L9: 525.16877 | M9: 726.45169 | N9: 860.8004 | O9: 674.77165 | P9: 585.87175 | Q9: 875.85605 | R9: 1052.2803 | S9: 820.64508 | T9: 694.57616 | U9: 1084.6843 | V9: 1315.1455 | W9: 1070.5166 | X9: 831.19358 | Y9: 1246.9161
A10: B. INDUSTRY | B10: 9852.9671 | C10: 11002.656 | D10: 11642.774 | E10: 10578.875 | F10: 10265.322 | G10: 8747.0324 | H10: 10156.359 | I10: 10065.598 | J10: 10800.003 | K10: 9968.117 | L10: 11590.085 | M10: 12054.088 | N10: 12900.669 | O10: 12211.047 | P10: 13991.67 | Q10: 13464.628 | R10: 14329.899 | S10: 13622.566 | T10: 16436.543 | U10: 15684.454 | V10: 15999.689 | W10: 14591.167 | X10: 18160.694 | Y10: 19090.083
A11: 1. Mining and Quarrying | B11: 3059.176 | C11: 3044.706 | D11: 3629.0581 | E11: 2669.4978 | F11: 2816.7172 | G11: 2625.3693 | H11: 2946.2932 | I11: 2278.7436 | J11: 2868.5067 | K11: 2388.3436 | L11: 2704.1816 | M11: 2246.0445 | N11: 3602.7155 | O11: 3505.5728 | P11: 3540.0511 | Q11: 1996.4613 | R11: 3589.1851 | S11: 3188.8629 | T11: 4826.5247 | U11: 2296.0449 | V11: 4349.2042 | W11: 2871.9086 | X11: 4578.2476 | Y11: 3661.9595
A12: a. Crude Petroleum and Natural Gas | B12: 3008.341 | C12: 2934.3409 | D12: 3500.9619 | E12: 2508.8059 | F12: 2800.9958 | G12: 2519.9531 | H12: 2796.6602 | I12: 2078.0168 | J12: 2831.0947 | K12: 2265.6332 | L12: 2551.1873 | M12: 1988.1028 | N12: 3536.267 | O12: 3375.4159 | P12: 3356.6733 | Q12: 1704.4019 | R12: 3490.5176 | S12: 2986.1551 | T12: 4660.5388 | U12: 1968.9404 | V12: 4101.7301 | W12: 2730.5287 | X12: 4485.3712 | Y12: 3283.6157
A13: b. Coal Mining | B13: 8.9793736 | C13: 7.2469929 | D13: 2.0064572 | E13: 4.5861735 | F13: 6.1921975 | G13: 9.0954661 | H13: 1.9253008 | I13: 3.6020546 | J13: 5.6417756 | K13: 10.143197 | L13: 1.5139301 | M13: 4.7031053 | N13: 4.8385842 | O13: 13.617995 | P13: 0.79393222 | Q13: 3.8150378 | R13: 3.7380832 | S13: 10.161361 | T13: 2.5799916 | U13: 8.1399528 | V13: 6.1836378 | W13: 9.881869 | X13: 2.2023415 | Y13: 6.0892827
A14: c. Metal Ores | B14: 19.985369 | C14: 9.5764337 | D14: 6.5675544 | E14: 3.0020758 | F14: 4.4557812 | G14: 2.2601002 | H14: 3.1812876 | I14: 3.9224336 | J14: 29.782961 | K14: 16.66869 | L14: 19.647192 | M14: 13.191549 | N14: 60.044556 | O14: 15.139736 | P14: 28.145164 | Q14: 14.415036 | R14: 93.513841 | S14: 37.007086 | T14: 42.974014 | U14: 15.010023 | V14: 240.67827 | W14: 49.420683 | X14: 57.049863 | Y14: 19.43248
A15: d. Quarrying and Other Minerals | B15: 21.870275 | C15: 93.541665 | D15: 119.52221 | E15: 153.10374 | F15: 5.0734268 | G15: 94.06067 | H15: 144.52638 | I15: 193.20232 | J15: 1.9873276 | K15: 95.898487 | L15: 131.83317 | M15: 240.04707 | N15: 1.5654012 | O15: 101.39913 | P15: 154.4387 | Q15: 273.82936 | R15: 1.415557 | S15: 155.53938 | T15: 120.4319 | U15: 303.95448 | V15: 0.61222737 | W15: 82.077335 | X15: 33.624129 | Y15: 352.82195
A16: 2. Manufacturing | B16: 4148.8002 | C16: 4608.7291 | D16: 5208.2081 | E16: 4698.6084 | F16: 4433.858 | G16: 3617.3679 | H16: 4585.373 | I16: 4634.8868 | J16: 4948.9245 | K16: 4548.3336 | L16: 5821.6101 | M16: 6133.7964 | N16: 6152.3192 | O16: 5447.7824 | P16: 6568.0569 | Q16: 6887.2914 | R16: 6632.7093 | S16: 6151.3599 | T16: 7778.5603 | U16: 8557.0958 | V16: 7117.809 | W16: 6622.0724 | X16: 8854.5316 | Y16: 9681.8961
... A61: Net Taxes on Products | B61: 261.77054 | C61: 299.07686 | D61: 415.41498 | E61: 452.38493 | F61: 322.49509 | G61: 313.7 | H61: 625.2608 | I61: 666.79241 | J61: 493.20283 | K61: 491.12494 | L61: 736.83308 | M61: 826.67868 | N61: 584.8196 | O61: 500.76454 | P61: 920.70473 | Q61: 1022.6941 | R61: 705.03846 | S61: 651.95722 | T61: 1395.7553 | U61: 1760.2256 | V61: 1421.7318 | W61: 1302.7192 | X61: 2623.9912 | Y61: 2854.9844
A63: Total GDP at Current Market Prices | B63: =B59+B61 -> 45414.911 | C63: =C59+C61 -> 49945.782 | D63: =D59+D61 -> 53714.784 | E63: =E59+E61 -> 56697.157 | F63: =F59+F61 -> 49531.501 | G63: =G59+G61 -> 47872.576 | H63: =H59+H61 -> 54481.681 | I63: =I59+I61 -> 61750.615 | ... Y63: =Y59+Y61 -> 107323.76
A66: Source: National Bureau of Statistics
A67: Note 1Provisional

Sheet C1.15
A1: Return to Menu
A2: Table C.1.15: Gross Domestic Product at 2019 Constant Basic Prices - Annual (₦' Billion)
B3: 2019 1 | F3: 2020 1 | J3: 2021 1 | N3: 2022 1 | R3: 2023 1 | V3: 2024 1
A4: Activity Sector | B4: Q1-2019 | C4: Q2-2019 | D4: Q3-2019 | E4: Q4-2019 | F4: Q1-2020 | G4: Q2-2020 | H4: Q3-2020 | I4: Q4-2020 | J4: Q1-2021 | K4: Q2-2021 | L4: Q3-2021 | M4: Q4-2021 | N4: Q1-2022 | O4: Q2-2022 | P4: Q3-2022 | Q4: Q4-2022 | R4: Q1-2023 | S4: Q2-2023 | T4: Q3-2023 | U4: Q4-2023 | V4: Q1-2024 | W4: Q2-2024 | X4: Q3-2024 | Y4: Q4-2024
A5: A. AGRICULTURE | B5: 10694.112 | C5: 11601.441 | D5: 15302.02 | E5: 15182.301 | F5: 11392.423 | G5: 11862.413 | H5: 15404.344 | I5: 15522.226 | J5: 11827.668 | K5: 12241.882 | L5: 15889 | M5: 16269.757 | N5: 12404.241 | O5: 12411.425 | P5: 16186.615 | Q5: 16610.912 | R5: 11711.79 | S5: 12700.317 | T5: 16725.506 | U5: 17189.611 | V5: 11502.426 | W5: 13030.613 | X5: 17152.536 | Y5: 17626.995
A6: 1. Crop Production | B6: 6632.9653 | C6: 7601.41 | D6: 11382.849 | E6: 10307.965 | F6: 7191.9464 | G6: 7835.3994 | H6: 11412.267 | I6: 10806.89 | J6: 7512.8452 | K6: 8113.6659 | L6: 11790.348 | M6: 11378.07 | N6: 7770.0653 | O6: 8231.6664 | P6: 11921.383 | Q6: 11677.73 | R6: 8016.3492 | S6: 8543.7729 | T6: 12366.694 | U6: 12243.786 | V6: 8311.3655 | W6: 8818.7202 | X6: 12659.732 | Y6: 12580.143
A7: 2. Livestock | B7: 2791.7627 | C7: 2744.2803 | D7: 2784.7796 | E7: 3440.3093 | F7: 2848.6548 | G7: 2775.6301 | H7: 2856.9796 | I7: 3363.2643 | J7: 2946.9827 | K7: 2860.6755 | L7: 2956.6603 | M7: 3479.8295 | N7: 3168.4981 | O7: 2820.8295 | P7: 3060.0393 | Q7: 3530.0314 | R7: 2312.7155 | S7: 2930.3392 | T7: 3302.3941 | U7: 3665.7998 | V7: 1853.5899 | W7: 2971.7303 | X7: 3407.5213 | Y7: 3716.926
A8: 3. Forestry | B8: 610.54113 | C8: 725.52268 | D8: 629.66217 | E8: 729.3166 | F8: 621.03565 | G8: 724.74553 | H8: 667.42048 | I8: 741.45414 | J8: 627.68371 | K8: 734.43739 | L8: 693.55496 | M8: 786.5681 | N8: 690.55856 | O8: 808.69635 | P8: 741.58567 | Q8: 774.43154 | R8: 598.11924 | S8: 651.47375 | T8: 587.61266 | U8: 636.12384 | V8: 556.31724 | W8: 662.72509 | X8: 627.39264 | Y8: 689.42557
A9: 4. Fishing | B9: 658.84287 | C9: 530.22751 | D9: 504.72972 | E9: 704.71027 | F9: 730.78576 | G9: 526.63821 | H9: 467.67668 | I9: 610.61757 | J9: 740.15676 | K9: 533.10283 | L9: 448.43722 | M9: 625.28963 | N9: 775.11945 | O9: 550.23307 | P9: 463.60706 | Q9: 628.71874 | R9: 784.60601 | S9: 574.73119 | T9: 468.80551 | U9: 643.90144 | V9: 781.15308 | W9: 577.43688 | X9: 457.8902 | Y9: 640.50005
A10: B. INDUSTRY | B10: 9852.9671 | C10: 11002.656 | D10: 11642.774 | E10: 10578.875 | F10: 9516.9885 | G10: 7777.6724 | H10: 8141.1364 | I10: 7855.4143 | J10: 7790.8407 | K10: 6861.5455 | L10: 7510.6762 | M10: 8026.2228 | N10: 8355.5129 | O10: 7728.3516 | P10: 8272.1268 | Q10: 8899.7721 | R10: 8939.8679 | S10: 7951.1627 | T10: 8432.8197 | U10: 9266.5269 | V10: 9149.6099 | W10: 8247.0574 | X10: 8667.4923 | Y10: 9496.8086
A11: 1. Mining and Quarrying | B11: 3059.176 | C11: 3044.706 | D11: 3629.0581 | E11: 2669.4978 | F11: 2744.5647 | G11: 2324.0857 | H11: 2309.604 | I11: 1527.4354 | J11: 1597.2391 | K11: 1225.577 | L11: 1424.1048 | M11: 1332.0881 | N11: 1601.1218 | O11: 1747.5757 | P11: 1861.2227 | Q11: 1692.0382 | R11: 1883.467 | S11: 1665.2517 | T11: 1843.7209 | U11: 1802.1284 | V11: 2021.925 | W11: 1790.2323 | X11: 1900.1619 | Y11: 1858.9199
A12: a. Crude Petroleum and Natural Gas | B12: 3008.341 | C12: 2934.3409 | D12: 3500.9619 | E12: 2508.8059 | F12: 2732.9013 | G12: 2249.0945 | H12: 2214.331 | I12: 1410.6646 | J12: 1575.687 | K12: 1156.3981 | L12: 1337.2587 | M12: 1176.5558 | N12: 1566.698 | O12: 1679.3728 | P12: 1763.2726 | Q12: 1536.1296 | R12: 1834.7612 | S12: 1564.6798 | T12: 1752.6089 | U12: 1684.549 | V12: 1921.2361 | W12: 1722.3715 | X12: 1851.8082 | Y12: 1719.6488
A13: b. Coal Mining | B13: 8.9793736 | C13: 7.2469929 | D13: 2.0064572 | E13: 4.5861735 | F13: 4.128376 | G13: 5.2964758 | H13: 1.06302 | I13: 1.9227047 | J13: 3.0530679 | K13: 5.5727466 | L13: 0.83801758 | M13: 2.6967166 | N13: 2.3748184 | O13: 6.924969 | P13: 0.42296586 | Q13: 1.9316305 | R13: 1.981001 | S13: 5.4416164 | T13: 0.97247834 | U13: 2.9670899 | V13: 2.1530601 | W13: 5.4416164 | X13: 0.74517837 | Y13: 2.5398303
A14: c. Metal Ores | B14: 19.985369 | C14: 9.5764337 | D14: 6.5675544 | E14: 3.0020758 | F14: 3.2727059 | G14: 1.2758021 | H14: 1.7617649 | I14: 2.2600233 | J14: 17.389664 | K14: 9.5384309 | L14: 11.040334 | M14: 7.4807636 | N14: 31.230143 | O14: 8.006796 | P14: 15.175997 | Q14: 7.0907199 | R14: 45.942633 | S14: 12.840788 | T14: 25.119762 | U14: 5.7721455 | V14: 98.186406 | W14: 20.337263 | X14: 30.733513 | Y14: 7.8839588
A15: d. Quarrying and Other Minerals | B15: 21.870275 | C15: 93.541665 | D15: 119.52221 | E15: 153.10374 | F15: 4.2623314 | G15: 68.418915 | H15: 92.448182 | I15: 112.58804 | J15: 1.1093566 | K15: 54.067744 | L15: 74.967764 | M15: 145.35486 | N15: 0.81884494 | O15: 53.27111 | P15: 82.351144 | Q15: 146.88622 | R15: 0.78218901 | S15: 82.289542 | T15: 65.019726 | U15: 108.84017 | V15: 0.34940608 | W15: 42.081923 | X15: 16.875081 | Y15: 128.84735
A16: 2. Manufacturing | B16: 4148.8002 | C16: 4608.7291 | D16: 5208.2081 | E16: 4698.6084 | F16: 4078.6278 | G16: 3317.0752 | H16: 3675.3638 | I16: 3876.8483 | J16: 3990.974 | K16: 3510.1948 | L16: 4096.7203 | M16: 4318.7853 | N16: 4464.5127 | O16: 3771.0368 | P16: 4192.4498 | Q16: 4532.3413 | R16: 4597.9005 | S16: 3891.5106 | T16: 4258.0417 | U16: 4623.4751 | V16: 4670.3738 | W16: 3935.3885 | X16: 4290.4613 | Y16: 4682.6812
... A61: Net Taxes on Products | B61: 135.18208 | C61: 144.66583 | D61: 203.20965 | E61: 223.20976 | F61: 151.45987 | G61: 146.58179 | H61: 285.11394 | I61: 203.01605 | J61: 135.61564 | K61: 209.57026 | L61: 302.86171 | M61: 341.05034 | N61: 223.89112 | O61: 192.33973 | P61: 334.05894 | Q61: 379.18659 | R61: 244.22229 | S61: 221.71551 | T61: 447.36718 | U61: 337.8543 | V61: 218.95866 | W61: 195.65157 | X61: 394.71753 | Y61: 507.81295
A63: Total GDP at Constant Market Prices | B63: =B59+B61 -> 45288.323 | C63: =C59+C61 -> 49791.371 | D63: =D59+D61 -> 53502.579 | E63: =E59+E61 -> 56467.982 | F63: =F59+F61 -> 46420.256 | G63: =G59+G61 -> 43203.211 | H63: =H59+H61 -> 48037.118 | I63: =I59+I61 -> 53257.293 | ... Y63: =Y59+Y61 -> 61976.119
A65: Source: National Bureau of Statistics
A66: Note 1Provisional

Sheet C1.16
A1: Return to Menu
A2: Table C.1.16: Rebased Series – Implicit Price Deflator – Quarterly
B3: 2019 1 | F3: 2020 1 | J3: 2021 1 | N3: 2022 1 | R3: 2023 1 | V3: 2024 1
A4: Activity Sector | B4: Q1-2019 | C4: Q2-2019 | D4: Q3-2019 | E4: Q4-2019 | F4: Q1-2020 | G4: Q2-2020 | H4: Q3-2020 | I4: Q4-2020 | J4: Q1-2021 | K4: Q2-2021 | L4: Q3-2021 | M4: Q4-2021 | N4: Q1-2022 | O4: Q2-2022 | P4: Q3-2022 | Q4: Q4-2022 | R4: Q1-2023 | S4: Q2-2023 | T4: Q3-2023 | U4: Q4-2023 | V4: Q1-2024 | W4: Q2-2024 | X4: Q3-2024 | Y4: Q4-2024
A5: A. AGRICULTURE | B5: 100 | C5: 100 | D5: 100 | E5: 100 | F5: 109.18893 | G5: 112.794 | H5: 111.65008 | I5: 112.98515 | J5: 132.05909 | K5: 126.24558 | L5: 126.32558 | M5: 125.11706 | N5: 137.78076 | O5: 134.71054 | P5: 135.45958 | Q5: 135.8234 | R5: 138.5743 | S5: 146.87393 | T5: 149.70721 | U5: 157.76796 | V5: 144.15653 | W5: 159.67925 | X5: 172.33716 | Y5: 167.42967
A6: 1. Crop Production | B6: 100 | C6: 100 | D6: 100 | E6: 100 | F6: 110.04222 | G6: 112.77437 | H6: 110.38409 | I6: 109.86089 | J6: 126.49361 | K6: 125.04253 | L6: 125.05278 | M6: 122.27104 | N6: 129.88721 | O6: 125.02306 | P6: 128.23535 | Q6: 124.29685 | R6: 127.09026 | S6: 133.83751 | T6: 142.63488 | U6: 144.02363 | V6: 129.93742 | W6: 136.15648 | X6: 158.0572 | Y6: 151.82756
A7: 2. Livestock | B7: 100 | C7: 100 | D7: 100 | E7: 100 | F7: 107.62483 | G7: 113.9269 | H7: 117.26239 | I7: 122.41761 | J7: 150.2294 | K7: 132.88129 | L7: 134.74281 | M7: 137.56065 | N7: 164.57629 | O7: 165.37983 | P7: 164.4938 | Q7: 168.43695 | R7: 171.22344 | S7: 177.1082 | T7: 170.50717 | U7: 187.0233 | V7: 184.2955 | W7: 216.18237 | X7: 219.11854 | Y7: 201.55157
A8: 3. Forestry | B8: 100 | C8: 100 | D8: 100 | E8: 100 | F8: 102.6595 | G8: 106.54835 | H8: 109.00334 | I8: 110.87441 | J8: 129.85815 | K8: 117.68258 | L8: 118.03795 | M8: 118.34055 | N8: 133.65121 | O8: 134.55756 | P8: 137.46863 | Q8: 158.14446 | R8: 172.09622 | S8: 185.45117 | T8: 182.88822 | U8: 242.90388 | V8: 188.86627 | W8: 196.92204 | X8: 199.6951 | Y8: 242.84808
A9: 4. Fishing | B9: 100 | C9: 100 | D9: 100 | E9: 100 | F9: 112.43717 | G9: 115.71013 | H9: 112.03527 | I9: 118.8886 | J9: 118.0708 | K9: 120.74493 | L9: 117.11088 | M9: 116.17843 | N9: 111.0539 | O9: 122.63379 | P9: 126.37248 | Q9: 139.30809 | R9: 134.11576 | S9: 142.78763 | T9: 148.1587 | U9: 168.45503 | V9: 168.35951 | W9: 185.39111 | X9: 181.52683 | Y9: 194.67853
A10: B. INDUSTRY | B10: 100 | C10: 100 | D10: 100 | E10: 100 | F10: 107.86313 | G10: 112.46337 | H10: 124.75358 | I10: 128.1358 | J10: 138.62436 | K10: 145.2751 | L10: 154.3148 | M10: 150.18382 | N10: 154.39709 | O10: 158.00325 | P10: 169.14235 | Q10: 151.29183 | R10: 160.29206 | S10: 171.32797 | T10: 194.91159 | U10: 169.25925 | V10: 174.86744 | W10: 176.92574 | X10: 209.52651 | Y10: 201.01577
A11: 1. Mining and Quarrying | B11: 100 | C11: 100 | D11: 100 | E11: 100 | F11: 102.62892 | G11: 112.96354 | H11: 127.56703 | I11: 149.18756 | J11: 179.59157 | K11: 194.87502 | L11: 189.88642 | M11: 168.6108 | N11: 225.01196 | O11: 200.59634 | P11: 190.2003 | Q11: 117.9915 | R11: 190.56267 | S11: 191.49435 | T11: 261.78174 | U11: 127.4074 | V11: 215.10215 | W11: 160.421 | X11: 240.93987 | Y11: 196.99394
A12: a. Crude Petroleum and Natural Gas | B12: 100 | C12: 100 | D12: 100 | E12: 100 | F12: 102.49166 | G12: 112.04301 | H12: 126.2982 | I12: 147.30764 | J12: 179.67367 | K12: 195.92155 | L12: 190.7774 | M12: 168.9765 | N12: 225.71465 | O12: 200.99265 | P12: 190.3661 | Q12: 110.9543 | R12: 190.2437 | S12: 190.84768 | T12: 265.92006 | U12: 116.88235 | V12: 213.49432 | W12: 158.53309 | X12: 242.21576 | Y12: 190.94689
A13: b. Coal Mining | B13: 100 | C13: 100 | D13: 100 | E13: 100 | F13: 149.99112 | G13: 171.72675 | H13: 181.11614 | I13: 187.3431 | J13: 184.79038 | K13: 182.01433 | L13: 180.65613 | M13: 174.40117 | N13: 203.74544 | O13: 196.65063 | P13: 187.70598 | Q13: 197.5035 | R13: 188.69668 | S13: 186.73424 | T13: 265.30067 | U13: 274.34129 | V13: 287.20228 | W13: 181.59804 | X13: 295.54555 | Y13: 239.75156
A14: c. Metal Ores | B14: 100 | C14: 100 | D14: 100 | E14: 100 | F14: 136.14976 | G14: 177.15131 | H14: 180.5739 | I14: 173.55722 | J14: 171.26818 | K14: 174.75296 | L14: 177.95831 | M14: 176.3396 | N14: 192.26475 | O14: 189.08607 | P14: 185.45841 | Q14: 203.2944 | R14: 203.5448 | S14: 288.1995 | T14: 171.07652 | U14: 260.04236 | V14: 245.12382 | W14: 243.00558 | X14: 185.62754 | Y14: 246.48125
A15: d. Quarrying and Other Minerals | B15: 100 | C15: 100 | D15: 100 | E15: 100 | F15: 119.02938 | G15: 137.47758 | H15: 156.33232 | I15: 171.6011 | J15: 179.14235 | K15: 177.36728 | L15: 175.85315 | M15: 165.14554 | N15: 191.17187 | O15: 190.34543 | P15: 187.53681 | Q15: 186.42277 | R15: 180.97378 | S15: 189.01476 | T15: 185.22363 | U15: 279.26681 | V15: 175.21944 | W15: 195.04179 | X15: 199.25315 | Y15: 273.82943
A16: 2. Manufacturing | B16: 100 | C16: 100 | D16: 100 | E16: 100 | F16: 108.70955 | G16: 109.05294 | H16: 124.7597 | I16: 119.55296 | J16: 124.00293 | K16: 129.57496 | L16: 142.10416 | M16: 142.02596 | N16: 137.80494 | O16: 144.46378 | P16: 156.66394 | Q16: 151.9588 | R16: 144.25517 | S16: 158.07126 | T16: 182.67929 | U16: 185.07931 | V16: 152.40341 | W16: 168.26985 | X16: 206.37715 | Y16: 206.75967
... A59: Total GDP Constant Basic Prices | B59: 100 | C59: 100 | D59: 100 | E59: 100 | F59: 106.35463 | G59: 110.45657 | H59: 112.78358 | I59: 115.13459 | J59: 125.07551 | K59: 124.13481 | L59: 127.61887 | M59: 124.83824 | N59: 134.23728 | O59: 133.89116 | P59: 137.28675 | Q59: 136.05666 | R59: 144.27425 | S59: 149.23718 | T59: 154.21442 | U59: 151.44001 | V59: 166.17005 | W59: 171.98484 | X59: 175.30152 | Y59: 169.95551
A61: Source: National Bureau of Statistics
A62: Note 1Provisional

Sheet C2.1
A1: Return to Menu
A2: Table C.1.1: Composite Consumer Price Indices and Inflation Rates
B4: All Items Index | G4: All Items less Farm Produce | L4: Food | Q4: All Items less Farm Produce and Energy
A5: Base: Year 2024 = 100 | B5: Monthly | C5: 12-Month Average | D5: Month-on change (%) | E5: Year-on change (%) | F5: 12-Month average change (%) | G5: Monthly | H5: 12-Month Average | I5: Month-on change (%) | J5: Year-on change (%) | K5: 12-Month average change (%) | L5: Monthly | M5: 12-Month Average | N5: Month-on change (%) | O5: Year-on change (%) | P5: 12-Month average change (%) | Q5: Monthly | R5: 12-Month Average | S5: Month-on change (%) | T5: Year-on change (%) | U5: 12-Month average change (%)
A6: Weights | B6: 100 | G6: 73.41474 | L6: 27.97892 | Q6: 66.99535
A7: 36526 | B7: 3.9532813 | C7: 4.0486454 | D7: -0.83286035 | E7: -2.4861187 | F7: 5.2291038 | G7: 5.3398379 | H7: 5.3677973 | I7: -0.35768003 | J7: -2.5376107 | K7: 12.930033 | L7: 3.1246385 | M7: 3.2310227 | N7: -1.0706177 | O7: -2.0986216 | P7: 0.48099863 | Q7: 6.4678268 | R7: 6.3079805 | S7: 0.19621528 | T7: 4.9458695 | U7: 5.3386998
A8: 36557 | B8: 4.001502 | C8: 4.0427619 | D8: 1.2197629 | E8: -1.7338019 | F8: 3.924105 | G8: 5.3624009 | H8: 5.3583355 | I8: 0.42254207 | J8: -2.0734461 | K8: 10.367728 | L8: 3.1739818 | M8: 3.2279733 | N8: 1.5791682 | O8: -1.1397288 | P8: -0.0072826106 | Q8: 6.5001727 | R8: 6.3383478 | S8: 0.50010429 | T8: 5.939082 | U8: 5.5132113
A9: 36586 | B9: 4.0445774 | C9: 4.0378828 | D9: 1.0764826 | E9: -1.4269515 | F9: 2.7214865 | G9: 5.4577277 | H9: 5.3591324 | I9: 1.7776891 | J9: 0.17552176 | K9: 8.2637533 | L9: 3.1941503 | M9: 3.2222301 | N9: 0.63543268 | O9: -2.1120999 | P9: -0.58196587 | Q9: 6.5804443 | R9: 6.3729316 | S9: 1.2349156 | T9: 6.7311626 | U9: 5.6780759
A10: 36617 | B10: 4.1252395 | C10: 4.0377177 | D10: 1.9943263 | E10: -0.048009711 | F10: 1.7931881 | G10: 5.5603238 | H10: 5.3682532 | I10: 1.879831 | J10: 2.0079247 | K10: 6.4433526 | L10: 3.2532646 | M10: 3.2193849 | N10: 1.8507029 | O10: -1.0385759 | P10: -0.89090161 | Q10: 6.6110563 | R10: 6.4100282 | S10: 0.46519624 | T10: 7.2196892 | U10: 5.8894311
A11: 36647 | B11: 4.2553299 | C11: 4.0452562 | D11: 3.1535227 | E11: 2.1720497 | F11: 1.0810621 | G11: 5.7840192 | H11: 5.394884 | I11: 4.0230638 | J11: 5.8481554 | K11: 5.1342081 | L11: 3.3289086 | M11: 3.2186131 | N11: 2.3251723 | O11: -0.27742405 | P11: -1.1917882 | Q11: 6.6862938 | R11: 6.4444756 | S11: 1.1380554 | T11: 6.5897249 | U11: 5.96632
A12: 36678 | B12: 4.438962 | C12: 4.0657679 | D12: 4.3153437 | E12: 5.8705197 | F12: 0.92003987 | G12: 6.2165909 | H12: 5.4580172 | I12: 7.4787387 | J12: 13.877977 | K12: 4.9487331 | L12: 3.387124 | M12: 3.2185696 | N12: 1.748784 | O12: -0.01540506 | P12: -1.4144126 | Q12: 6.7537108 | R12: 6.4792777 | S12: 1.0082872 | T12: 6.5912252 | U12: 6.0240629
A13: 36708 | B13: 4.4177514 | C13: 4.0887818 | D13: -0.47782801 | E13: 6.6681441 | F13: 1.1594096 | G13: 6.1650076 | H13: 5.5215 | I13: -0.82976787 | J13: 14.098914 | K13: 4.8962746 | L13: 3.3856925 | M13: 3.2233898 | N13: -0.04226399 | O13: 1.7381136 | P13: -1.0438203 | Q13: 6.7904933 | R13: 6.5174225 | S13: 0.54462673 | T13: 7.2280989 | U13: 6.006415
A14: 36739 | B14: 4.5195858 | C14: 4.1323974 | D14: 2.3051186 | E14: 13.097124 | F14: 2.1748452 | G14: 6.4292104 | H14: 5.6126576 | I14: 4.2855234 | J14: 20.502831 | K14: 5.5972889 | L14: 3.4103581 | M14: 3.2429972 | N14: 0.72852614 | O14: 7.410498 | P14: 0.066337658 | Q14: 6.876956 | R14: 6.5641612 | S14: 1.2732895 | T14: 8.8799251 | U14: 6.3049679
A15: 36770 | B15: 4.5824464 | C15: 4.1836814 | D15: 1.39085 | E15: 15.513028 | F15: 3.2582915 | G15: 6.7420999 | H15: 5.7396656 | I15: 4.866686 | J15: 29.208395 | K15: 7.2900032 | L15: 3.3688169 | M15: 3.2572305 | N15: -1.2180896 | O15: 5.3407935 | P15: 0.58270537 | Q15: 6.9050742 | R15: 6.6135009 | S15: 0.40887541 | T15: 9.3786801 | U15: 6.6503293
A16: 36800 | B16: 4.6103719 | C16: 4.2397369 | D16: 0.60939995 | E16: 17.082671 | F16: 4.5186325 | G16: 6.8396736 | H16: 5.8747073 | I16: 1.4472299 | J16: 31.048984 | K16: 9.2548121 | L16: 3.371561 | M16: 3.2752537 | N16: 0.081455909 | O16: 6.8545088 | P16: 1.2544988 | Q16: 6.9595488 | R16: 6.6648165 | S16: 0.7889078 | T16: 9.7069887 | U16: 7.0174245
A17: 36831 | B17: 4.5473421 | C17: 4.2902394 | D17: -1.3671297 | E17: 15.376358 | F17: 5.7672229 | G17: 6.6326731 | H17: 5.9907143 | I17: -3.0264674 | J17: 26.563492 | K17: 11.488377 | L17: 3.3699759 | M17: 3.2939105 | N17: -0.047014268 | O17: 7.1161509 | P17: 1.744358 | Q17: 6.9769574 | R17: 6.7136413 | S17: 0.25013991 | T17: 9.1674375 | U17: 7.2968829
A18: 36861 | B18: 4.5655984 | C18: 4.338499 | D18: 0.40147122 | E18: 14.526971 | F18: 6.9374264 | G18: 6.5770634 | H18: 6.092219 | I18: -0.83842046 | J18: 22.729168 | K18: 13.251254 | L18: 3.4090338 | M18: 3.3147922 | N18: 1.1589971 | O18: 7.9336399 | P18: 2.4157365 | Q18: 7.1115282 | R18: 6.7683385 | S18: 1.9287894 | T18: 10.168104 | U18: 7.7318446
... A306: 45650 | B306: 100 | C306: 101.1144 | D306: -12.274121 | E306: 15.437171 | F306: 31.425227 | G306: 100 | H306: 100.9249 | I306: -10.486627 | J306: 12.484352 | K306: 24.895791 | L306: 100 | M306: 101.26771 | N306: -13.415748 | O306: 17.94193 | P306: 37.030475 | Q306: 100 | R306: 100.96193 | S306: -10.593914 | T306: 13.049474 | U306: 25.660406
A309: Source: National Bureau of Statistics

Sheet C2.2
A1: Return to Menu
A2: Table C.2.2: Composite Consumer Price Index (Base Dec 2024 = 100)
B3: All Items | C3: All Items less Farm Produce. | D3: All Items less Farm Produce. and Energy | E3: Imported Food | F3: Food | G3: Farm Produce | H3: Energy | I3: Services | J3: Goods | K3: Food & Non Alcoholic Bev. | L3: Alcoholic Beverages, Tobacco And Narcotics | M3: Clothing And Footwear | N3: Housing, Water, Electricity, Gas And Other Fuels | O3: Furnishings, Household Equipment And Routine Household Maintenance | P3: Health. | Q3: Transport | R3: Information And Communication | S3: Recreation, Sport And Culture | T3: Education Services | U3: Restaurants And Accomodation Services | V3: Insurance And Financial Services | W3: Personal Care, Social Protection And Miscellaneous Goods And Services
B4: 100 | C4: 73.41 | D4: 66.99 | E4: 17.33 | F4: 27.98 | G4: 26.61 | H4: 6.42 | I4: 37.55 | J4: 62.48 | K4: 40.02 | L4: 0.37 | M4: 5.04 | N4: 8.42 | O4: 2.96 | P4: 6.06 | Q4: 10.66 | R4: 3.29 | S4: 0.31 | T4: 6.2 | U4: 12.92 | V4: 0.47 | W4: 3.29
A5: 36526 | B5: 3.9532813 | C5: 5.3398379 | D5: 6.4678268 | F5: 3.1246385 | K5: 3.1169937 | L5: 6.7663265 | M5: 9.8193279 | N5: 4.0889159 | O5: 9.3156258 | P5: 10.983256 | Q5: 5.5814338 | R5: 0 | S5: 10.879199 | T5: 0 | U5: 0 | W5: 5.0167966
A6: 36557 | B6: 4.001502 | C6: 5.3624009 | D6: 6.5001727 | F6: 3.1739818 | K6: 3.1695152 | L6: 6.7766417 | M6: 9.8223326 | N6: 4.0829705 | O6: 9.2092261 | P6: 11.124669 | Q6: 5.7129073 | R6: 0 | S6: 11.170094 | T6: 0 | U6: 0 | W6: 5.114734
A7: 36586 | B7: 4.0445774 | C7: 5.4577277 | D7: 6.5804443 | F7: 3.1941503 | K7: 3.1918101 | L7: 6.8884066 | M7: 9.7700822 | N7: 4.1920477 | O7: 9.5558322 | P7: 11.073461 | Q7: 5.676456 | R7: 0 | S7: 11.379473 | T7: 0 | U7: 0 | W7: 5.1653163
A8: 36617 | B8: 4.1252395 | C8: 5.5603238 | D8: 6.6110563 | F8: 3.2532646 | K8: 3.2466686 | L8: 7.058637 | M8: 9.9135152 | N8: 4.3775319 | O8: 9.6094047 | P8: 11.0668 | Q8: 5.6934635 | R8: 0 | S8: 11.195951 | T8: 0 | U8: 0 | W8: 5.2059505
A9: 36647 | B9: 4.2553299 | C9: 5.7840192 | D9: 6.6862938 | F9: 3.3289086 | K9: 3.3198039 | L9: 7.3418024 | M9: 9.9443482 | N9: 4.7426574 | O9: 9.5464475 | P9: 11.621411 | Q9: 5.806138 | R9: 0 | S9: 11.247305 | T9: 0 | U9: 0 | W9: 5.4104276
A10: 36678 | B10: 4.438962 | C10: 6.2165909 | D10: 6.7537108 | F10: 3.387124 | K10: 3.3731089 | L10: 7.8085565 | M10: 9.8812826 | N10: 5.5184084 | O10: 9.9198723 | P10: 11.347131 | Q10: 5.9466534 | R10: 0 | S10: 11.417282 | T10: 0 | U10: 0 | W10: 5.3539469
A11: 36708 | B11: 4.4177514 | C11: 6.1650076 | D11: 6.7904933 | F11: 3.3856925 | K11: 3.3709383 | L11: 7.9706081 | M11: 10.00504 | N11: 5.3723375 | O11: 9.9434496 | P11: 11.384727 | Q11: 5.9697823 | R11: 0 | S11: 11.296852 | T11: 0 | U11: 0 | W11: 5.4646678
A12: 36739 | B12: 4.5195858 | C12: 6.4292104 | D12: 6.876956 | F12: 3.4103581 | K12: 3.3977431 | L12: 7.936472 | M12: 10.072254 | N12: 5.8117697 | O12: 9.7633067 | P12: 11.639461 | Q12: 6.1500383 | R12: 0 | S12: 11.894986 | T12: 0 | U12: 0 | W12: 5.4990441
A13: 36770 | B13: 4.5824464 | C13: 6.7420999 | D13: 6.9050742 | F13: 3.3688169 | K13: 3.356675 | L13: 8.6027951 | M13: 10.114958 | N13: 6.3940744 | O13: 9.6987474 | P13: 11.401271 | Q13: 6.150332 | R13: 0 | S13: 11.597359 | T13: 0 | U13: 0 | W13: 5.5635269
A14: 36800 | B14: 4.6103719 | C14: 6.8396736 | D14: 6.9595488 | F14: 3.371561 | K14: 3.3617061 | L14: 8.2015042 | M14: 10.171697 | N14: 6.5298691 | O14: 9.8856377 | P14: 11.221408 | Q14: 6.1265014 | R14: 0 | S14: 11.743318 | T14: 0 | U14: 0 | W14: 5.5279371
A15: 36831 | B15: 4.5473421 | C15: 6.6326731 | D15: 6.9769574 | F15: 3.3699759 | K15: 3.3607992 | L15: 8.491163 | M15: 10.080945 | N15: 6.1338305 | O15: 9.7208325 | P15: 11.559006 | Q15: 6.2998632 | R15: 0 | S15: 11.888571 | T15: 0 | U15: 0 | W15: 5.541166
A16: 36861 | B16: 4.5655984 | C16: 6.5770634 | D16: 7.1115282 | F16: 3.4090338 | K16: 3.4169382 | L16: 8.9572218 | M16: 10.281121 | N16: 5.8990149 | O16: 9.8260288 | P16: 11.569976 | Q16: 6.3089183 | R16: 0 | S16: 11.966718 | T16: 0 | U16: 0 | W16: 5.684451
... A122: 40087 | B122: 13.368917 | C122: 16.93637 | D122: 17.290373 | F122: 10.716883 | K122: 10.821911 | L122: 21.155994 | M122: 17.937462 | N122: 16.893548 | O122: 20.178132 | P122: 19.550842 | Q122: 15.46841 | R122: 42.585344 | S122: 27.650063 | T122: 19.689197 | U122: 21.142535 | W122: 19.21996
A123: 40118 | B123: 13.456001 | C123: 17.12925 | D123: 17.452058 | E123: 12.509223 | F123: 10.725338 | K123: 10.830965 | L123: 21.223544 | M123: 18.005081 | N123: 16.976184 | O123: 20.364697 | P123: 19.107455 | Q123: 16.113767 | R123: 42.405291 | S123: 28.348376 | T123: 20.148554 | U123: 21.357356 | W123: 19.274662
A124: 40148 | B124: 13.745792 | C124: 17.386226 | D124: 17.790739 | E124: 12.69561 | F124: 10.982675 | K124: 11.122523 | L124: 21.621256 | M124: 18.276963 | N124: 17.015891 | O124: 20.706413 | P124: 19.453728 | Q124: 16.398802 | R124: 42.399726 | S124: 28.879047 | T124: 20.448009 | U124: 21.908756 | W124: 19.610443
A125: 40179 | B125: 13.877523 | C125: 17.495079 | D125: 17.897528 | E125: 12.718127 | F125: 11.122207 | K125: 11.258283 | L125: 21.712522 | M125: 18.431217 | N125: 17.073272 | O125: 20.976982 | P125: 19.677925 | Q125: 16.604712 | R125: 42.225648 | S125: 29.196343 | T125: 20.774646 | U125: 22.798661 | W125: 19.911568
A126: 40210 | B126: 14.134346 | C126: 17.900123 | D126: 18.323422 | E126: 12.913271 | F126: 11.244254 | K126: 11.418305 | L126: 21.785731 | M126: 18.620312 | N126: 17.370304 | O126: 21.313305 | P126: 20.043329 | Q126: 16.869445 | R126: 42.538905 | S126: 28.190025 | T126: 21.357182 | U126: 22.712974 | W126: 20.411419
A127: 40238 | B127: 14.114773 | C127: 17.833351 | D127: 18.253105 | E127: 12.8845 | F127: 11.294136 | K127: 11.41006 | L127: 22.1359 | M127: 18.812003 | N127: 17.350049 | O127: 21.517017 | P127: 20.112994 | Q127: 16.89466 | R127: 42.672734 | S127: 29.273546 | T127: 21.257028 | U127: 22.544381 | W127: 20.129218
A128: 40269 | B128: 14.226189 | C128: 17.883936 | D128: 18.34882 | E128: 12.998334 | F128: 11.428912 | K128: 11.552283 | L128: 22.243884 | M128: 18.9161 | N128: 17.357664 | O128: 21.13254 | P128: 20.046303 | Q128: 17.203576 | R128: 42.55396 | S128: 29.22169 | T128: 21.272605 | U128: 23.436048 | W128: 20.462654
A129: 40299 | B129: 14.220437 | C129: 18.022944 | D129: 18.590256 | E129: 13.127179 | F129: 11.334018 | K129: 11.503575 | L129: 22.023825 | M129: 19.062787 | N129: 17.335255 | O129: 20.895357 | P129: 20.025178 | Q129: 17.124675 | R129: 42.498359 | S129: 29.269975 | T129: 21.884745 | U129: 23.509407 | W129: 20.653705
A130: 40330 | B130: 14.634746 | C130: 18.398528 | D130: 18.954681 | E130: 13.703854 | F130: 11.796799 | K130: 11.930308 | L130: 23.023301 | M130: 19.645344 | N130: 17.789343 | O130: 22.551866 | P130: 20.722035 | Q130: 17.309409 | R130: 43.287321 | S130: 29.088269 | T130: 21.468284 | U130: 22.826742 | W130: 21.12503
A131: 40360 | B131: 14.793527 | C131: 18.451628 | D131: 18.99482 | E131: 13.67133 | F131: 11.970549 | K131: 12.128514 | L131: 23.250393 | M131: 19.861405 | N131: 17.847062 | O131: 22.201593 | P131: 21.069791 | Q131: 17.314243 | R131: 43.495107 | S131: 29.187488 | T131: 21.299036 | U131: 22.433766 | W131: 21.329341
A132: 40391 | B132: 15.053228 | C132: 18.722271 | D132: 19.270563 | E132: 13.67133 | F132: 12.207579 | K132: 12.36138 | L132: 23.829795 | M132: 20.30613 | N132: 18.028708 | O132: 22.456152 | P132: 21.461494 | Q132: 17.496329 | R132: 42.659722 | S132: 29.771464 | T132: 21.361497 | U132: 22.920714 | W132: 21.425715
A133: 40422 | B133: 15.121854 | C133: 18.958654 | D133: 19.495694 | E133: 14.205474 | F133: 12.22474 | K133: 12.296394 | L133: 23.123051 | M133: 20.239511 | N133: 18.653431 | O133: 22.828826 | P133: 21.394618 | Q133: 18.076424 | R133: 43.177067 | S133: 30.721135 | T133: 21.832973 | U133: 22.877999 | W133: 21.537508
A134: 40452 | B134: 15.16699 | C134: 19.166566 | D134: 19.544857 | E134: 14.27142 | F134: 12.224219 | K134: 12.355056 | L134: 23.716961 | M134: 20.313691 | N134: 18.839052 | O134: 23.056827 | P134: 21.932237 | Q134: 17.249819 | R134: 43.634757 | S134: 31.061694 | T134: 22.186219 | U134: 23.17208 | W134: 21.326185
... A303: 45620 | B303: 113.99145 | C303: 111.71515 | D303: 111.84921 | E303: 117.27961 | F303: 115.49444 | K303: 115.48869 | L303: 113.13804 | M303: 109.3952 | N303: 111.6171 | O303: 109.99251 | P303: 109.7449 | Q303: 114.50618 | R303: 101.0354 | S303: 104.32921 | T303: 109.80905 | U303: 115.94321 | W303: 111.36857
A304: 45650 | B304: 100 | C304: 100 | D304: 100 | E304: 100 | F304: 100 | G304: 100 | H304: 100 | I304: 100 | J304: 100 | K304: 100 | L304: 100 | M304: 100 | N304: 100 | O304: 100 | P304: 100 | Q304: 100 | R304: 100 | S304: 100 | T304: 100 | U304: 100 | V304: 100 | W304: 100
A306: Source: National Bureau of Statistics

Sheet C2.3
A1: Return to Menu
A2: Table C.2.3: Urban Consumer Price Indices and Inflation Rates
A3: Month-Year | B3: Consumer Price Indices (December 2024 = 100) | F3: Month-on-Month Inflation (%) | J3: Year-on-Year Inflation (%) | N3: 12 Month Moving Average Inflation (%)
B4: All Items | C4: All Items Less Farm Produce | D4: All Items Less Farm Produce & Energy | E4: Food | F4: All Items | G4: All Items Less Farm Produce | H4: All Items Less Farm Produce & Energy | I4: Food | J4: All Items | K4: All Items Less Farm Produce | L4: All Items Less Farm Produce & Energy | M4: Food | N4: All Items | O4: All Items Less Farm Produce | P4: All Items Less Farm Produce & Energy | Q4: Food
A5: Weight | B5: 70.6231 | C5: 53.3066 | D5: 48.31903 | E5: 18.64926
A6: 36526 | B6: 3.4508694 | C6: 4.6819311 | D6: 5.1559445 | E6: 2.685817 | F6: 0.88828096 | G6: 2.0354189 | H6: 2.2603136 | I6: 0.44332869 | J6: -4.8415807 | K6: -6.3450241 | L6: 5.5320601 | M6: -2.2565091 | N6: 6.2234588 | O6: 15.114754 | P6: 9.6667027 | Q6: -1.030664
A7: 36557 | B7: 3.4708178 | C7: 4.6698422 | D7: 5.2395584 | E7: 2.7095509 | F7: 0.57806853 | G7: -0.25820136 | H7: 1.6216986 | I7: 0.88367538 | J7: -3.5349546 | K7: -6.958738 | L7: 7.8686041 | M7: 0.51647966 | N7: 4.4617648 | O7: 11.425486 | P7: 9.5013537 | Q7: -1.24252
A8: 36586 | B8: 3.4950084 | C8: 4.7236662 | D8: 5.2699028 | E8: 2.7155946 | F8: 0.69696987 | G8: 1.1525853 | H8: 0.57914099 | I8: 0.22305201 | J8: -1.3710297 | K8: -3.9586401 | L8: 7.2021583 | M8: 1.4381089 | N8: 3.1001761 | O8: 8.4425177 | P8: 9.206697 | Q8: -1.2984356
A9: 36617 | B9: 3.5684964 | C9: 4.7674455 | D9: 5.2623519 | E9: 2.795536 | F9: 2.1026555 | G9: 0.9268096 | H9: -0.1432841 | I9: 2.9437875 | J9: 0.61165352 | K9: -1.0179792 | L9: 5.6600984 | M9: 2.2814146 | N9: 1.9927537 | O9: 6.1288182 | P9: 8.6503137 | Q9: -1.3987649
A10: 36647 | B10: 3.6649952 | C10: 4.9578152 | D10: 5.3226888 | E10: 2.8336053 | F10: 2.7041865 | G10: 3.9931167 | H10: 1.1465768 | I10: 1.3617909 | J10: 2.0680816 | K10: 2.3405213 | L10: 6.1226182 | M10: 1.9934424 | N10: 1.1343373 | O10: 4.2170052 | P10: 8.0868095 | Q10: -1.3238698
A11: 36678 | B11: 3.7865925 | C11: 5.2160643 | D11: 5.4109969 | E11: 2.8688961 | F11: 3.3178042 | G11: 5.2089302 | H11: 1.6590892 | I11: 1.2454369 | J11: 5.8027506 | K11: 9.1164949 | L11: 8.6326177 | M11: 2.5708743 | N11: 0.90605202 | O11: 3.3490072 | P11: 7.9206756 | Q11: -1.0206925
A12: 36708 | B12: 3.7869284 | C12: 5.1832116 | D12: 5.502807 | E12: 2.9041583 | F12: 0.0088691271 | G12: -0.62983862 | H12: 1.6967309 | I12: 1.2291194 | J12: 6.8645183 | K12: 10.364763 | L12: 8.645945 | M12: 4.0823781 | N12: 1.0156837 | O12: 2.8645625 | P12: 7.5798935 | Q12: -0.37668378
A13: 36739 | B13: 3.8819595 | C13: 5.4357048 | D13: 5.6401009 | E13: 2.9079834 | F13: 2.509452 | G13: 4.8713661 | H13: 2.4949791 | I13: 0.13171165 | J13: 11.575559 | K13: 16.093073 | L13: 10.528501 | M13: 7.4799682 | N13: 1.6339182 | O13: 3.1109469 | P13: 7.5364181 | Q13: 0.57230485
A14: 36770 | B14: 3.8949195 | C14: 5.5734362 | D14: 5.5852644 | E14: 2.8546079 | F14: 0.33385255 | G14: 2.5338283 | H14: -0.97226004 | I14: -1.8354791 | J14: 15.380639 | K14: 22.810977 | L14: 12.378286 | M14: 8.0736382 | N14: 2.7090834 | O14: 4.2012604 | P14: 7.969793 | Q14: 1.5818316
A15: 36800 | B15: 3.9385918 | C15: 5.6378351 | D15: 5.5942031 | E15: 2.8790339 | F15: 1.1212635 | G15: 1.1554617 | H15: 0.16004093 | I15: 0.85566761 | J15: 16.757756 | K15: 23.074227 | L15: 11.342715 | M15: 10.176508 | N15: 3.9555681 | O15: 5.3603549 | P15: 8.2482037 | Q15: 2.8230037
A16: 36831 | B16: 3.9737907 | C16: 5.6917885 | D16: 5.6841562 | E16: 2.8955897 | F16: 0.89369223 | G16: 0.95698718 | H16: 1.6079684 | I16: 0.57504562 | J16: 16.696891 | K16: 23.951679 | L16: 11.134582 | M16: 9.4117792 | N16: 5.2909339 | O16: 7.3126811 | P16: 8.4241102 | Q16: 3.5376686
A17: 36861 | B17: 4.0314862 | C17: 5.6911662 | D17: 5.7225191 | E17: 2.9801434 | F17: 1.4519011 | G17: -0.010932412 | H17: 0.67491051 | I17: 2.9200865 | J17: 17.862969 | K17: 24.030133 | L17: 13.497459 | M17: 11.450452 | N17: 6.8017926 | O17: 9.068209 | P17: 9.0665225 | Q17: 4.710161
... A305: 45650 | B305: 100 | C305: 100 | D305: 100 | E305: 100 | F305: -12.983586 | G305: -10.798901 | H305: -10.687632 | I305: -14.261957 | J305: 16.485474 | K305: 13.00088 | L305: 13.36611 | M305: 19.401006 | N305: 33.60915 | O305: 26.767872 | P305: 27.270856 | Q305: 39.927898
A307: Source: National Bureau of Statistics

Sheet C2.4
A1: Return to Menu
A2: Table C.2.4: Rural Consumer Price Indices and Inflation Rates
A3: Month-Year | B3: Consumer Price Indices (December 2024 = 100) | F3: Month-on-Month Inflation (%) | J3: Year-on-Year Inflation (%) | N3: 12 Month Moving Average Inflation (%)
B4: All Items | C4: All Items Less Farm Produce | D4: All Items Less Farm Produce & Energy | E4: Food | F4: All Items | G4: All Items Less Farm Produce | H4: All Items Less Farm Produce & Energy | I4: Food | J4: All Items | K4: All Items Less Farm Produce | L4: All Items Less Farm Produce & Energy | M4: Food | N4: All Items | O4: All Items Less Farm Produce | P4: All Items Less Farm Produce & Energy | Q4: Food
A5: Weight | B5: 29.3769 | C5: 20.10814 | D5: 18.67631 | E5: 9.329656
A6: 36526 | B6: 4.3104493 | C6: 5.8258156 | D6: 7.2679105 | E6: 3.417726 | F6: -1.1800411 | G6: -0.9657299 | H6: -0.38253445 | I6: -1.3434997 | J6: -1.986487 | K6: -1.4885515 | L6: 4.7790793 | M6: -2.0695922 | N6: 5.0282269 | O6: 12.362904 | P6: 4.1548343 | Q6: 0.75563853
A7: 36557 | B7: 4.3687228 | C7: 5.8608029 | D7: 7.2807659 | E7: 3.4760597 | F7: 1.3519118 | G7: 0.60055525 | H7: 0.17687796 | I7: 1.7067981 | J7: -1.3574001 | K7: -0.7201137 | L7: 5.3887133 | M7: -1.435346 | N7: 3.8145634 | O7: 10.088696 | P7: 4.41563 | Q7: 0.21697666
A8: 36586 | B8: 4.4191396 | C8: 5.9745025 | D8: 7.3846253 | E8: 3.500757 | F8: 1.1540418 | G8: 1.9400006 | H8: 1.4264909 | I8: 0.71049622 | J8: -1.4239627 | K8: 1.3651419 | L8: 6.6495985 | M8: -2.741436 | N8: 2.6463924 | O8: 8.224375 | P8: 4.7095516 | Q8: -0.45396228
A9: 36617 | B9: 4.5062978 | C9: 6.1014849 | D9: 7.4320011 | E9: 3.5586139 | F9: 1.9722877 | G9: 2.1254056 | H9: 0.64154535 | I9: 1.6526973 | J9: -0.18132511 | K9: 2.8075578 | L9: 7.675703 | M9: -1.6243533 | N9: 1.7540957 | O9: 6.5321992 | P9: 5.1269127 | Q9: -0.80040321
A10: 36647 | B10: 4.6525295 | C10: 6.3474223 | D10: 7.5164096 | E10: 3.6476468 | F10: 3.2450532 | G10: 4.0307802 | H10: 1.1357448 | I10: 2.5018994 | J10: 2.193143 | K10: 6.7790302 | L10: 6.724068 | M10: -0.67857655 | N10: 1.0715251 | O10: 5.3808472 | P10: 5.3775484 | Q10: -1.1691009
A11: 36678 | B11: 4.8627066 | C11: 6.858807 | D11: 7.5781658 | E11: 3.7147669 | F11: 4.5174797 | G11: 8.0565723 | H11: 0.82161797 | I11: 1.8400933 | J11: 5.8841049 | K11: 15.122209 | L11: 6.0133878 | M11: -0.46800862 | N11: 0.92412291 | O11: 5.3752816 | P11: 5.4953445 | Q11: -1.4860715
A12: 36708 | B12: 4.8347306 | C12: 6.7985014 | D12: 7.5941459 | E12: 3.7046794 | F12: -0.57531765 | G12: -0.87924317 | H12: 0.21087056 | I12: -0.27155152 | J12: 6.6286649 | K12: 15.065958 | L12: 6.818229 | M12: 1.3203636 | N12: 1.1898457 | O12: 5.4369459 | P12: 5.5661282 | Q12: -1.1643973
A13: 36739 | B13: 4.9441864 | C13: 7.0799572 | D13: 7.6635556 | E13: 3.7357164 | F13: 2.2639484 | G13: 4.1399683 | H13: 0.91398972 | I13: 0.83777821 | J13: 13.409485 | K13: 21.65839 | L13: 8.3966379 | M13: 7.3978796 | N13: 2.2863278 | O13: 6.2582511 | P13: 5.95921 | Q13: -0.025577529
A14: 36770 | B14: 5.0235075 | C14: 7.4658506 | D14: 7.7265418 | E14: 3.6944045 | F14: 1.6043311 | G14: 5.4505041 | H14: 0.82189267 | I14: -1.1058625 | J14: 15.539469 | K14: 30.866748 | L14: 8.5294537 | M14: 4.8623426 | N14: 3.3714433 | O14: 8.1103857 | P14: 6.278744 | Q14: 0.40285233
A15: 36800 | B15: 5.0489924 | C15: 7.5791748 | D15: 7.801713 | E15: 3.6922529 | F15: 0.50731193 | G15: 1.5179003 | H15: 0.97289557 | I15: -0.058239586 | J15: 17.148087 | K15: 33.139782 | L15: 9.2401892 | M15: 6.2710618 | N15: 4.6345878 | O15: 10.289688 | P15: 6.6700872 | Q15: 0.97377304
A16: 36831 | B16: 4.9570608 | C16: 7.276625 | D16: 7.7903986 | E16: 3.6863349 | F16: -1.8207911 | G16: -3.9918566 | H16: -0.14502432 | I16: -0.16028252 | J16: 15.107759 | K16: 27.247105 | L16: 8.5987318 | M16: 6.7054864 | N16: 5.865542 | O16: 12.598316 | P16: 6.9780629 | Q16: 1.4236905
A17: 36861 | B17: 4.9662245 | C17: 7.200253 | D17: 7.9695488 | E17: 3.7171514 | F17: 0.18486198 | G17: -1.0495527 | H17: 2.299628 | I17: 0.83596605 | J17: 13.854049 | K17: 22.39862 | L17: 9.234456 | M17: 7.2997504 | N17: 6.9663433 | O17: 14.363947 | P17: 7.3532418 | Q17: 2.0067132
... A305: 45650 | B305: 100 | C305: 100 | D305: 100 | E305: 100 | F305: -11.590718 | G305: -10.190153 | H305: -10.506001 | I305: -12.579652 | J305: 14.454216 | K305: 12.001586 | L305: 12.754655 | M305: 16.583559 | N305: 29.457196 | O305: 23.179324 | P305: 24.188715 | Q305: 34.362779
A307: Source: National Bureau of Statistics

Sheet C 3.1
A1: Return to Menu
A2: Table C.3.1: ACGSF Operations - Value of Loans Guaranteed (₦' Thousand)
A3: Year | B3: Cash Crops | I3: Fishery | J3: Mixed Farming | K3: Others | L3: Livestocks | Q3: Food Crops | V3: Grand Total1
B4: Oil Palm | C4: Rubber | D4: Cocoa | E4: Cotton | F4: Groundnut/ Ginger | G4: Ginger | H4: Total
H5: Cash | L5: Poultry | M5: Cattle | N5: Sheep | O5: Other Livestocks | P5: Total Livestocks | Q5: Grains | R5: Roots & Tubers | S5: Beans & Soya Beans | T5: Vegetables | U5: Total Food Crops
H6: Crop
A7: 1981 | B7: 39 | C7: 63.7 | D7: 20.3 | E7: 428.8 | F7: 480.9 | H7: 1032.7 | I7: 0 | J7: 1128.4 | K7: 889.1 | L7: 20802.9 | M7: 3297.4 | N7: 0 | O7: 1047.2 | P7: 25147.5 | Q7: 6085.9 | R7: 1358.8 | S7: 0 | T7: 0 | U7: 7444.7 | V7: 35642.4
A8: 1982 | B8: 496.5 | C8: 0 | D8: 7 | E8: 65 | F8: 12 | H8: 580.5 | I8: 39.6 | J8: 77.7 | K8: 3523.8 | L8: 20345.1 | M8: 446.8 | N8: 0 | O8: 1044 | P8: 21835.9 | Q8: 4920.5 | R8: 785.9 | S8: 0 | T8: 0 | U8: 5706.4 | V8: 31763.9
A9: 1983 | B9: 76.2 | C9: 0 | D9: 92.6 | E9: 109.6 | F9: 55.6 | H9: 334 | I9: 1575 | J9: 1998.6 | K9: 2407.6 | L9: 20167.4 | M9: 587.7 | N9: 0 | O9: 1034.6 | P9: 21789.7 | Q9: 5858.1 | R9: 2344.5 | S9: 0 | T9: 0 | U9: 8202.6 | V9: 36307.5
A10: 1984 | B10: 70 | C10: 18 | D10: 83.1 | E10: 21 | F10: 87.9 | H10: 280 | I10: 826 | J10: 1405.9 | K10: 6720.1 | L10: 10702.1 | M10: 919.6 | N10: 0 | O10: 194.8 | P10: 11816.5 | Q10: 3378.9 | R10: 227.5 | S10: 0 | T10: 0 | U10: 3606.4 | V10: 24654.9
A11: 1985 | B11: 1154.3 | C11: 775 | D11: 38.2 | E11: 41.9 | F11: 71.8 | H11: 2081.2 | I11: 718.1 | J11: 3251.4 | K11: 11536.4 | L11: 11365.1 | M11: 1516.7 | N11: 0 | O11: 1276.7 | P11: 14158.5 | Q11: 10317.8 | R11: 2180.2 | S11: 0 | T11: 0 | U11: 12498 | V11: 44243.6
A12: 1986 | B12: 252 | C12: 1000 | D12: 29.5 | E12: 225.6 | F12: 605.2 | H12: 2112.3 | I12: 1644.7 | J12: 3902.2 | K12: 1548.5 | L12: 20535.8 | M12: 3102.9 | N12: 0 | O12: 2165.7 | P12: 25804.4 | Q12: 31051.7 | R12: 2353.6 | S12: 0 | T12: 0 | U12: 33405.3 | V12: 68417.4
A13: 1987 | B13: 2724.5 | C13: 64 | D13: 1206.6 | E13: 1597.1 | F13: 1569.8 | H13: 7162 | I13: 4526.3 | J13: 2102 | K13: 2067.7 | L13: 21078.7 | M13: 4368.1 | N13: 0 | O13: 3941.1 | P13: 29387.9 | Q13: 43412.5 | R13: 13494.1 | S13: 0 | T13: 0 | U13: 56906.6 | V13: 102152.5
A14: 1988 | B14: 701 | C14: 8.1 | D14: 1282.7 | E14: 6871 | F14: 3287.4 | H14: 12150.2 | I14: 4536.8 | J14: 3199.1 | K14: 2294.6 | L14: 10848.5 | M14: 3622.5 | N14: 446 | O14: 3563.4 | P14: 18480.4 | Q14: 62252.5 | R14: 15697.4 | S14: 0 | T14: 0 | U14: 77949.9 | V14: 118611
A15: 1989 | B15: 1062 | C15: 30 | D15: 2676.5 | E15: 5279.8 | F15: 1724.5 | H15: 10772.8 | I15: 4538.7 | J15: 227.7 | K15: 5873.4 | L15: 4675.7 | M15: 2230.8 | N15: 239.9 | O15: 728.2 | P15: 7874.6 | Q15: 69005.6 | R15: 31007.5 | S15: 0 | T15: 0 | U15: 100013.1 | V15: 129300.3
A16: 1990 | B16: 175 | C16: 0 | D16: 575.3 | E16: 1453 | F16: 1882.3 | H16: 4085.6 | I16: 3900.7 | J16: 1000 | K16: 4671.3 | L16: 3127.1 | M16: 1334.4 | N16: 193.8 | O16: 312 | P16: 4967.3 | Q16: 58071.4 | R16: 21798.2 | S16: 0 | T16: 0 | U16: 79869.6 | V16: 98494.5
A17: 1991 | B17: 116 | C17: 3.7 | D17: 578.5 | E17: 2736 | F17: 1273.8 | H17: 4708 | I17: 1698.2 | J17: 54 | K17: 3255.5 | L17: 1559.7 | M17: 2532.5 | N17: 79 | O17: 275.7 | P17: 4446.9 | Q17: 50531.9 | R17: 14412.9 | S17: 0 | T17: 0 | U17: 64944.8 | V17: 79107.4
A18: 1992 | B18: 243 | C18: 45 | D18: 902 | E18: 2500.7 | F18: 1293.8 | H18: 4984.5 | I18: 1038.7 | J18: 400 | K18: 3213.1 | L18: 4022.7 | M18: 801.5 | N18: 806.4 | O18: 425.5 | P18: 6056.1 | Q18: 64380.5 | R18: 11880.2 | S18: 0 | T18: 0 | U18: 76260.7 | V18: 91953.1
... A47: 2021 | B47: 178065 | C47: 500 | D47: 281640 | E47: 12479 | F47: 43155 | H47: 515839 | I47: 547621.8 | J47: 956081.07 | K47: 195470 | L47: 592480 | M47: 26951 | N47: 15330 | O47: 146930 | P47: 781691 | Q47: 1099246.6 | R47: 1536296.2 | S47: 65718.63 | T47: 88765.6 | U47: 2790027 | V47: 5786729.9
A48: Q1 | B48: 30190 | C48: 0 | D48: 55705 | E48: 12479 | F48: 11505 | H48: 109879 | I48: 75705 | J48: 4750.97 | K48: 23938 | L48: 130700 | M48: 1750 | N48: 200 | O48: 46400 | P48: 179050 | Q48: 146636.89 | R48: 378255 | S48: 1780 | T48: 29340 | U48: 556011.89 | V48: 949334.86
A49: Q2 | B49: 41500 | C49: 0 | D49: 59440 | E49: 0 | F49: 4710 | H49: 105650 | I49: 110090 | J49: 52390.42 | K49: 43897 | L49: 169820 | M49: 5051 | N49: 4500 | O49: 50280 | P49: 229651 | Q49: 289932.2 | R49: 361914.2 | S49: 10300 | T49: 12210.6 | U49: 674357 | V49: 1216035.4
A50: Q3 | B50: 48710 | C50: 100 | D50: 73040 | E50: 0 | F50: 26190 | H50: 148040 | I50: 197397.6 | J50: 803985.68 | K50: 74655 | L50: 139120 | M50: 18450 | N50: 8580 | O50: 27280 | P50: 193430 | Q50: 364906.79 | R50: 384369 | S50: 47311.63 | T50: 19900 | U50: 816487.42 | V50: 2233995.7
A51: Q4 | B51: 57665 | C51: 400 | D51: 93455 | E51: 0 | F51: 750 | H51: 152270 | I51: 164429.2 | J51: 94954 | K51: 52980 | L51: 152840 | M51: 1700 | N51: 2050 | O51: 22970 | P51: 179560 | Q51: 297770.7 | R51: 411758 | S51: 6327 | T51: 27315 | U51: 743170.7 | V51: 1387363.9
A52: 2022 | B52: 253478 | C52: 11700 | D52: 380020 | E52: 5200 | F52: 107195 | H52: 757593 | I52: 919646 | J52: 1686529.7 | K52: 260445 | L52: 780482 | M52: 99950 | N52: 8870 | O52: 191629 | P52: 1080931 | Q52: 1739247.3 | R52: 1827902.8 | S52: 88250 | T52: 120690 | U52: 3776090.1 | V52: 8481234.8
A53: Q1 | B53: 46980 | C53: 3200 | D53: 66690 | E53: 2850 | F53: 39500 | H53: 159220 | I53: 134390 | J53: 139736 | K53: 22970 | L53: 157440 | M53: 9490 | N53: 1470 | O53: 48730 | P53: 217130 | Q53: 251680 | R53: 345496.8 | S53: 4890 | T53: 23530 | U53: 625596.8 | V53: 1299042.8
A54: Q2 | B54: 43180 | C54: 8200 | D54: 91990 | E54: 0 | F54: 38550 | H54: 181920 | I54: 190983 | J54: 176770.6 | K54: 94995 | L54: 171572 | M54: 48520 | N54: 2200 | O54: 58110 | P54: 280402 | Q54: 460936.39 | R54: 493780 | S54: 25000 | T54: 28820 | U54: 1008536.4 | V54: 1933607
A55: Q3 | B55: 65720 | C55: 0 | D55: 105170 | E55: 250 | F55: 21520 | H55: 192660 | I55: 323618 | J55: 1170209.1 | K55: 48120 | L55: 248240 | M55: 13140 | N55: 1000 | O55: 47579 | P55: 309959 | Q55: 797681.5 | R55: 516141.99 | S55: 28800 | T55: 23590 | U55: 1366213.5 | V55: 3410779.6
A56: Q4 | B56: 97598 | C56: 300 | D56: 116170 | E56: 2100 | F56: 7625 | H56: 223793 | I56: 270655 | J56: 199814 | K56: 94360 | L56: 203230 | M56: 28800 | N56: 4200 | O56: 37210 | P56: 273440 | Q56: 228949.4 | R56: 472484 | S56: 29560 | T56: 44750 | U56: 775743.4 | V56: 1837805.4
A57: 2023 | B57: 337309 | C57: 3570 | D57: 395815 | E57: 100 | F57: 93389 | H57: 830183 | I57: 734154 | J57: 1685963.7 | K57: 335898 | L57: 683168 | M57: 30460 | N57: 11930 | O57: 150307 | P57: 875865 | Q57: 1646450.7 | R57: 2063118.2 | S57: 76125 | T57: 149006 | U57: 3934699.9 | V57: 8396763.6
A58: Q1 | B58: 53580 | C58: 0 | D58: 62885 | E58: 0 | F58: 34259 | H58: 150724 | I58: 152470 | J58: 39300 | K58: 112140 | L58: 117080 | M58: 3100 | N58: 4000 | O58: 29390 | P58: 153570 | Q58: 256285 | R58: 425965 | S58: 3600 | T58: 35350 | U58: 721200 | V58: 1329404
A59: Q2 | B59: 65019 | C59: 2270 | D59: 81520 | E59: 100 | F59: 23900 | H59: 172809 | I59: 190883 | J59: 258140 | K59: 30365 | L59: 140830 | M59: 4450 | N59: 2530 | O59: 37120 | P59: 184930 | Q59: 362992 | R59: 447190 | S59: 900 | T59: 25820 | U59: 836902 | V59: 1674029
A60: Q3 | B60: 112250 | C60: 0 | D60: 80860 | E60: 0 | F60: 26630 | H60: 219740 | I60: 193600 | J60: 885014.3 | K60: 52114 | L60: 206908 | M60: 11670 | N60: 3900 | O60: 45479 | P60: 267957 | Q60: 864993.7 | R60: 621112.2 | S60: 5045 | T60: 30550 | U60: 1521700.9 | V60: 3140126.2
A61: Q4 | B61: 106460 | C61: 1300 | D61: 170550 | E61: 0 | F61: 8600 | H61: 286910 | I61: 197201 | J61: 503509.4 | K61: 141279 | L61: 218350 | M61: 11240 | N61: 1500 | O61: 38318 | P61: 269408 | Q61: 162180 | R61: 568851 | S61: 66580 | T61: 57286 | U61: 854897 | V61: 2253204.4
A62: 2024 | B62: =SUM(B63:B66) -> 403194 | C62: =SUM(C63:C66) -> 4300 | D62: =SUM(D63:D66) -> 619421 | E62: =SUM(E63:E66) -> 5100 | F62: =SUM(F63:F66) -> 48399.5 | G62: =SUM(G63:G66) -> 500 | H62: =SUM(H63:H66) -> 1080914.5 | I62: =I63+I64+I65+I66 -> 699115 | J62: =J63+J64+J65+J66 -> 1990192.1 | K62: =K63+K64+K65+K66 -> 326828 | L62: =L63+L64+L65+L66 -> 761023 | M62: =M63+M64+M65+M66 -> 37760 | N62: =N63+N64+N65+N66 -> 22800 | O62: =O63+O64+O65+O66 -> 183600 | P62: =P63+P64+P65+P66 -> 1005183 | ... V62: =V63+V64+V65+V66 -> 10444902
